Workbook
Name _TAB1: '1. Tábla'!$B$1:$AK$38
Name _TAB4: '4. Tábla'!$C$1:$AK$31
Name CodeRng1: '1. Tábla'!$BM$8:$BM$35
Name CodeRng1: '2A Tábla'!$BM$8:$BM$112
Name CodeRng1: '2B Tábla'!$BM$8:$BM$43
Name CodeRng1: '2C Tábla'!$BM$8:$BM$49
Name CodeRng1: '2D Tábla'!$BM$8:$BM$45
Name CodeRng1: '3A Tábla'!$BM$10:$BM$48
Name CodeRng1: '3B Tábla'!$BM$10:$BM$53
Name CodeRng1: '3C Tábla'!$BM$10:$BM$53
Name CodeRng1: '3D Tábla'!$BM$10:$BM$53
Name CodeRng1: '3E Tábla'!$BM$10:$BM$53
Name CodeRng1: '4. Tábla'!$BL$8:$BL$38
Name CountryArray: Fedőlap!$BA$1:$BC$39
Name CountryCode: readme!$B$2
Name COVER: Fedőlap!$A$1:$N$42
Name DataRng1: '1. Tábla'!$E$8:$AA$35
Name DataRng1: '2A Tábla'!$D$8:$Z$112
Name DataRng1: '2B Tábla'!$D$8:$Z$43
Name DataRng1: '2C Tábla'!$D$8:$Z$49
Name DataRng1: '2D Tábla'!$D$8:$Z$45
Name DataRng1: '3A Tábla'!$D$10:$Z$48
Name DataRng1: '3B Tábla'!$D$10:$Z$53
Name DataRng1: '3C Tábla'!$D$10:$Z$53
Name DataRng1: '3D Tábla'!$D$10:$Z$53
Name DataRng1: '3E Tábla'!$D$10:$Z$53
Name DataRng1: '4. Tábla'!$F$8:$AB$38
Name Domain: readme!$B$5
Name FileType: readme!$B$1
Name OK_to_loadQ: readme!$B$3
Name RefVintage: readme!$B$4
Name StatusTable: readme!$A$12:$B$21
Name TAB2A: '2A Tábla'!$A$1:$AL$117
Name TAB2B: '2B Tábla'!$B$1:$AL$48
Name TAB2C: '2C Tábla'!$B$1:$AL$54
Name TAB2D: '2D Tábla'!$B$1:$AL$50
Name TAB3A: '3B Tábla'!$B$2:$AM$62
Name TAB3B: '3C Tábla'!$B$2:$AM$62
Name TAB3C: '3D Tábla'!$B$1:$AM$62
Name TAB3D: '3E Tábla'!$B$1:$AM$63
Name TAB3E: '3A Tábla'!$B$2:$AM$57
Name TimeRng1: '1. Tábla'!$E$5:$AA$5
Name TimeRng1: '2A Tábla'!$D$5:$Z$5
Name TimeRng1: '2B Tábla'!$D$5:$Z$5
Name TimeRng1: '2C Tábla'!$D$5:$Z$5
Name TimeRng1: '2D Tábla'!$D$5:$Z$5
Name TimeRng1: '3A Tábla'!$D$7:$Z$7
Name TimeRng1: '3B Tábla'!$D$7:$Z$7
Name TimeRng1: '3C Tábla'!$D$7:$Z$7
Name TimeRng1: '3D Tábla'!$D$7:$Z$7
Name TimeRng1: '3E Tábla'!$D$7:$Z$7
Name TimeRng1: '4. Tábla'!$F$6:$AB$6

Sheet Fedőlap
N1: Oct.2016 | O1: COVERAGE summary: | BA1: ="Member State: "&BC1 -> Member State: XXXX | BB1: ZZ | BC1: XXXX
O2: T1 | P2: =IF(LEFT('1. Tábla'!E41,2)="OK","OK","not fully completed!") -> not fully completed! | Q2: T3A | R2: =IF(LEFT('3A Tábla'!D59,2)="OK","OK","not fully completed!") -> not fully completed! | BA2: ="Member State: "&BC2 -> Member State: Austria | BB2: AT | BC2: Austria
O3: T2A | P3: =IF(LEFT('2A Tábla'!D120,2)="OK","OK","not fully completed!") -> not fully completed! | Q3: T3B | R3: =IF(LEFT('3B Tábla'!D64,2)="OK","OK","not fully completed!") -> not fully completed! | BA3: ="Member State: "&BC3 -> Member State: Belgium | BB3: BE | BC3: Belgium
C4: Jelentés a kormányzati hiányról és adósságról | O4: T2B | P4: =IF(LEFT('2B Tábla'!D51,2)="OK","OK","not fully completed!") -> not fully completed! | Q4: T3C | R4: =IF(LEFT('3C Tábla'!D64,2)="OK","OK","not fully completed!") -> not fully completed! | BA4: ="Member State: "&BC4 -> Member State: Bulgaria | BB4: BG | BC4: Bulgaria
C5: a 479/2009/EK számú Tanácsi Rendelettel, a Bizottság azt módosító 220/2014/EU rendeletével, és | O5: T2C | P5: =IF(LEFT('2C Tábla'!D57,2)="OK","OK","not fully completed!") -> not fully completed! | Q5: T3D | R5: =IF(LEFT('3D Tábla'!D64,2)="OK","OK","not fully completed!") -> not fully completed! | BA5: ="Member State: "&BC5 -> Member State: Croatia | BB5: HR | BC5: Croatia
C6: a Tanács 1993. november 22-én kelt 3605/93/EK rendeletével összhangban | O6: T2D | P6: =IF(LEFT('2D Tábla'!D53,2)="OK","OK","not fully completed!") -> not fully completed! | Q6: T3E | R6: =IF(LEFT('3E Tábla'!D64,2)="OK","OK","not fully completed!") -> not fully completed! | BA6: ="Member State: "&BC6 -> Member State: Cyprus | BB6: CY | BC6: Cyprus
Q7: T4 | R7: =IF(LEFT('4. Tábla'!F44,2)="OK","OK","not fully completed!") -> not fully completed! | BA7: ="Member State: "&BC7 -> Member State: The Czech Republic | BB7: CZ | BC7: The Czech Republic
BA8: ="Member State: "&BC8 -> Member State: Denmark | BB8: DK | BC8: Denmark
BA9: ="Member State: "&BC9 -> Member State: Estonia | BB9: EE | BC9: Estonia
C10: a 479/2009/EK számú Tanácsi Rendelettel és a Bizottság azt módosító 220/2014/EU rendeletével összhangban lévő, módosított táblasorozat | BA10: ="Member State: "&BC10 -> Member State: Finland | BB10: FI | BC10: Finland
BA11: ="Member State: "&BC11 -> Member State: France | BB11: FR | BC11: France
E13: Visszamenőleges adatok 1995-2020 | BA13: ="Member State: "&BC13 -> Member State: Germany | BB13: DE | BC13: Germany
E14: Ország: Magyarország
E15: Dátum: 2025.10.10.
E16: Ezt az információt csak a fedőlapon kell megadni. | BA16: ="Member State: "&BC16 -> Member State: Ireland | BB16: IE | BC16: Ireland
BA17: ="Member State: "&BC17 -> Member State: Italy | BB17: IT | BC17: Italy
C18: 1. tábla: A kormányzati hiány/többlet, az adósság és a hozzájuk kapcsolódó adatok jelentése | BA18: ="Member State: "&BC18 -> Member State: Latvia | BB18: LV | BC18: Latvia
BA19: ="Member State: "&BC19 -> Member State: Lithuania | BB19: LT | BC19: Lithuania
C20: 2A - 2D táblák: Adatszolgáltatás a nemzeti definíció szerinti hivatalos költségvetési egyenleg és a kormányzati hiány/többlet (EDP B.9) közötti átmenet magyarázatára alszektoronként | BA20: ="Member State: "&BC20 -> Member State: Luxembourg | BB20: LU | BC20: Luxembourg
BA21: ="Member State: "&BC21 -> Member State: Malta | BB21: MT | BC21: Malta
BA22: ="Member State: "&BC22 -> Member State: The Netherlands | BB22: NL | BC22: The Netherlands
C23: 3A - 3E táblák: Adatszolgáltatás a kormányzati hiány/többlet és egyéb tényezők adósság-változásra gyakorolt hatásáról és az alszektorok adósságának konszolidációjáról (a központi kormányzat illetve a kormányzat más alszektorai között) | BA23: ="Member State: "&BC23 -> Member State: Poland | BB23: PL | BC23: Poland
BA24: ="Member State: "&BC24 -> Member State: Portugal | BB24: PT | BC24: Portugal
BA25: ="Member State: "&BC25 -> Member State: Romania | BB25: RO | BC25: Romania
C26: 4. tábla Egyéb adatszolgáltatás az 1993. november 22-én kelt Tanácsi Jegyzőkönyv közleményének megfelelően | BA26: ="Member State: "&BC26 -> Member State: The Slovak Republic | BB26: SK | BC26: The Slovak Republic
BA27: ="Member State: "&BC27 -> Member State: Slovenia | BB27: SI | BC27: Slovenia
BA28: ="Member State: "&BC28 -> Member State: Spain | BB28: ES | BC28: Spain
C29: Sárga és vörös cellák: kötelező adatszolgáltatás; zöld cellák: kész algoritmus; kék cellák: önkéntes adatszolgáltatás | BA29: ="Member State: "&BC29 -> Member State: Sweden | BB29: SE | BC29: Sweden
C30: Szürke cellák: olyan évek, amelyekre még nem vonatkozik a korábbi EDP-adatok jelentése - kérjük, ne töltse ki ezeket a cellákat!
C31: Nem releváns: M ; Nem elérhető: L | BA31: ="Member State: "&BC31 -> Member State: United Kingdom | BB31: UK | BC31: United Kingdom
C32: Minden „függőleges és vízszintes ellenőrzés” cellához „Ezres csoportosítás” formátum kerül alkalmazásra. Így a „0.00” (nulla) értékű cella „-”-ként jelenik meg. Továbbá 1000-es elválasztás alkalmazott. | BA32: ="Member State: "&BC32 -> Member State: Albania | BB32: AL | BC32: Albania
BA33: ="Member State: "&BC33 -> Member State: Iceland | BB33: IS | BC33: Iceland
BA34: ="Member State: "&BC34 -> Member State: The former Yugoslav Republic of Macedonia | BB34: MK | BC34: The former Yugoslav Republic of Macedonia
BA35: ="Member State: "&BC35 -> Member State: Montenegro | BB35: ME | BC35: Montenegro
BA36: ="Member State: "&BC36 -> Member State: Norway | BB36: NO | BC36: Norway
BA37: ="Member State: "&BC37 -> Member State: Serbia | BB37: RS | BC37: Serbia
BA38: ="Member State: "&BC38 -> Member State: Switzerland | BB38: CH | BC38: Switzerland
BA39: ="Member State: "&BC39 -> Member State: Turkey | BB39: TR | BC39: Turkey

Sheet readme
A1: Type | B1: histo | C1: << e.g. Histo, quest, notif (only used in the output csv filename)
A2: Country code | B2: =VLOOKUP(Fedőlap!#REF!,CountryArray,2,FALSE) -> #REF! | C2: << this must correspond to the country code in the filename! If ok, it is used for Fame codes. If not, loading does not proceed
A3: OK to load? | B3: =IF( COUNTIF(Fedőlap!$P$2:$R$7,"not fully completed*") > 0, "no", "yes") -> no | C3: << this can be any kind of check, if "yes", loading will proceed
A4: Vintage | B4: S.2016 | C4: << Named "RefVintage", these are used for Fame codes to be loaded, enough to change before each notification
A5: Domain | B5: EDP | C5: << domain name
A8: Note: | B8: "Vintage" is used internally in this workbook (for creating the formulas), the remaining parameters are used by the macro "FameLoader"
A11: This is used for qualitative information regarding availability / status of the data (if error, use -1):
A12: (1) | B12: 0
A13: estimated | B13: 1
A14: half-finalized | B14: 2
A15: final | B15: 3
A16: planned | B16: 4
A17: forecast | B17: 5
A18: cash | B18: 10
A19: accrual | B19: 11
A20: mixed | B20: 12
A21: other | B21: 13

Sheet 1. Tábla
C1: 1.tábla. A kormányzati hiány/többlet, adósság és a hozzájuk kapcsolódó adatok jelentése | AL1: =Fedőlap!$N$1 -> Oct.2016 | AM1: estimated | AN1: 4 | AO1: 5 | AP1: 6 | AQ1: 7 | AR1: =AQ1+1 -> 8 | AS1: =AR1+1 -> 9 | AT1: =AS1+1 -> 10 | AU1: =AT1+1 -> 11 | AV1: =AU1+1 -> 12 | AW1: =AV1+1 -> 13 | AX1: =AW1+1 -> 14 | AY1: =AX1+1 -> 15 | ... BC1: =BB1+1 -> 19
AM2: half-finalized
AM3: final
C4: Tagország: Magyarország | E4: Year
B5: SDMX series | C5: Adatok millió forintban | D5: ESA 2010- | E5: 1995 | F5: =E5+1 -> 1996 | G5: =F5+1 -> 1997 | H5: =G5+1 -> 1998 | I5: =H5+1 -> 1999 | J5: =I5+1 -> 2000 | K5: =J5+1 -> 2001 | L5: =K5+1 -> 2002 | M5: =L5+1 -> 2003 | ... V5: =U5+1 -> 2012 | W5: 2013 | X5: 2014 | Y5: 2015 | Z5: 2016 | AA5: 2017 | AB5: 2018 | AC5: 2019 | AD5: 2020
C6: =Fedőlap!E15 -> Dátum: 2025.10.10. | D6: kódok
E8: végleges | F8: végleges | G8: végleges | H8: végleges | I8: végleges | J8: végleges | K8: végleges | L8: végleges | M8: végleges | N8: végleges | O8: végleges | P8: végleges | Q8: végleges | R8: végleges | S8: végleges | T8: végleges | U8: végleges | V8: végleges | W8: végleges | X8: végleges | Y8: végleges | Z8: végleges | AA8: végleges | AB8: végleges | AC8: végleges | AD8: végleges | AE8: (1) | AF8: (1) | AG8: (1) | AH8: (1) | AI8: (1) | AJ8: (1)
C9: Nettó hitelfelvétel (–)/ nettó hitelnyújtás (+) | D9: B.9 | E9: =IFERROR(VLOOKUP(E8,StatusTable,2,FALSE), -1) -> -1 | F9: =IFERROR(VLOOKUP(F8,StatusTable,2,FALSE), -1) -> -1 | G9: =IFERROR(VLOOKUP(G8,StatusTable,2,FALSE), -1) -> -1 | H9: =IFERROR(VLOOKUP(H8,StatusTable,2,FALSE), -1) -> -1 | I9: =IFERROR(VLOOKUP(I8,StatusTable,2,FALSE), -1) -> -1 | J9: =IFERROR(VLOOKUP(J8,StatusTable,2,FALSE), -1) -> -1 | K9: =IFERROR(VLOOKUP(K8,StatusTable,2,FALSE), -1) -> -1 | L9: =IFERROR(VLOOKUP(L8,StatusTable,2,FALSE), -1) -> -1 | ... W9: =IFERROR(VLOOKUP(W8,StatusTable,2,FALSE), -1) -> -1 | Y9: =IFERROR(VLOOKUP(Y8,StatusTable,2,FALSE), -1) -> -1 | Z9: =IFERROR(VLOOKUP(Z8,StatusTable,2,FALSE), -1) -> -1 | AA9: =IFERROR(VLOOKUP(AA8,StatusTable,2,FALSE), -1) -> -1 | AB9: =IFERROR(VLOOKUP(AB8,StatusTable,2,FALSE), -1) -> -1 | BM9: =CountryCode & ".T1.B9_STATUS.S13.MNAC." & RefVintage -> #VALUE!
A10: T1.B9.S13 | B10: A.N.@@._Z.S13._Z._Z.B.B9._Z._Z._Z.XDC._T.S.V.N._T.EDP1 | C10: Kormányzati szektor | D10: S.13 | E10: =+E11+E13+E14 -> -501876.34 | F10: =+F11+F13+F14 -> -311702 | G10: =+G11+G13+G14 -> -490380.84 | H10: =+H11+H13+H14 -> -775309.61 | I10: =+I11+I13+I14 -> -614070 | J10: =+J11+J13+J14 -> -405236 | K10: =+K11+K13+K14 -> -615856 | L10: =+L11+L13+L14 -> -1533781 | ... AC10: =+AC11+AC13+AC14 -> -970454.92 | AD10: -3654169.2 | BM10: =CountryCode & ".T1.B9.S13.MNAC." & RefVintage -> #VALUE!
A11: T1.B9.S1311 | B11: A.N.@@._Z.S1311._Z._Z.B.B9._Z._Z._Z.XDC._T.S.V.N._T.EDP1 | C11: - Központi kormányzat | D11: S.1311 | E11: =+'2A Tábla'!D112 -> -509787.34 | F11: =+'2A Tábla'!E112 -> -380270 | G11: =+'2A Tábla'!F112 -> -497292.84 | H11: =+'2A Tábla'!G112 -> -708854.61 | I11: =+'2A Tábla'!H112 -> -595541 | J11: =+'2A Tábla'!I112 -> -354854 | K11: =+'2A Tábla'!J112 -> -703875 | L11: =+'2A Tábla'!K112 -> -1332869 | ... AC11: =+'2A Tábla'!AB112 -> -790839.66 | AD11: -3249169.4 | BM11: =CountryCode & ".T1.B9.S1311.MNAC." & RefVintage -> #VALUE!
A12: T1.B9.S1312 | B12: A.N.@@._Z.S1312._Z._Z.B.B9._Z._Z._Z.XDC._T.S.V.N._T.EDP1 | C12: - Állami/tartományi kormányzat (szövetségi államokban) | D12: S.1312 | E12: M | F12: M | G12: M | H12: M | I12: M | J12: M | K12: M | L12: M | M12: M | N12: M | O12: M | P12: M | Q12: M | R12: M | S12: M | T12: M | U12: M | V12: M | W12: M | X12: M | Y12: M | Z12: M | AA12: M | AB12: M | AC12: M | AD12: M | BM12: =CountryCode & ".T1.B9.S1312.MNAC." & RefVintage -> #VALUE!
A13: T1.B9.S1313 | B13: A.N.@@._Z.S1313._Z._Z.B.B9._Z._Z._Z.XDC._T.S.V.N._T.EDP1 | C13: - Helyi önkormányzat | D13: S.1313 | E13: =+'2C Tábla'!D49 -> 7797 | F13: =+'2C Tábla'!E49 -> 26976 | G13: =+'2C Tábla'!F49 -> -1808 | H13: =+'2C Tábla'!G49 -> -31033 | I13: =+'2C Tábla'!H49 -> 252 | J13: =+'2C Tábla'!I49 -> -35845 | K13: =+'2C Tábla'!J49 -> 17530 | L13: =+'2C Tábla'!K49 -> -149560 | ... AC13: =+'2C Tábla'!AB49 -> -42989.258 | AD13: 51203.03 | BM13: =CountryCode & ".T1.B9.S1313.MNAC." & RefVintage -> #VALUE!
A14: T1.B9.S1314 | B14: A.N.@@._Z.S1314._Z._Z.B.B9._Z._Z._Z.XDC._T.S.V.N._T.EDP1 | C14: - Társadalombiztosítási alapok | D14: S.1314 | E14: =+'2D Tábla'!D45 -> 114 | F14: =+'2D Tábla'!E45 -> 41592 | G14: =+'2D Tábla'!F45 -> 8720 | H14: =+'2D Tábla'!G45 -> -35422 | I14: =+'2D Tábla'!H45 -> -18781 | J14: =+'2D Tábla'!I45 -> -14537.003 | K14: =+'2D Tábla'!J45 -> 70489 | L14: =+'2D Tábla'!K45 -> -51352 | ... AC14: =+'2D Tábla'!AB45 -> -136626 | AD14: -456202.86 | BM14: =CountryCode & ".T1.B9.S1314.MNAC." & RefVintage -> #VALUE!
E16: végleges | F16: végleges | G16: végleges | H16: végleges | I16: végleges | J16: végleges | K16: végleges | L16: végleges | M16: végleges | N16: végleges | O16: végleges | P16: végleges | Q16: végleges | R16: végleges | S16: végleges | T16: végleges | U16: végleges | V16: végleges | W16: végleges | X16: végleges | Y16: végleges | Z16: végleges | AA16: végleges | AB16: végleges | AC16: végleges | AD16: végleges | AE16: (1) | AF16: (1) | AG16: (1) | AH16: (1) | AI16: (1) | AJ16: (1)
C17: Kormányzati szektor konszolidált bruttó adóssága | E17: =IFERROR(VLOOKUP(E16,StatusTable,2,FALSE), -1) -> -1 | F17: =IFERROR(VLOOKUP(F16,StatusTable,2,FALSE), -1) -> -1 | G17: =IFERROR(VLOOKUP(G16,StatusTable,2,FALSE), -1) -> -1 | H17: =IFERROR(VLOOKUP(H16,StatusTable,2,FALSE), -1) -> -1 | I17: =IFERROR(VLOOKUP(I16,StatusTable,2,FALSE), -1) -> -1 | J17: =IFERROR(VLOOKUP(J16,StatusTable,2,FALSE), -1) -> -1 | K17: =IFERROR(VLOOKUP(K16,StatusTable,2,FALSE), -1) -> -1 | L17: =IFERROR(VLOOKUP(L16,StatusTable,2,FALSE), -1) -> -1 | ... U17: =IFERROR(VLOOKUP(U16,StatusTable,2,FALSE), -1) -> -1 | BM17: =CountryCode & ".T1.DEBT_STATUS.S13.MNAC." & RefVintage -> #VALUE!
A18: T1.DEBT.S13 | B18: A.N.@@._Z.S13._Z.C.L.LE.GD.T._Z.XDC._T.F.V.N._T.EDP1 | C18: Állomány névértéken, év végén | E18: 4910985 | F18: 5087831 | G18: 5506525 | H18: 6319828 | I18: 7029460 | J18: 7422219 | K18: 8046338 | L18: 9689629 | M18: 11116431 | N18: 12422728 | O18: 13674097 | P18: 15684968 | Q18: 16873887 | R18: 19553724 | S18: 20694740 | T18: 21989864 | U18: 22927097 | V18: 22662231 | W18: 23431201 | X18: 25109361 | Y18: 26491901 | Z18: 27105326 | AA18: 28322513 | AB18: 29972179 | AC18: 31155776 | AD18: 38405172 | BM18: =CountryCode & ".T1.DEBT.S13.MNAC." & RefVintage -> #VALUE!
C19: Instrumentumonként:
A20: T1.AF2.S13 | B20: A.N.@@._Z.S13._Z.C.L.LE.F2.T._Z.XDC._T.F.V.N._T.EDP1 | C20: Készpénz és betétek | D20: AF.2 | E20: 460 | F20: 5900 | G20: 22600 | H20: 19611 | I20: 19462 | J20: 23064 | K20: 36286 | L20: 37331 | M20: 18938 | N20: 43495 | O20: 33082 | P20: 24663 | Q20: 36761 | R20: 43062 | S20: 16626 | T20: 23689 | U20: 23358 | V20: 34249 | W20: 68600 | X20: 66175 | Y20: 164762 | Z20: 180782 | AA20: 148085 | AB20: 176317 | AC20: 200826 | AD20: 350007 | BM20: =CountryCode & ".T1.AF2.S13.MNAC." & RefVintage -> #VALUE!
A21: T1.AF3.S13 | B21: A.N.@@._Z.S13._Z.C.L.LE.F3.T._Z.XDC._T.F.V.N._T.EDP1 | C21: Értékpapírok a részvények és a pénzügyi derivatívák kivételével | D21: AF.3 | E21: 1708346 | F21: 2499053 | G21: 2651536 | H21: 3306034 | I21: 4473679 | J21: 5107730 | K21: 6062645 | L21: 7460026 | M21: 9307565 | N21: 10799339 | O21: 12085981 | P21: 13663955 | Q21: 14955654 | R21: 15750305 | S21: 15032831 | T21: 15711907 | U21: 16232980 | V21: 17302248 | W21: 19070632 | X21: 21304344 | Y21: 22204069 | Z21: 23225407 | AA21: 24847204 | AB21: 26381435 | AC21: 27146642 | AD21: 33228016 | BM21: =CountryCode & ".T1.AF3.S13.MNAC." & RefVintage -> #VALUE!
A22: T1.AF31.S13 | B22: A.N.@@._Z.S13._Z.C.L.LE.F3.S._Z.XDC._T.F.V.N._T.EDP1 | C22: Rövid lejáratú | D22: AF.31 | E22: 465427 | F22: 750870 | G22: 920252 | H22: 1052638 | I22: 1251416 | J22: 1241678 | K22: 1494431 | L22: 1944942 | M22: 2046137 | N22: 2033012 | O22: 2043248 | P22: 2368653 | Q22: 2135417 | R22: 1951030 | S22: 2020031 | T22: 1861544 | U22: 1800734 | V22: 2597490 | W22: 3171946 | X22: 2975024 | Y22: 3019071 | Z22: 4039412 | AA22: 4683132 | AB22: 4934604 | AC22: 3101859 | AD22: 2011263 | BM22: =CountryCode & ".T1.AF31.S13.MNAC." & RefVintage -> #VALUE!
A23: T1.AF32.S13 | B23: A.N.@@._Z.S13._Z.C.L.LE.F3.L._Z.XDC._T.F.V.N._T.EDP1 | C23: Hosszú lejáratú | D23: AF.32 | E23: 1242919 | F23: 1748183 | G23: 1731284 | H23: 2253396 | I23: 3222263 | J23: 3866052 | K23: 4568214 | L23: 5515084 | M23: 7261428 | N23: 8766327 | O23: 10042733 | P23: 11295302 | Q23: 12820237 | R23: 13799275 | S23: 13012800 | T23: 13850363 | U23: 14432246 | V23: 14704758 | W23: 15898686 | X23: 18329320 | Y23: 19184998 | Z23: 19185995 | AA23: 20164072 | AB23: 21446831 | AC23: 24044783 | AD23: 31216753 | BM23: =CountryCode & ".T1.AF32.S13.MNAC." & RefVintage -> #VALUE!
A24: T1.AF4.S13 | B24: A.N.@@._Z.S13._Z.C.L.LE.F4.T._Z.XDC._T.F.V.N._T.EDP1 | C24: Hitelek | D24: AF.4 | E24: 3202179 | F24: 2582878 | G24: 2832389 | H24: 2994183 | I24: 2536319 | J24: 2291425 | K24: 1947407 | L24: 2192272 | M24: 1789928 | N24: 1579894 | O24: 1555034 | P24: 1996350 | Q24: 1881472 | R24: 3760357 | S24: 5645283 | T24: 6254268 | U24: 6670759 | V24: 5325734 | W24: 4291969 | X24: 3738842 | Y24: 4123070 | Z24: 3699137 | AA24: 3327224 | AB24: 3414427 | AC24: 3808308 | AD24: 4827149 | BM24: =CountryCode & ".T1.AF4.S13.MNAC." & RefVintage -> #VALUE!
A25: T1.AF41.S13 | B25: A.N.@@._Z.S13._Z.C.L.LE.F4.S._Z.XDC._T.F.V.N._T.EDP1 | C25: Rövid lejáratú | D25: AF.41 | E25: 36371 | F25: 22236 | G25: 48523 | H25: 46915 | I25: 52633 | J25: 69829 | K25: 75778 | L25: 146068 | M25: 117562 | N25: 137229 | O25: 110259 | P25: 144602 | Q25: 178692 | R25: 213604 | S25: 194455 | T25: 458364 | U25: 653595 | V25: 514994 | W25: 253868 | X25: 408899 | Y25: 838117 | Z25: 809353 | AA25: 365462 | AB25: 294133 | AC25: 305472 | AD25: 796231 | BM25: =CountryCode & ".T1.AF41.S13.MNAC." & RefVintage -> #VALUE!
A26: T1.AF42.S13 | B26: A.N.@@._Z.S13._Z.C.L.LE.F4.L._Z.XDC._T.F.V.N._T.EDP1 | C26: Hosszú lejáratú | D26: AF.42 | E26: 3165808 | F26: 2560642 | G26: 2783866 | H26: 2947268 | I26: 2483686 | J26: 2221596 | K26: 1871629 | L26: 2046204 | M26: 1672366 | N26: 1442665 | O26: 1444775 | P26: 1851748 | Q26: 1702780 | R26: 3546753 | S26: 5450828 | T26: 5795904 | U26: 6017164 | V26: 4810740 | W26: 4038101 | X26: 3329943 | Y26: 3284953 | Z26: 2889784 | AA26: 2961762 | AB26: 3120294 | AC26: 3502836 | AD26: 4030918 | BM26: =CountryCode & ".T1.AF42.S13.MNAC." & RefVintage -> #VALUE!
C30: Kormányzati szektor kiadásai
A31: T1.P51.S13 | B31: A.N.@@._Z.S13._Z._Z.D.P51G._Z.T._Z.XDC._T.S.V.N._T.EDP1 | C31: Bruttó állóeszközfelhalmozás | D31: P.51g | E31: =+'[1]Kormányzat szektor'!$C$133 -> 32771.341 | F31: =+'[2]Kormányzat szektor'!$C$133 -> 134351 | G31: =+'[3]Kormányzat szektor'!$C$133 -> 256669.84 | H31: =+'[4]Kormányzat szektor'!$C$133 -> 367320 | I31: =+'[5]Kormányzat szektor'!$C$133 -> 391414 | J31: =+'[6]Kormányzat szektor'!$C$134 -> 474622 | K31: =+[7]Kormányzatkonsz!$F$145 -> 603660 | L31: =+[8]Kormányzatkonsz!$F$145 -> 894534 | M31: =+[9]Kormányzatkonsz!$F$146 -> 721894 | N31: =+'[10]Kormányzat szektor'!$C$134 -> 800146 | O31: =+'[11]Kormányzat szektor'!$C$134 -> 938226 | P31: =+'[12]Kormányzat szektor'!$C$134 -> 1244256 | Q31: =+'[13]Kormányzat szektor'!$C$134 -> 1087857 | R31: =+'[14]Kormányzat szektor'!$C$134 -> 868936 | S31: =+'[15]Kormányzat szektor'!$C$134 -> 905164 | T31: =+'[16]Kormányzat szektor'!$C$134 -> 995609 | U31: =+'[17]Kormányzat szektor'!$C$134 -> 945642 | V31: =+'[18]Kormányzat szektor'!$C$134 -> 1071355 | W31: =+'[19]Kormányzat szektor'!$C$134 -> 1321490 | X31: =+'[20]Kormányzat szektor'!$C$134 -> 1747308 | Y31: =+'[21]Kormányzat szektor'!$C$134 -> 2279316.6 | Z31: =+'[22]Kormányzat szektor'!$C$134 -> 1143052.1 | AA31: =+'[23]Kormányzat szektor'!$C$134 -> 1780891 | AB31: =+'[24]Kormányzat szektor'!$C$134 -> 2515750.5 | AC31: =+'[25]Kormányzat szektor'!$C$134 -> 2982958.1 | AD31: 3129239.9 | BM31: =CountryCode & ".T1.P51.S13.MNAC." & RefVintage -> #VALUE!
A32: T1.ESAD41.S13 | B32: A.N.@@._Z.S13._Z.C.D.D41._Z._Z._Z.XDC._T.S.V.N._T.EDP1 | C32: Kamatok (konszolidált) | D32: D.41 (felhasználás) | E32: =+'[1]Kormányzat szektor'!$C$35 -> 510576 | F32: =+'[2]Kormányzat szektor'!$C$35 -> 644480 | G32: =+'[3]Kormányzat szektor'!$C$35 -> 745950 | H32: =+'[4]Kormányzat szektor'!$C$35 -> 737528 | I32: =+'[5]Kormányzat szektor'!$C$35 -> 779384 | J32: =+'[6]Kormányzat szektor'!$C$35 -> 704253 | K32: =+[7]Kormányzatkonsz!$F$34 -> 724255 | L32: =+[8]Kormányzatkonsz!$F$33 -> 697569 | M32: =+[9]Kormányzatkonsz!$F$34 -> 770625 | N32: =+'[10]Kormányzat szektor'!$C$35 -> 913812 | O32: =+'[11]Kormányzat szektor'!$C$35 -> 916575 | P32: =+'[12]Kormányzat szektor'!$C$35 -> 935718 | Q32: =+'[13]Kormányzat szektor'!$C$35 -> 1037437 | R32: =+'[14]Kormányzat szektor'!$C$35 -> 1105420 | S32: =+'[15]Kormányzat szektor'!$C$35 -> 1193945 | T32: =+'[16]Kormányzat szektor'!$C$35 -> 1124042 | U32: =+'[17]Kormányzat szektor'!$C$35 -> 1179821 | V32: =+'[18]Kormányzat szektor'!$C$35 -> 1319575 | W32: =+'[19]Kormányzat szektor'!$C$35 -> 1368755 | X32: =+'[20]Kormányzat szektor'!$C$35 -> 1300103.4 | Y32: =+'[21]Kormányzat szektor'!$C$35 -> 1202901.8 | Z32: =+'[22]Kormányzat szektor'!$C$35 -> 1118058.7 | AA32: =+'[23]Kormányzat szektor'!$C$35 -> 1039647.6 | AB32: =+'[24]Kormányzat szektor'!$C$35 -> 1011197.9 | AC32: =+'[25]Kormányzat szektor'!$C$35 -> 1060835 | AD32: 1127289.9 | BM32: =CountryCode & ".T1.ESAD41.S13.MNAC." & RefVintage -> #VALUE!
A35: T1.GDP.S1 | B35: A.N.@@._Z.S1._Z._Z.B.B1GQ._Z.T._Z.XDC._T.S.V.N._T.EDP1 | C35: Bruttó hazai termék piaci beszerzési áron | D35: B.1*g | E35: 5855584 | F35: 7149020 | G35: 8853540 | H35: 10459461 | I35: 11658136 | J35: 13340291 | K35: 15413047 | L35: 17440963 | M35: 19108793 | N35: 21088678 | O35: 22572429 | P35: 24321949 | Q35: 25730258 | R35: 27233189 | S35: 26467800 | T35: 27427573 | U35: 28492068 | V35: 28919193 | W35: 30343344 | X35: 32826770 | Y35: 34984755 | Z35: 36311882 | AA35: 39335929 | AB35: 43553984 | AC35: 47940496 | AD35: 48807766 | BM35: =CountryCode & ".T1.GDP.S1.MNAC." & RefVintage -> #VALUE!
C37: (1) Kérjük, jelezze, hogy az adatok végleges vagy előzetes számok!
C41: COVERAGE | E41: =IF(COUNTA(E10:AA14,E18:AA18,E20:AA26,E31:AA32,E35:AA35)/272*100=100,"OK - Table 1 is fully completed","WARNING - Table 1 is not fully completed, please fill in figure, L, M or 0") -> WARNING - Table 1 is not fully completed, please fill in figure, L, M or 0 | AD41: OK | AE41: OK | AF41: OK | AG41: OK | AH41: OK | AI41: OK | AJ41: OK
C42: VERTICAL CHECKS | AD42: 2020 | AE42: 2021 | AF42: 2022 | AG42: 2023 | AH42: 2024 | AI42: 2025 | AJ42: 2026
C43: T1.B9.S13=T1.B9.S1311+T1.B9.S1312+T1.B9.S1313+T1.B9.S1314 | E43: =IF(E10="M",0,E10)-IF(E11="M",0,E11)-IF(E12="M",0,E12)-IF(E13="M",0,E13)-IF(E14="M",0,E14) -> 0 | F43: =IF(F10="M",0,F10)-IF(F11="M",0,F11)-IF(F12="M",0,F12)-IF(F13="M",0,F13)-IF(F14="M",0,F14) -> 0 | G43: =IF(G10="M",0,G10)-IF(G11="M",0,G11)-IF(G12="M",0,G12)-IF(G13="M",0,G13)-IF(G14="M",0,G14) -> 0 | H43: =IF(H10="M",0,H10)-IF(H11="M",0,H11)-IF(H12="M",0,H12)-IF(H13="M",0,H13)-IF(H14="M",0,H14) -> 0 | I43: =IF(I10="M",0,I10)-IF(I11="M",0,I11)-IF(I12="M",0,I12)-IF(I13="M",0,I13)-IF(I14="M",0,I14) -> 0 | J43: =IF(J10="M",0,J10)-IF(J11="M",0,J11)-IF(J12="M",0,J12)-IF(J13="M",0,J13)-IF(J14="M",0,J14) -> 1.4551915e-11 | K43: =IF(K10="M",0,K10)-IF(K11="M",0,K11)-IF(K12="M",0,K12)-IF(K13="M",0,K13)-IF(K14="M",0,K14) -> 0 | L43: =IF(L10="M",0,L10)-IF(L11="M",0,L11)-IF(L12="M",0,L12)-IF(L13="M",0,L13)-IF(L14="M",0,L14) -> 0 | ... AA43: =IF(AA10="M",0,AA10)-IF(AA11="M",0,AA11)-IF(AA12="M",0,AA12)-IF(AA13="M",0,AA13)-IF(AA14="M",0,AA14) -> 0 | AC43: =IF(AC10="M",0,AC10)-IF(AC11="M",0,AC11)-IF(AC12="M",0,AC12)-IF(AC13="M",0,AC13)-IF(AC14="M",0,AC14) -> 0 | AD43: 0 | AE43: 0 | AF43: 0 | AG43: 0 | AH43: 0 | AI43: 0 | AJ43: 0
C44: T1.DEBT.S13=T1.AF2.S13+T1.AF3.S13+T1.AF4.S13 | E44: =IF(E18="M",0,E18)-IF(E20="M",0,E20)-IF(E21="M",0,E21)-IF(E24="M",0,E24) -> 0 | F44: =IF(F18="M",0,F18)-IF(F20="M",0,F20)-IF(F21="M",0,F21)-IF(F24="M",0,F24) -> 0 | G44: =IF(G18="M",0,G18)-IF(G20="M",0,G20)-IF(G21="M",0,G21)-IF(G24="M",0,G24) -> 0 | H44: =IF(H18="M",0,H18)-IF(H20="M",0,H20)-IF(H21="M",0,H21)-IF(H24="M",0,H24) -> 0 | I44: =IF(I18="M",0,I18)-IF(I20="M",0,I20)-IF(I21="M",0,I21)-IF(I24="M",0,I24) -> 0 | J44: =IF(J18="M",0,J18)-IF(J20="M",0,J20)-IF(J21="M",0,J21)-IF(J24="M",0,J24) -> 0 | K44: =IF(K18="M",0,K18)-IF(K20="M",0,K20)-IF(K21="M",0,K21)-IF(K24="M",0,K24) -> 0 | L44: =IF(L18="M",0,L18)-IF(L20="M",0,L20)-IF(L21="M",0,L21)-IF(L24="M",0,L24) -> 0 | ... AA44: =IF(AA18="M",0,AA18)-IF(AA20="M",0,AA20)-IF(AA21="M",0,AA21)-IF(AA24="M",0,AA24) -> 0 | AC44: =IF(AC18="M",0,AC18)-IF(AC20="M",0,AC20)-IF(AC21="M",0,AC21)-IF(AC24="M",0,AC24) -> 0 | AD44: 0 | AE44: 0 | AF44: 0 | AG44: 0 | AH44: 0 | AI44: 0 | AJ44: 0
C45: T1.AF3.S13=T1.AF31.S13+T1.AF32.S13 | E45: =IF(E21="M",0,E21)-IF(E22="M",0,E22)-IF(E23="M",0,E23) -> 0 | F45: =IF(F21="M",0,F21)-IF(F22="M",0,F22)-IF(F23="M",0,F23) -> 0 | G45: =IF(G21="M",0,G21)-IF(G22="M",0,G22)-IF(G23="M",0,G23) -> 0 | H45: =IF(H21="M",0,H21)-IF(H22="M",0,H22)-IF(H23="M",0,H23) -> 0 | I45: =IF(I21="M",0,I21)-IF(I22="M",0,I22)-IF(I23="M",0,I23) -> 0 | J45: =IF(J21="M",0,J21)-IF(J22="M",0,J22)-IF(J23="M",0,J23) -> 0 | K45: =IF(K21="M",0,K21)-IF(K22="M",0,K22)-IF(K23="M",0,K23) -> 0 | L45: =IF(L21="M",0,L21)-IF(L22="M",0,L22)-IF(L23="M",0,L23) -> 0 | ... AA45: =IF(AA21="M",0,AA21)-IF(AA22="M",0,AA22)-IF(AA23="M",0,AA23) -> 0 | AC45: =IF(AC21="M",0,AC21)-IF(AC22="M",0,AC22)-IF(AC23="M",0,AC23) -> 0 | AD45: 0 | AE45: 0 | AF45: 0 | AG45: 0 | AH45: 0 | AI45: 0 | AJ45: 0
C46: T1.AF4.S13=T1.AF41.S13+T1.AF42.S13 | E46: =IF(E24="M",0,E24)-IF(E25="M",0,E25)-IF(E26="M",0,E26) -> 0 | F46: =IF(F24="M",0,F24)-IF(F25="M",0,F25)-IF(F26="M",0,F26) -> 0 | G46: =IF(G24="M",0,G24)-IF(G25="M",0,G25)-IF(G26="M",0,G26) -> 0 | H46: =IF(H24="M",0,H24)-IF(H25="M",0,H25)-IF(H26="M",0,H26) -> 0 | I46: =IF(I24="M",0,I24)-IF(I25="M",0,I25)-IF(I26="M",0,I26) -> 0 | J46: =IF(J24="M",0,J24)-IF(J25="M",0,J25)-IF(J26="M",0,J26) -> 0 | K46: =IF(K24="M",0,K24)-IF(K25="M",0,K25)-IF(K26="M",0,K26) -> 0 | L46: =IF(L24="M",0,L24)-IF(L25="M",0,L25)-IF(L26="M",0,L26) -> 0 | ... AA46: =IF(AA24="M",0,AA24)-IF(AA25="M",0,AA25)-IF(AA26="M",0,AA26) -> 0 | AC46: =IF(AC24="M",0,AC24)-IF(AC25="M",0,AC25)-IF(AC26="M",0,AC26) -> 0 | AD46: 0 | AE46: 0 | AF46: 0 | AG46: 0 | AH46: 0 | AI46: 0 | AJ46: 0

Sheet 2A Tábla
C1: 2A tábla. A központi költségvetés hivatalos egyenlege és a központi kormányzat alszektor hiánya/többlete (EDP B.9) közötti levezetés | AM1: cash | AN1: =Fedőlap!$N$1 -> Oct.2016 | AO1: 3 | AP1: 4 | AQ1: 5 | AR1: 6 | AS1: 7 | AT1: =AS1+1 -> 8 | AU1: =AT1+1 -> 9 | AV1: =AU1+1 -> 10 | AW1: =AV1+1 -> 11 | AX1: =AW1+1 -> 12 | AY1: =AX1+1 -> 13 | AZ1: =AY1+1 -> 14 | BA1: =AZ1+1 -> 15 | ... BE1: =BD1+1 -> 19
AM2: accrual
AM3: mixed
C4: Tagország: Magyarország | D4: Year | AM4: other
B5: SDMX series | C5: Adatok millió forintban | D5: ='1. Tábla'!E5 -> 1995 | E5: =D5+1 -> 1996 | F5: =E5+1 -> 1997 | G5: =F5+1 -> 1998 | H5: =G5+1 -> 1999 | I5: =H5+1 -> 2000 | J5: =I5+1 -> 2001 | K5: =J5+1 -> 2002 | L5: =K5+1 -> 2003 | ... U5: =T5+1 -> 2012 | V5: 2013 | W5: 2014 | X5: 2015 | Y5: 2016 | Z5: 2017 | AA5: 2018 | AB5: 2019 | AC5: 2020
C6: =Fedőlap!E15 -> Dátum: 2025.10.10.
A8: T2.WB.S1311 | B8: A.N.@@._Z.S1311._Z._Z.B.ORWB._Z.T._Z.XDC._T.S.V.N._T.EDP2 | C8: A központi költségvetés hivatalos egyenlege | D8: -133890 | E8: 77085 | F8: -177617 | G8: -540191 | H8: -328319 | I8: -367790 | J8: -402941 | K8: -1469610 | L8: -732419 | M8: -904520 | N8: -547801 | O8: -1961632 | P8: -1398117 | Q8: -869962 | R8: -743718 | S8: -794088 | T8: -1657935 | U8: -481082 | V8: -933577 | W8: -810966.5 | X8: -1211646.9 | Y8: -748070.9 | Z8: -1690325 | AA8: -1367743 | AB8: -893004 | AC8: -4669259.2 | BM8: =CountryCode & ".T2.WB.S1311.MNAC." & RefVintage -> #VALUE!
C9: A hivatalos egyenleg alapja | D9: pénzforgalmi | E9: pénzforgalmi | F9: pénzforgalmi | G9: pénzforgalmi | H9: pénzforgalmi | I9: pénzforgalmi | J9: pénzforgalmi | K9: pénzforgalmi | L9: pénzforgalmi | M9: pénzforgalmi | N9: pénzforgalmi | O9: pénzforgalmi | P9: pénzforgalmi | Q9: vegyes | R9: vegyes | S9: vegyes | T9: vegyes | U9: vegyes | V9: pénzforgalmi | W9: pénzforgalmi | X9: pénzforgalmi | Y9: pénzforgalmi | Z9: pénzforgalmi | AA9: pénzforgalmi | AB9: pénzforgalmi | AC9: pénzforgalmi | AD9: (1) | AE9: (1) | AF9: (1) | AG9: (1) | AH9: (1) | AI9: (1)
BM10: =CountryCode & ".T2.WB_STATUS.S1311.MNAC." & RefVintage -> #VALUE!
A11: T2.FT.S1311 | B11: A.N.@@._Z.S1311._Z._Z.B.F.F.T._Z.XDC._T.S.V.N._T.EDP2 | C11: A hivatalos egyenlegben elszámolt pénzügyi műveletek | D11: -154251 | E11: -208943 | F11: -159567 | G11: -19064 | H11: -52376 | I11: -83484 | J11: -29945 | K11: 69117 | L11: -22114 | M11: 4388 | N11: -378922 | O11: -1273 | P11: 68556 | Q11: 3560 | R11: -12043 | S11: -100501 | T11: 539417 | U11: -35950 | V11: -51908 | W11: 88489.903 | X11: -164043.88 | Y11: -53167.966 | Z11: -108500.67 | AA11: 10869 | AB11: 140394.9 | AC11: 445943.41 | BM11: =CountryCode & ".T2.FT.S1311.MNAC." & RefVintage -> #VALUE!
A12: T2.F4ACQ.S1311 | B12: A.N.@@._Z.S1311._Z.N.AI.F.F4.T._Z.XDC._T.S.V.N._T.EDP2 | C12: Hitelnyújtások (+) | D12: 36787 | E12: 12548 | F12: 23521 | G12: 9239 | H12: 13798 | I12: 16794 | J12: 20492 | K12: 12484 | L12: 17933 | M12: 20941 | N12: 30360 | O12: 15022 | P12: 19422 | Q12: 20182 | R12: 21344 | S12: 19188 | T12: 25445 | U12: 4653 | V12: 19911 | W12: 10141 | X12: 20489.828 | Y12: 43434.789 | Z12: 139585.24 | AA12: 102789 | AB12: 151626 | AC12: 238631 | BM12: =CountryCode & ".T2.F4ACQ.S1311.MNAC." & RefVintage -> #VALUE!
A13: T2.F4DIS.S1311 | B13: A.N.@@._Z.S1311._Z.N.AD.F.F4.T._Z.XDC._T.S.V.N._T.EDP2 | C13: Hitelek törlesztése (-) | D13: -46402 | E13: -52602 | F13: -67157 | G13: -52128 | H13: -34996 | I13: -83437 | J13: -26473 | K13: -25090 | L13: -43719 | M13: -30346 | N13: -18715 | O13: -19872 | P13: -10609 | Q13: -16033 | R13: -6746 | S13: -9128 | T13: -8911 | U13: -6214 | V13: -12677 | W13: -17098.187 | X13: -10714.54 | Y13: -10473.957 | Z13: -13248.509 | AA13: -13951 | AB13: -25128 | AC13: -43791 | BM13: =CountryCode & ".T2.F4DIS.S1311.MNAC." & RefVintage -> #VALUE!
A14: T2.F5ACQ.S1311 | B14: A.N.@@._Z.S1311._Z.N.AI.F.F5.T._Z.XDC._T.S.V.N._T.EDP2 | C14: Részvények vásárlása (+) | D14: 13360 | E14: 62191 | F14: 25728 | G14: 49248 | H14: 12252 | I14: 7614 | J14: 10996 | K14: 107849 | L14: 5247 | M14: 8496 | N14: 8056 | O14: 17264 | P14: 25067 | Q14: 21561 | R14: 38618 | S14: 1437 | T14: 557577 | U14: 9519 | V14: 113652 | W14: 179623.46 | X14: 18764.375 | Y14: 52131.457 | Z14: 41849.863 | AA14: 16236 | AB14: 155076.9 | AC14: 345469 | AJ14: 2013: MVM Zrt.(71 milliárd HUF), 2014: MVM Zrt (37,3 milliárd HUF), Antenna Hungária (56 milliárd HUF), MKB Bank (17,1 milliárd HUF), AVE (14 milliárd HUF) | BM14: =CountryCode & ".T2.F5ACQ.S1311.MNAC." & RefVintage -> #VALUE!
A15: T2.F5DIS.S1311 | B15: A.N.@@._Z.S1311._Z.N.AD.F.F5.T._Z.XDC._T.S.V.N._T.EDP2 | C15: Részvények eladása (-) | D15: -150014 | E15: -228527 | F15: -173248 | G15: -67645 | H15: -73727 | I15: -21055 | J15: -29736 | K15: -23523 | L15: -580 | M15: -223 | N15: -401919 | O15: -2258 | P15: -7921 | Q15: -30740 | R15: -16270 | S15: -1930 | T15: -1195 | U15: -76 | V15: -25846 | W15: -97.713 | X15: -91628.894 | Y15: -7467.3349 | Z15: -147.88136 | AA15: -4598 | AB15: -19813 | AC15: -2721 | AJ15: 2013: A Magyar Posta részvényeinek eladása 19 milliárd HUF; 2015: OTP bank részvényeinek eladása 75 milliárd HUF | BM15: =CountryCode & ".T2.F5DIS.S1311.MNAC." & RefVintage -> #VALUE!
A16: T2.OFT.S1311 | B16: A.N.@@._Z.S1311._Z._Z.N.F.FNDX.T._Z.XDC._T.S.V.N._T.EDP2 | C16: Egyéb pénzügyi műveletek (+/-) | D16: -7982 | E16: -2553 | F16: 31589 | G16: 42222 | H16: 30297 | I16: -3400 | J16: -5224 | K16: -2603 | L16: -995 | M16: 5520 | N16: 3296 | O16: -11429 | P16: 42597 | Q16: 8590 | R16: -48989 | S16: -110068 | T16: -33499 | U16: -43832 | V16: -146948 | W16: -84078.659 | X16: -100954.65 | Y16: -130792.92 | Z16: -276539.38 | AA16: -89607 | AB16: -121367 | AC16: -91644.592 | BM16: =CountryCode & ".T2.OFT.S1311.MNAC." & RefVintage -> #VALUE!
A17: T2.OFTDL.S1311 | B17: A.N.@@._Z.S1311._Z._Z.L.F.FNDL.T._Z.XDC._T.S.V.N._T.EDP2 | C17: ebből: adósság részét képező kötelezettségekkel kapcsolatos műveletek | D17: L | E17: L | F17: L | G17: L | H17: L | I17: L | J17: L | K17: L | L17: L | M17: L | N17: L | O17: L | P17: L | Q17: 0 | R17: 0 | S17: 0 | T17: 0 | U17: 0 | V17: 0 | W17: L | X17: L | Y17: L | Z17: L | AA17: L | AB17: L | AC17: L | BM17: =CountryCode & ".T2.OFTDL.S1311.MNAC." & RefVintage -> #VALUE!
A18: T2.F71K.S1311 | B18: A.N.@@._Z.S1311._Z._Z.N.F.F71K.T._Z.XDC._T.S.V.N._T.EDP2 | C18: ebből: swap ügyletek kamata | D18: 0 | E18: 0 | F18: 29542 | G18: 39740 | H18: 31331 | I18: -5976 | J18: -4980 | K18: -2149 | L18: 6635 | M18: 3700 | N18: -2166 | O18: -12102 | P18: 5037 | Q18: 10036 | R18: 20743 | S18: -20868 | T18: -24526 | U18: -26623 | V18: -53970 | W18: -85748 | X18: -120341 | Y18: -119060 | Z18: -113887 | AA18: -85235 | AB18: -97018 | AC18: -80359 | BM18: =CountryCode & ".T2.F71K.S1311.MNAC." & RefVintage -> #VALUE!
A19: T2.OFT1.S1311 | B19: A.N.@@._Z.S1311._Z._Z.N.F.FNDX.T._Z.XDC._T.S.V.N.C01.EDP2 | C19: Memorandum tétel: pénzügyi intézmények részére fizetett előleg (lakástámogatásokhoz kapcsolódóan) | D19: 1848 | E19: 262 | F19: -238 | G19: -4 | H19: -400 | I19: 1328 | J19: -1661 | K19: -1266 | L19: -8062 | M19: 990 | N19: 4859 | O19: -4662 | P19: 4252 | Q19: -226 | R19: -2432 | S19: -1587 | T19: -428 | U19: -46 | V19: -229 | W19: -40 | X19: -25376.162 | Y19: -7755.2814 | Z19: 48833.164 | AA19: 0 | AB19: 0 | AC19: 0 | BM19: =CountryCode & ".T2.OFT1.S1311.MNAC." & RefVintage -> #VALUE!
A20: T2.OFT2.S1311 | B20: A.N.@@._Z.S1311._Z._Z.N.F.FNDX.T._Z.XDC._T.S.V.N.C02.EDP2 | C20: Memorandum tétel: EU transzfereken képződött és egyéb árfolyam különbözet | P20: -1403 | Q20: -5446 | R20: -39847 | S20: 4039 | T20: 1070 | U20: -5083 | V20: -8277 | W20: -14940 | BM20: =CountryCode & ".T2.OFT2.S1311.MNAC." & RefVintage -> #VALUE!
A22: T2.ONFT.S1311 | B22: A.N.@@._Z.S1311._Z._Z.B.ORNF._Z.T._Z.XDC._T.S.V.N._T.EDP2 | C22: A hivatalos egyenlegben nem szereplő nem pénzügyi műveletek | D22: M | E22: M | F22: M | G22: M | H22: M | I22: M | J22: M | K22: M | L22: M | M22: M | N22: M | O22: M | P22: M | Q22: M | R22: M | S22: M | T22: M | U22: M | V22: M | W22: M | X22: M | Y22: M | Z22: M | AA22: M | AB22: M | AC22: M | BM22: =CountryCode & ".T2.ONFT.S1311.MNAC." & RefVintage -> #VALUE!
A23: T2.ONFT1.S1311 | B23: A.N.@@._Z.S1311._Z._Z.B.ORNF._Z.T._Z.XDC._T.S.V.N.C01.EDP2 | C23: Részletező sor 1 | BM23: =CountryCode & ".T2.ONFT1.S1311.MNAC." & RefVintage -> #VALUE!
A24: T2.ONFT2.S1311 | B24: A.N.@@._Z.S1311._Z._Z.B.ORNF._Z.T._Z.XDC._T.S.V.N.C02.EDP2 | C24: Részletező sor 2 | BM24: =CountryCode & ".T2.ONFT2.S1311.MNAC." & RefVintage -> #VALUE!
AB25: =+'[25]közp eredmény'!$D$140+'[25]közp eredmény'!$E$140-(AB26+AB28+AB39)--97018 -> 1
A26: T2.D41DIF.S1311 | B26: A.N.@@._Z.S1311._Z._Z.B.ORD41A._Z.T._Z.XDC._T.S.V.N._T.EDP2 | C26: A kifizetett (+) és felhalmozódott (-) kamatok különbözete (D.41) | D26: -18665 | E26: -93473 | F26: -30032 | G26: -15715 | H26: -2300 | I26: 54416 | J26: 2492 | K26: 11287 | L26: 6723 | M26: -38590 | N26: -62554 | O26: 20683 | P26: -60682 | Q26: 40310 | R26: -76937 | S26: -5065 | T26: -30701 | U26: -24532 | V26: 8559 | W26: -59558 | X26: 20121 | Y26: 83603 | Z26: 154737 | AA26: 86106 | AB26: -47276 | AC26: 26536 | BM26: =CountryCode & ".T2.D41DIF.S1311.MNAC." & RefVintage -> #VALUE!
A28: T2.F8ASS.S1311 | B28: A.N.@@._Z.S1311._Z._Z.A.F.F8.T._Z.XDC._T.S.V.N._T.EDP2 | C28: Egyéb követelések (+) | D28: -2000 | E28: 18593 | F28: 6151 | G28: 26293 | H28: 12037 | I28: 28648 | J28: 40819 | K28: 43019 | L28: 43107 | M28: 153696 | N28: -51965 | O28: 58596 | P28: 25535 | Q28: 7897 | R28: 80308 | S28: 26467 | T28: 35238 | U28: -43244 | V28: 87290.5 | W28: 141021.62 | X28: 825731.13 | Y28: -234727.91 | Z28: 202885.43 | AA28: 40299 | AB28: 101527.53 | AC28: -77324 | BM28: =CountryCode & ".T2.F8ASS.S1311.MNAC." & RefVintage -> #VALUE!
A29: T2.F8ASS1.S1311 | B29: A.N.@@._Z.S1311._Z._Z.A.F.F8.T._Z.XDC._T.S.V.N.C01.EDP2 | C29: P.11-hez és P.131-hez kapcsolódóan | D29: 0 | E29: 0 | F29: 0 | G29: 0 | H29: 0 | I29: 0 | J29: 0 | K29: -3435 | L29: 76 | M29: 1168 | N29: 8118 | O29: 17787 | P29: -3420 | Q29: -6067 | R29: 8361 | S29: 9072 | T29: -6397 | U29: -990 | V29: -1189 | W29: -428 | X29: 3046 | Y29: 1659 | Z29: -379 | AA29: -28 | AB29: -2112 | AC29: -1183 | BM29: =CountryCode & ".T2.F8ASS1.S1311.MNAC." & RefVintage -> #VALUE!
B30: A.N.@@._Z.S1311._Z._Z.A.F.F8.T._Z.XDC._T.S.V.N.C02.EDP2 | C30: D.2-höz kapcsolódóan | D30: 12439 | E30: 7562 | F30: -21818 | G30: 13583 | H30: -5016 | I30: 5744 | J30: 16200 | K30: 27352 | L30: 32821 | M30: 144535 | N30: 15484 | O30: 4253 | P30: 714 | Q30: -14192 | R30: 61027 | S30: -3556 | T30: 46057 | U30: -7397 | V30: 80320 | W30: 41061 | X30: 24570 | Y30: 39901 | Z30: 41922.642 | AA30: 64195 | AB30: 113926.53 | AC30: 26039
B31: A.N.@@._Z.S1311._Z._Z.A.F.F8.T._Z.XDC._T.S.V.N.C03.EDP2 | C31: D.42-höz kapcsolódóan | R31: -21814 | S31: 21814 | T31: 0 | U31: 0 | V31: 0 | W31: 0 | X31: 0 | Y31: 0 | Z31: 0 | AA31: 26040 | AC31: -97680
B32: A.N.@@._Z.S1311._Z._Z.A.F.F8.T._Z.XDC._T.S.V.N.C04.EDP2 | C32: D.45-höz és K.2-höz kapcsolódóan | D32: 1600 | E32: 1600 | F32: 1600 | G32: 1600 | H32: 1600 | I32: 1600 | J32: 800 | K32: 800 | L32: 800 | M32: -7878 | N32: -75267 | O32: 10233 | P32: -7267 | Q32: 15826 | R32: 18400 | S32: 18400 | T32: 6400 | U32: 6400 | V32: 8647 | W32: 20899 | X32: 28708 | Y32: 27375 | Z32: 26040 | AA32: 23736 | AB32: -6460 | AC32: 15553
B33: A.N.@@._Z.S1311._Z._Z.A.F.F8.T._Z.XDC._T.S.V.N.C05.EDP2 | C33: D.5-höz és D.91-hez kapcsolódóan | D33: -16039 | E33: 9431 | F33: 26369 | G33: 11110 | H33: 15453 | I33: 21304 | J33: 23819 | K33: 18302 | L33: 9410 | M33: 2671 | N33: 11779 | O33: 19792 | P33: -2278 | Q33: 6961 | R33: -2654 | S33: -39086 | T33: -19104 | U33: 13253 | V33: -4324 | W33: 70082.6 | X33: 1222 | Y33: -51457.7 | Z33: 30888.7 | AA33: 1909 | AB33: 150460 | AC33: 283 | AJ33: 2016: növekedési adóhitellel kapcsolatos
B34: A.N.@@._Z.S1311._Z._Z.A.F.F8.T._Z.XDC._T.S.V.N.C06.EDP2 | C34: D.61-hez kapcsolódóan | S34: -5042 | T34: 1153 | U34: -5676 | V34: 785 | W34: 667 | X34: 887 | Y34: 20423 | Z34: -17588 | AA34: 0 | AB34: 2427 | AC34: 3867
B35: A.N.@@._Z.S1311._Z._Z.A.F.F8.T._Z.XDC._T.S.V.N.C07.EDP2 | C35: EU-tanszferekhez kapcsolódóan | D35: 0 | E35: 0 | F35: 0 | G35: 0 | H35: 0 | I35: 0 | J35: 0 | K35: 0 | L35: 0 | M35: 13200 | N35: -12079 | O35: 6531 | P35: 37786 | Q35: 3610 | R35: 20573 | S35: 21785 | T35: 20133 | U35: -43260 | V35: 1573 | W35: 7545.257 | X35: 765318 | Y35: -275566 | Z35: 112357.69 | AA35: -75259 | AB35: -157073 | AC35: -23533
B36: A.N.@@._Z.S1311._Z._Z.A.F.F8.T._Z.XDC._T.S.V.N.C08.EDP2 | C36: Ebből: EU pénzügyi korrekció | AB36: -77954 | AC36: -148847 | AJ36: 2018-19-es megállapodás alapján a pénzügyi korrekció éves eredményszemléletű hatása
B37: A.N.@@._Z.S1311._Z._Z.A.F.F8.T._Z.XDC._T.S.V.N.C09.EDP2 | C37: RRF-hez (helyreállítási és ellenálló képességi eszközhöz) kapcsolódóan | AB37: 0 | AC37: 0
A38: T2.F8ASS2.S1311 | B38: A.N.@@._Z.S1311._Z._Z.A.F.F8.T._Z.XDC._T.S.V.N.C10.EDP2 | C38: Konszolidációhoz kapcsolódó eredményszemléletű korrekció | Q38: 1759 | R38: -3585 | S38: 3080 | T38: -13004 | U38: -5574 | V38: 1478.5 | W38: 1194.767 | X38: 1980.131 | Y38: 2937.7874 | Z38: 9643.3947 | AA38: -294 | AB38: 359 | AC38: -670 | AJ38: A kormányzaton belüli transzferek időbeli eltérései | BM38: =CountryCode & ".T2.F8ASS2.S1311.MNAC." & RefVintage -> #VALUE!
A39: T2.F8LIA.S1311 | B39: A.N.@@._Z.S1311._Z._Z.L.F.F8.T._Z.XDC._T.S.V.N._T.EDP2 | C39: Egyéb tartozások (-) | D39: 32338 | E39: -3960 | F39: 27691 | G39: -27590 | H39: -4022 | I39: 3283 | J39: -21184 | K39: -5236 | L39: -185097 | M39: -93972 | N39: 35215 | O39: -58342 | P39: 123901 | Q39: -6475 | R39: -79423 | S39: -33486 | T39: -58374 | U39: -149347 | V39: -152443 | W39: -232458.8 | X39: 12980 | Y39: 129647 | Z39: 450244.3 | AA39: 261640 | AB39: -207003 | AC39: -99694.7 | BM39: =CountryCode & ".T2.F8LIA.S1311.MNAC." & RefVintage -> #VALUE!
A40: T2.F8LIA1.S1311 | B40: A.N.@@._Z.S1311._Z._Z.L.F.F8.T._Z.XDC._T.S.V.N.C01.EDP2 | C40: P.2-höz kapcsolódóan | D40: 0 | E40: 0 | F40: 0 | G40: 0 | H40: 0 | I40: -878 | J40: -1 | K40: 2216 | L40: -7858 | M40: 6955 | N40: -8158 | O40: -14653 | P40: 50183 | Q40: 9099 | R40: -56090 | S40: -28148 | T40: 11921 | U40: -17104 | V40: -4323 | W40: -31910 | X40: 12374 | Y40: -14381 | Z40: -39368 | AA40: 1291 | AB40: -34322 | AC40: 64599 | BM40: =CountryCode & ".T2.F8LIA1.S1311.MNAC." & RefVintage -> #VALUE!
B41: A.N.@@._Z.S1311._Z._Z.L.F.F8.T._Z.XDC._T.S.V.N.C02.EDP2 | C41: D.1-hez kapcsolódóan | D41: 0 | E41: 0 | F41: 0 | G41: 0 | H41: 0 | I41: -11747 | J41: -8658 | K41: -18414 | L41: -4476 | M41: -1789 | N41: 9100 | O41: 21515 | P41: 8260 | Q41: 740 | R41: 966 | S41: 5097 | T41: -4073 | U41: -14842 | V41: -62471 | W41: 3530 | X41: -15171 | Y41: -30002 | Z41: -19668 | AA41: -13532 | AB41: -10498 | AC41: -14638
B42: A.N.@@._Z.S1311._Z._Z.L.F.F8.T._Z.XDC._T.S.V.N.C03.EDP3 | C42: D.211-hez kapcsolódóan | D42: 0 | E42: 0 | F42: 0 | G42: 0 | H42: 0 | I42: 0 | J42: -27416 | K42: 19317 | L42: -174618 | M42: -35436 | N42: 71298 | O42: -58970 | P42: 32402 | Q42: -18546 | R42: -47137 | S42: -6348 | T42: -81906 | U42: -131022 | V42: -150250 | W42: -58668 | X42: -13889 | Y42: -12845 | Z42: 56386 | AA42: 118705 | AB42: -90566 | AC42: 28614
B43: A.N.@@._Z.S1311._Z._Z.L.F.F8.T._Z.XDC._T.S.V.N.C04.EDP4 | C43: D.3-hoz kapcsolódóan | D43: 0 | E43: 0 | F43: 0 | G43: -1156 | H43: -319 | I43: -668 | J43: 1705 | K43: -8496 | L43: 9 | M43: -77826 | N43: -3164 | O43: 4367 | P43: 22309 | Q43: 14677 | R43: 48165 | S43: -3299 | T43: 4249 | U43: 7644 | V43: 6174 | W43: -19595 | X43: 17575 | Y43: 8270 | Z43: -244 | AA43: -1639 | AB43: -3450 | AC43: 6146
B44: A.N.@@._Z.S1311._Z._Z.L.F.F8.T._Z.XDC._T.S.V.N.C05.EDP5 | C44: P.51-hez kapcsolódóan | D44: 34738 | E44: 203 | F44: 23351 | G44: -21871 | H44: -12628 | I44: 8228 | J44: 22199 | K44: 1711 | L44: 12751 | M44: 19176 | N44: -34858 | O44: -35790 | P44: 11621 | Q44: -12572 | R44: -25239 | S44: -142 | T44: 11291 | U44: 6340 | V44: 54536 | W44: 23416.196 | X44: 26724 | Y44: 15223 | Z44: 24630.303 | AA44: -9094 | AB44: 20281 | AC44: -12031
B45: A.N.@@._Z.S1311._Z._Z.L.F.F8.T._Z.XDC._T.S.V.N.C06.EDP6 | C45: D.29-hez, D.62-höz, D.63-höz, D.73-hoz, D.75-höz, D.76-hoz és D.92-höz kapcsolódóan | Q45: 127 | R45: -88 | S45: -646 | T45: -867 | U45: -3577 | V45: -3072 | W45: 16096 | X45: -15154 | Y45: -6762 | Z45: -29269 | AA45: -33284 | AB45: 37973 | AC45: 40755.3
B46: A.N.@@._Z.S1311._Z._Z.L.F.F8.T._Z.XDC._T.S.V.N.C07.EDP6 | C46: Az önkormányzat részére előlegként nyújtott EU támogatásokhoz kapcsolódóan | Y46: 157966 | Z46: 475823 | AA46: 199671 | AB46: -49405 | AC46: -106662
B47: A.N.@@._Z.S1311._Z._Z.L.F.F8.T._Z.XDC._T.S.V.N.C08.EDP6 | C47: D.99-hez kapcsolódóan | W47: -1799 | Z47: -6880 | AA47: -757 | AB47: 0 | AC47: 0
B48: A.N.@@._Z.S1311._Z._Z.L.F.F8.T._Z.XDC._T.S.V.N.C09.EDP6 | C48: NP-hez kapcsolódóan | W48: -165293 | Y48: 11257 | Z48: -11257 | AA48: 0 | AB48: 0 | AC48: 0
B49: A.N.@@._Z.S1311._Z._Z.L.F.F8.T._Z.XDC._T.S.V.N.C10.EDP6 | C49: Standardizált garanciákhoz kapcsolódóan | K49: -1618 | L49: -3394 | M49: -981 | N49: -7900 | O49: -16092 | P49: -9460 | Q49: -989 | R49: 54 | S49: 6491 | T49: 1011 | U49: 3214 | V49: 6963 | W49: 1764 | X49: 521 | Y49: 921 | Z49: 91 | AA49: 279 | AB49: -77016 | AC49: -106478 | AJ49: Elsősorban a babaváró támogatásokra vonatkozik
A51: T2.B9_OWB.S1311 | B51: A.N.@@._Z.S1311._Z._Z.B.ORWB_E._Z.T._Z.XDC._T.S.V.N._T.EDP2 | C51: Központi költségvetésben szereplő, de a Központi Kormányzatba nem tartozó intézményi egységek nettó hitelfelvétele (-) / hitelnyújtása (+) | D51: M | E51: M | F51: M | G51: M | H51: M | I51: M | J51: M | K51: M | L51: M | M51: M | N51: M | O51: M | P51: M | Q51: M | R51: M | S51: M | T51: M | U51: M | V51: M | W51: M | X51: M | Y51: M | Z51: M | AA51: M | AB51: M | AC51: M | BM51: =CountryCode & ".T2.B9_OWB.S1311.MNAC." & RefVintage -> #VALUE!
A52: T2.B9_OB.S1311 | B52: A.N.@@._Z.S13112._Z._Z.B.B9._Z._Z._Z.XDC._T.S.V.N._T.EDP2 | C52: Egyéb Központi Kormányzatba tartozó egységek nettó hitelfelvétele (-) / hitelnyújtása (+) | D52: -56438.341 | E52: -64842 | F52: -110302.84 | G52: -17262.609 | H52: -79929 | I52: -14781 | J52: -112518 | K52: 78150 | L52: -113419 | M52: -221128 | N52: -171485 | O52: -114398 | P52: -66413 | Q52: -33286 | R52: -113194 | S52: 30585 | T52: -335546 | U52: -22596.238 | V52: 190355 | W52: -87941.436 | X52: -102040 | Y52: 138082.88 | Z52: 106999.67 | AA52: 147084.42 | AB52: 250477.9 | AC52: 1304350.2 | BM52: =CountryCode & ".T2.B9_OB.S1311.MNAC." & RefVintage -> #VALUE!
A53: T2.B9_OB1.S1311 | B53: A.N.@@._Z.S13112._Z._Z.B.B9._Z._Z._Z.XDC._T.S.V.N.C01.EDP2 | C53: Elkülönített állami pénzalapok | D53: -17022 | E53: 8161 | F53: 9172 | G53: 14805.3 | H53: -13126 | I53: -7675 | J53: -8826 | K53: 3937 | L53: 8036 | M53: 21484 | N53: 20182 | O53: 46431 | P53: 49854 | Q53: 13247 | R53: -52308 | BM53: =CountryCode & ".T2.B9_OB1.S1311.MNAC." & RefVintage -> #VALUE!
B54: A.N.@@._Z.S13112._Z._Z.B.B9._Z._Z._Z.XDC._T.S.V.N.C02.EDP2 | C54: Nyugdíjreform és Adósságcsökkentő Alap | T54: -426605 | U54: 18463 | V54: 7015 | W54: 0 | X54: 0 | AJ54: 2015. január 31-én megszűnt
B55: A.N.@@._Z.S13112._Z._Z.B.B9._Z._Z._Z.XDC._T.S.V.N.C03.EDP2 | C55: A Központi Kormányzatba sorolt vállalatok | D55: -42453.341 | E55: -78981 | F55: -116713.84 | G55: -33960.909 | H55: -74089 | I55: -11323 | J55: -82798 | K55: 35665 | L55: -129585 | M55: -241917 | N55: -191311 | O55: -157430 | P55: -122065 | Q55: -39097 | R55: -63136 | S55: 28475 | T55: 86963 | U55: -37449.238 | V55: 184893 | W55: -69959.136 | X55: -64598 | Y55: 147920 | Z55: 100721.67 | AA55: 133708.91 | AB55: 197282.2 | AC55: 1107429.4
A56: T2.B9_OB2.S1311 | B56: A.N.@@._Z.S13112._Z._Z.B.B9._Z._Z._Z.XDC._T.S.V.N.C04.EDP2 | C56: A Központi Kormányzatba sorolt nonprofit intézmények | D56: 3037 | E56: 5978 | F56: -2761 | G56: 1893 | H56: 7286 | I56: 4217 | J56: -20894 | K56: 38548 | L56: 8130 | M56: -695 | N56: -356 | O56: -3399 | P56: 5798 | Q56: -7436 | R56: 2250 | S56: 2110 | T56: 4096 | U56: -3610 | V56: -1553 | W56: -17982.3 | X56: -37442 | Y56: -9837.125 | Z56: 6278 | AA56: 13375.51 | AB56: 53195.703 | AC56: 196920.73 | BM56: =CountryCode & ".T2.B9_OB2.S1311.MNAC." & RefVintage -> #VALUE!
A58: T2.OA.S1311 | B58: A.N.@@._Z.S1311._Z._Z._X.OROA._Z.T._Z.XDC._T.S.V.N._T.EDP2 | C58: Egyéb korrekciók (+/-) (részletesen) | D58: -176881 | E58: -104730 | F58: -53616 | G58: -115325 | H58: -140632 | I58: 24854 | J58: -180598 | K58: -59596 | L58: -99777 | M58: -170555 | N58: -422181 | O58: -383251 | P58: -149654 | Q58: -110642 | R58: -101405 | S58: -156758 | T58: -157045 | U58: -52851 | V58: -824847 | W58: -433257 | X58: -142247 | Y58: -33292 | Z58: -66368 | AA58: -176134 | AB58: -135957 | AC58: -179721.04 | BM58: =CountryCode & ".T2.OA.S1311.MNAC." & RefVintage -> #VALUE!
A59: T2.OA1.S1311 | B59: A.N.@@._Z.S1311._Z._Z._X.OROA._Z.T._Z.XDC._T.S.V.N.C01.EDP2 | C59: Társadalombiztosítási alapokkal szembeni követelés elengedése | D59: -41584 | E59: -104730 | F59: -53616 | G59: -54470 | H59: -90775 | I59: -42905 | J59: -80113 | K59: -28811 | L59: -99389 | M59: -348968 | N59: -423903 | O59: -468806 | P59: -130793 | R59: -67360 | S59: -156697 | T59: -95386 | U59: -83654 | V59: -117562 | W59: -513 | X59: 0 | Y59: -30083 | Z59: -89693 | AA59: -137503 | AB59: -83988 | AC59: -210923.14 | BM59: =CountryCode & ".T2.OA1.S1311.MNAC." & RefVintage -> #VALUE!
B60: A.N.@@._Z.S1311._Z._Z._X.OROA._Z.T._Z.XDC._T.S.V.N.C02.EDP2 | C60: Tőketranszfer mezőgazdasági biztosító társaságok részére | D60: -18700
B61: A.N.@@._Z.S1311._Z._Z._X.OROA._Z.T._Z.XDC._T.S.V.N.C03.EDP2 | C61: Követelés elengedés felszámolás és elemi károk miatt | D61: -1127
B62: A.N.@@._Z.S1311._Z._Z._X.OROA._Z.T._Z.XDC._T.S.V.N.C04.EDP2 | C62: Tőketranszfer a Postabank részére | G62: -15337 | J62: -2720
B63: A.N.@@._Z.S1311._Z._Z._X.OROA._Z.T._Z.XDC._T.S.V.N.C05.EDP2 | C63: Tőketranszfer a MÁV Rt. részére | D63: -47770 | G63: -16447 | I63: -36481 | K63: -62085 | L63: -828
B64: A.N.@@._Z.S1311._Z._Z._X.OROA._Z.T._Z.XDC._T.S.V.N.C06.EDP2 | C64: A Reorg Apport RT-től átirányított kiadás | G64: -25071
B65: A.N.@@._Z.S1311._Z._Z._X.OROA._Z.T._Z.XDC._T.S.V.N.C07.EDP2 | C65: Az MFB Rt-től átirányított kiadás | G65: -4000
B66: A.N.@@._Z.S1311._Z._Z._X.OROA._Z.T._Z.XDC._T.S.V.N.C08.EDP2 | C66: Adósságátvállalás az ÁAK Rt-től 1999-ben, előirányzat a 2002-es zárszámadásban | H66: -50000 | K66: 47000
B67: A.N.@@._Z.S1311._Z._Z._X.OROA._Z.T._Z.XDC._T.S.V.N.C09.EDP2 | C67: Mobiltelefon licencek | H67: 36568 | U67: 0 | V67: -78008
B68: A.N.@@._Z.S1311._Z._Z._X.OROA._Z.T._Z.XDC._T.S.V.N.C10.EDP2 | C68: Az Elkülönített Állami Pénzalapok átstruktúrálásához köthető bevételek korrekciója | H68: -36425
B69: A.N.@@._Z.S1311._Z._Z._X.OROA._Z.T._Z.XDC._T.S.V.N.C11.EDP2 | C69: Letéti számla rendezés | I69: 94139 | J69: -78825 | K69: -9289 | L69: -5923
B70: A.N.@@._Z.S1311._Z._Z._X.OROA._Z.T._Z.XDC._T.S.V.N.C12.EDP2 | C70: A Magyar Fejlesztési Bank által átmenetileg finanszírozott tőketranszfer (az NA Rt. részére) | I70: 10101 | J70: -16491 | K70: -6301
B71: A.N.@@._Z.S1311._Z._Z._X.OROA._Z.T._Z.XDC._T.S.V.N.C13.EDP2 | C71: Követelés elengedés az ÁPV Rt-vel szemben | J71: -3600
B72: A.N.@@._Z.S1311._Z._Z._X.OROA._Z.T._Z.XDC._T.S.V.N.C14.EDP2 | C72: Követelés elengedés az OTIVA Rt-vel szemben | J72: -3000
B73: A.N.@@._Z.S1311._Z._Z._X.OROA._Z.T._Z.XDC._T.S.V.N.C15.EDP2 | C73: A központi kormányzat által kapott tőketranszfer (Bős-Nagymaros) | D73: -67700 | J73: 4151
B74: A.N.@@._Z.S1311._Z._Z._X.OROA._Z.T._Z.XDC._T.S.V.N.C16.EDP2 | C74: Sportfolió Kht-hez kapcsolódó korrekció | K74: -110
B75: A.N.@@._Z.S1311._Z._Z._X.OROA._Z.T._Z.XDC._T.S.V.N.C17.EDP2 | C75: Az ÁPV Rt. privatizációs bevételeinek befizetée a KESZ-re (költségvetésen kívüli tranzakció) | L75: 41983 | M75: 166537 | O75: 268696 | P75: 67790
B76: A.N.@@._Z.S1311._Z._Z._X.OROA._Z.T._Z.XDC._T.S.V.N.C18.EDP2 | C76: Állami követelés elengedése: 2003: az Orosz köztársasággal szembeni, 2004: régi kormányzati követelés, 2006: Irak, 2009: Mozambik, Kambodzsa | L76: -35620 | M76: -4812 | O76: -46060 | R76: -4118
B77: A.N.@@._Z.S1311._Z._Z._X.OROA._Z.T._Z.XDC._T.S.V.N.C19.EDP2 | C77: Adósságátvállalás a Rendezvénycsarnok Rt-től (döntéshozatal 2002-ben, előirányzat a 2004-es költségvetésben) | M77: 28877
B78: A.N.@@._Z.S1311._Z._Z._X.OROA._Z.T._Z.XDC._T.S.V.N.C20.EDP2 | C78: A Postabank által fizetett társasági adó | M78: -10670
B79: A.N.@@._Z.S1311._Z._Z._X.OROA._Z.T._Z.XDC._T.S.V.N.C21.EDP2 | C79: Tőketranszfer a Mahart részére | M79: -1519
B80: A.N.@@._Z.S1311._Z._Z._X.OROA._Z.T._Z.XDC._T.S.V.N.C22.EDP2 | C80: Természetbeni tőketranszferek a Központi Kormányzatba sorolt nonprofit intézményektől | N80: 1722
B81: A.N.@@._Z.S1311._Z._Z._X.OROA._Z.T._Z.XDC._T.S.V.N.C23.EDP2 | C81: Egy kereskedelmi bank Állammal szembeni követelése (egyházi kárpótlás), tőketranszfer | O81: -17799
B82: A.N.@@._Z.S1311._Z._Z._X.OROA._Z.T._Z.XDC._T.S.V.N.C24.EDP2 | C82: Gripen beszerzés: pénzügyi lízing (operatív lízing helyett) | O82: 0 | P82: -4379 | Q82: -6835 | R82: -5128 | S82: -2518 | T82: -3718 | U82: -5171 | V82: -5096 | W82: -5035 | X82: -4916 | Y82: -4884 | Z82: -4762 | AA82: -4611 | AB82: -4519 | AC82: -4970
B83: A.N.@@._Z.S1311._Z._Z._X.OROA._Z.T._Z.XDC._T.S.V.N.C25.EDP2 | C83: Gripen repülőgépek beszerzés | O83: -101925 | P83: -69644
B84: A.N.@@._Z.S1311._Z._Z._X.OROA._Z.T._Z.XDC._T.S.V.N.C26.EDP2 | C84: PPP projektek átsorolása | O84: -11975 | P84: -11015 | Q84: -1307 | R84: -3073
B85: A.N.@@._Z.S1311._Z._Z._X.OROA._Z.T._Z.XDC._T.S.V.N.C27.EDP2 | C85: Tőketranszfer nem pénzügyi vállalatoknak | O85: -5382 | P85: -1613
B86: A.N.@@._Z.S1311._Z._Z._X.OROA._Z.T._Z.XDC._T.S.V.N.C28.EDP2 | C86: MÁV Cargo privatizációs bevételének átutalása a MÁV részére | Q86: -102500
B87: A.N.@@._Z.S1311._Z._Z._X.OROA._Z.T._Z.XDC._T.S.V.N.C29.EDP2 | C87: ÁFA visszatérítés Európai Bíróság döntése alapján | R87: -18800 | S87: 18800
B88: A.N.@@._Z.S1311._Z._Z._X.OROA._Z.T._Z.XDC._T.S.V.N.C30.EDP2 | C88: Az ÁFA elszámolhatóságával kapcsolatos Európai Bírósági ítélet nyomán EU-s bevételek csökkentése | R88: -2926 | U88: -21632 | V88: 0 | W88: 21632
A89: T2.OA2.S1311 | B89: A.N.@@._Z.S1311._Z._Z._X.OROA._Z.T._Z.XDC._T.S.V.N.C31.EDP2 | C89: Kazah banknak nyújtott kölcsön állami garanciájának lehívása | S89: -7332 | BM89: =CountryCode & ".T2.OA2.S1311.MNAC." & RefVintage -> #VALUE!
A90: T2.OA3.S1311 | B90: A.N.@@._Z.S1311._Z._Z._X.OROA._Z.T._Z.XDC._T.S.V.N.C32.EDP2 | C90: Malév tulajdonosi kölcsön és egy 2010. évi kiadás semlegesítése | S90: -9011 | T90: 5779 | BM90: =CountryCode & ".T2.OA3.S1311.MNAC." & RefVintage -> #VALUE!
A91: T2.OA4.S1311 | B91: A.N.@@._Z.S1311._Z._Z._X.OROA._Z.T._Z.XDC._T.S.V.N.C33.EDP2 | C91: MÁV kezességvállalás | T91: -35000 | BM91: =CountryCode & ".T2.OA4.S1311.MNAC." & RefVintage -> #VALUE!
A92: T2.OA5.S1311 | B92: A.N.@@._Z.S1311._Z._Z._X.OROA._Z.T._Z.XDC._T.S.V.N.C34.EDP2 | C92: Végtörlesztésből eredő veszteség | T92: -48739 | U92: -54907 | BM92: =CountryCode & ".T2.OA5.S1311.MNAC." & RefVintage -> #VALUE!
B93: A.N.@@._Z.S1311._Z._Z._X.OROA._Z.T._Z.XDC._T.S.V.N.C35.EDP2 | C93: Végtörlesztéshez kapcsolódó imputált adó bevétel | U93: 101090 | V93: 838
B94: A.N.@@._Z.S1311._Z._Z._X.OROA._Z.T._Z.XDC._T.S.V.N.C36.EDP2 | C94: Tőketranszfer közösségi vállalatok részére | V94: -12000 | X94: -4100 | AA94: -1865
B95: A.N.@@._Z.S1311._Z._Z._X.OROA._Z.T._Z.XDC._T.S.V.N.C37.EDP2 | C95: EU finanszírozás változása (közkiadásról teljes kiadásra) | V95: 34566 | W95: -34566
B96: A.N.@@._Z.S1311._Z._Z._X.OROA._Z.T._Z.XDC._T.S.V.N.C38.EDP2 | C96: EU-transzferekhez kapcsolódó pénzügyi korrekció (2013. évi döntés) | V96: -43921 | W96: 43921
B97: A.N.@@._Z.S1311._Z._Z._X.OROA._Z.T._Z.XDC._T.S.V.N.C39.EDP2 | C97: Apport közösségi vállalatok részére | W97: -3774
B98: A.N.@@._Z.S1311._Z._Z._X.OROA._Z.T._Z.XDC._T.S.V.N.C40.EDP2 | C98: EU-transzferekhez kapcsolódó pénzügyi korrekció (2014. évi döntés) | W98: -53120 | X98: 11155
B99: A.N.@@._Z.S1311._Z._Z._X.OROA._Z.T._Z.XDC._T.S.V.N.C41.EDP2 | C99: MAVIR támogatásokkal kapcsolatos tranzakciók átvezetése | T99: 20019 | U99: 11106 | V99: -12287 | W99: -3842 | X99: 2676 | Y99: 8430 | Z99: 22718 | AA99: -878 | AB99: -20380 | AC99: -20041
B100: A.N.@@._Z.S1311._Z._Z._X.OROA._Z.T._Z.XDC._T.S.V.N.C42.EDP2 | C100: Magánnyugdíjpánztártól átvett vagyon bevételének elszámolása | U100: 317 | V100: 1187 | W100: 3519 | X100: 6300 | Y100: 9244 | Z100: 12359 | AA100: 15653 | AB100: 19132 | AC100: 22808
B101: A.N.@@._Z.S1311._Z._Z._X.OROA._Z.T._Z.XDC._T.S.V.N.C43.EDP2 | C101: Helyi önkormányzatok adósságának átvállalása | V101: -592564 | W101: -401479
B102: A.N.@@._Z.S1311._Z._Z._X.OROA._Z.T._Z.XDC._T.S.V.N.C44.EDP2 | C102: A BKV Zrt. adósságának átvállalása | X102: -52290
B103: A.N.@@._Z.S1311._Z._Z._X.OROA._Z.T._Z.XDC._T.S.V.N.C45.EDP2 | C103: A MÁV Zrt. adósságának átvállalása | X103: -23428
B104: A.N.@@._Z.S1311._Z._Z._X.OROA._Z.T._Z.XDC._T.S.V.N.C46.EDP2 | C104: Az MTVA adósságának átvállalása | X104: -47149
B105: A.N.@@._Z.S1311._Z._Z._X.OROA._Z.T._Z.XDC._T.S.V.N.C47.EDP2 | C105: MFB árfolyamgaranciás térítés (tőkeemelésként/tőketranszferként elszámolva) | X105: -30495 | Y105: -8629 | Z105: -9651 | AA105: -9493 | AC105: -17946.907
...

Sheet 2B Tábla
C1: 2B tábla. A tartományi költségvetés hivatalos egyenlege és a tartományi kormányzat alszektor hiánya/többlete (EDP B.9) közötti levezetés | AM1: cash | AN1: =Fedőlap!$N$1 -> Oct.2016 | AO1: 3 | AP1: 4 | AQ1: 5 | AR1: 6 | AS1: =AR1+1 -> 7 | AT1: =AS1+1 -> 8 | AU1: =AT1+1 -> 9 | AV1: =AU1+1 -> 10 | AW1: =AV1+1 -> 11 | AX1: =AW1+1 -> 12 | AY1: =AX1+1 -> 13 | AZ1: =AY1+1 -> 14 | ... BE1: =BD1+1 -> 19
AM2: accrual
AM3: mixed
C4: Tagország: Magyarország | D4: Year | AM4: other
B5: SDMX series | C5: Adatok millió forintban | D5: ='1. Tábla'!E5 -> 1995 | E5: =D5+1 -> 1996 | F5: =E5+1 -> 1997 | G5: =F5+1 -> 1998 | H5: =G5+1 -> 1999 | I5: =H5+1 -> 2000 | J5: =I5+1 -> 2001 | K5: =J5+1 -> 2002 | L5: =K5+1 -> 2003 | ... U5: =T5+1 -> 2012 | V5: 2013 | W5: 2014 | X5: 2015 | Y5: 2016 | Z5: 2017 | AA5: 2018 | AB5: 2019 | AC5: 2020
C6: =Fedőlap!E15 -> Dátum: 2025.10.10.
A8: T2.WB.S1312 | B8: A.N.@@._Z.S1312._Z._Z.B.ORWB._Z.T._Z.XDC._T.S.V.N._T.EDP2 | C8: A tartományi költségvetés hivatalos egyenlege | D8: M | E8: M | F8: M | G8: M | H8: M | I8: M | J8: M | K8: M | L8: M | M8: M | N8: M | O8: M | P8: M | Q8: M | R8: M | S8: M | T8: M | U8: M | V8: M | W8: M | X8: M | Y8: M | Z8: M | AA8: M | AB8: M | AC8: M | BM8: =CountryCode & ".T2.WB.S1312.MNAC." & RefVintage -> #VALUE!
C9: A hivatalos egyenleg alapja | D9: M | E9: M | F9: M | G9: M | H9: M | I9: M | J9: M | K9: M | L9: M | M9: M | N9: M | O9: M | P9: M | Q9: M | R9: M | S9: M | T9: M | U9: M | V9: M | W9: M | X9: M | Y9: M | Z9: M | AA9: M | AB9: M | AC9: M | AD9: (1) | AE9: (1) | AF9: (1) | AG9: (1) | AH9: (1) | AI9: (1)
BM10: =CountryCode & ".T2.WB_STATUS.S1312.MNAC." & RefVintage -> #VALUE!
A11: T2.FT.S1312 | B11: A.N.@@._Z.S1312._Z._Z.B.F.F.T._Z.XDC._T.S.V.N._T.EDP2 | C11: A hivatalos egyenlegben elszámolt pénzügyi műveletek | D11: M | E11: M | F11: M | G11: M | H11: M | I11: M | J11: M | K11: M | L11: M | M11: M | N11: M | O11: M | P11: M | Q11: M | R11: M | S11: M | T11: M | U11: M | V11: M | W11: M | X11: M | Y11: M | Z11: M | AA11: M | AB11: M | AC11: M | BM11: =CountryCode & ".T2.FT.S1312.MNAC." & RefVintage -> #VALUE!
A12: T2.F4.S1312 | B12: A.N.@@._Z.S1312._Z.N.A.F.F4.T._Z.XDC._T.S.V.N._T.EDP2 | C12: Hitelműveletek (+/-) | D12: M | E12: M | F12: M | G12: M | H12: M | I12: M | J12: M | K12: M | L12: M | M12: M | N12: M | O12: M | P12: M | Q12: M | R12: M | S12: M | T12: M | U12: M | V12: M | W12: M | X12: M | Y12: M | Z12: M | AA12: M | AB12: M | AC12: M | BM12: =CountryCode & ".T2.F4.S1312.MNAC." & RefVintage -> #VALUE!
A13: T2.F5.S1312 | B13: A.N.@@._Z.S1312._Z.N.A.F.F5.T._Z.XDC._T.S.V.N._T.EDP2 | C13: Részvényműveletek (+/-) | D13: M | E13: M | F13: M | G13: M | H13: M | I13: M | J13: M | K13: M | L13: M | M13: M | N13: M | O13: M | P13: M | Q13: M | R13: M | S13: M | T13: M | U13: M | V13: M | W13: M | X13: M | Y13: M | Z13: M | AA13: M | AB13: M | AC13: M | BM13: =CountryCode & ".T2.F5.S1312.MNAC." & RefVintage -> #VALUE!
A14: T2.OFT.S1312 | B14: A.N.@@._Z.S1312._Z._Z.N.F.FNDX.T._Z.XDC._T.S.V.N._T.EDP2 | C14: Egyéb pénzügyi műveletek (+/-) | D14: M | E14: M | F14: M | G14: M | H14: M | I14: M | J14: M | K14: M | L14: M | M14: M | N14: M | O14: M | P14: M | Q14: M | R14: M | S14: M | T14: M | U14: M | V14: M | W14: M | X14: M | Y14: M | Z14: M | AA14: M | AB14: M | AC14: M | BM14: =CountryCode & ".T2.OFT.S1312.MNAC." & RefVintage -> #VALUE!
A15: T2.OFTDL.S1312 | B15: A.N.@@._Z.S1312._Z._Z.L.F.FNDL.T._Z.XDC._T.S.V.N._T.EDP2 | C15: ebből: adósság részét képező kötelezettségekkel kapcsolatos műveletek | D15: M | E15: M | F15: M | G15: M | H15: M | I15: M | J15: M | K15: M | L15: M | M15: M | N15: M | O15: M | P15: M | Q15: M | R15: M | S15: M | T15: M | U15: M | V15: M | W15: M | X15: M | Y15: M | Z15: M | AA15: M | AB15: M | AC15: M | BM15: =CountryCode & ".T2.OFTDL.S1312.MNAC." & RefVintage -> #VALUE!
A16: T2.F71K.S1312 | B16: A.N.@@._Z.S1312._Z._Z.N.F.F71K.T._Z.XDC._T.S.V.N._T.EDP2 | C16: ebből: swap ügyletek kamata | D16: M | E16: M | F16: M | G16: M | H16: M | I16: M | J16: M | K16: M | L16: M | M16: M | N16: M | O16: M | P16: M | Q16: M | R16: M | S16: M | T16: M | U16: M | V16: M | W16: M | X16: M | Y16: M | Z16: M | AA16: M | AB16: M | AC16: M | BM16: =CountryCode & ".T2.F71K.S1312.MNAC." & RefVintage -> #VALUE!
A17: T2.OFT1.S1312 | B17: A.N.@@._Z.S1312._Z._Z.N.F.FNDX.T._Z.XDC._T.S.V.N.C01.EDP2 | C17: Részletező sor 1 | BM17: =CountryCode & ".T2.OFT1.S1312.MNAC." & RefVintage -> #VALUE!
A18: T2.OFT2.S1312 | B18: A.N.@@._Z.S1312._Z._Z.N.F.FNDX.T._Z.XDC._T.S.V.N.C02.EDP2 | C18: Részletező sor 2 | BM18: =CountryCode & ".T2.OFT2.S1312.MNAC." & RefVintage -> #VALUE!
A20: T2.ONFT.S1312 | B20: A.N.@@._Z.S1312._Z._Z.B.ORNF._Z.T._Z.XDC._T.S.V.N._T.EDP2 | C20: A hivatalos egyenlegben nem szereplő nem pénzügyi műveletek | D20: M | E20: M | F20: M | G20: M | H20: M | I20: M | J20: M | K20: M | L20: M | M20: M | N20: M | O20: M | P20: M | Q20: M | R20: M | S20: M | T20: M | U20: M | V20: M | W20: M | X20: M | Y20: M | Z20: M | AA20: M | AB20: M | AC20: M | AD20: M | AE20: M | AF20: M | AG20: M | AH20: M | AI20: M | BM20: =CountryCode & ".T2.ONFT.S1312.MNAC." & RefVintage -> #VALUE!
A21: T2.ONFT1.S1312 | B21: A.N.@@._Z.S1312._Z._Z.B.ORNF._Z.T._Z.XDC._T.S.V.N.C01.EDP2 | C21: Részletező sor 1 | BM21: =CountryCode & ".T2.ONFT1.S1312.MNAC." & RefVintage -> #VALUE!
A22: T2.ONFT2.S1312 | B22: A.N.@@._Z.S1312._Z._Z.B.ORNF._Z.T._Z.XDC._T.S.V.N.C02.EDP2 | C22: Részletező sor 2 | BM22: =CountryCode & ".T2.ONFT2.S1312.MNAC." & RefVintage -> #VALUE!
A24: T2.D41DIF.S1312 | B24: A.N.@@._Z.S1312._Z._Z.B.ORD41A._Z.T._Z.XDC._T.S.V.N._T.EDP2 | C24: A kifizetett (+) és felhalmozódott (-) kamatok különbözete (D.41) | D24: M | E24: M | F24: M | G24: M | H24: M | I24: M | J24: M | K24: M | L24: M | M24: M | N24: M | O24: M | P24: M | Q24: M | R24: M | S24: M | T24: M | U24: M | V24: M | W24: M | X24: M | Y24: M | Z24: M | AA24: M | AB24: M | AC24: M | AD24: M | AE24: M | AF24: M | AG24: M | AH24: M | AI24: M | BM24: =CountryCode & ".T2.D41DIF.S1312.MNAC." & RefVintage -> #VALUE!
A26: T2.F8ASS.S1312 | B26: A.N.@@._Z.S1312._Z._Z.A.F.F8.T._Z.XDC._T.S.V.N._T.EDP2 | C26: Egyéb követelések (+) | D26: M | E26: M | F26: M | G26: M | H26: M | I26: M | J26: M | K26: M | L26: M | M26: M | N26: M | O26: M | P26: M | Q26: M | R26: M | S26: M | T26: M | U26: M | V26: M | W26: M | X26: M | Y26: M | Z26: M | AA26: M | AB26: M | AC26: M | AD26: M | AE26: M | AF26: M | AG26: M | AH26: M | AI26: M | BM26: =CountryCode & ".T2.F8ASS.S1312.MNAC." & RefVintage -> #VALUE!
A27: T2.F8ASS1.S1312 | B27: A.N.@@._Z.S1312._Z._Z.A.F.F8.T._Z.XDC._T.S.V.N.C01.EDP2 | C27: Részletező sor 1 | BM27: =CountryCode & ".T2.F8ASS1.S1312.MNAC." & RefVintage -> #VALUE!
A28: T2.F8ASS2.S1312 | B28: A.N.@@._Z.S1312._Z._Z.A.F.F8.T._Z.XDC._T.S.V.N.C02.EDP2 | C28: Részletező sor 2 | BM28: =CountryCode & ".T2.F8ASS2.S1312.MNAC." & RefVintage -> #VALUE!
A29: T2.F8LIA.S1312 | B29: A.N.@@._Z.S1312._Z._Z.L.F.F8.T._Z.XDC._T.S.V.N._T.EDP2 | C29: Egyéb tartozások (-) | D29: M | E29: M | F29: M | G29: M | H29: M | I29: M | J29: M | K29: M | L29: M | M29: M | N29: M | O29: M | P29: M | Q29: M | R29: M | S29: M | T29: M | U29: M | V29: M | W29: M | X29: M | Y29: M | Z29: M | AA29: M | AB29: M | AC29: M | AD29: M | AE29: M | AF29: M | AG29: M | AH29: M | AI29: M | BM29: =CountryCode & ".T2.F8LIA.S1312.MNAC." & RefVintage -> #VALUE!
A30: T2.F8LIA1.S1312 | B30: A.N.@@._Z.S1312._Z._Z.L.F.F8.T._Z.XDC._T.S.V.N.C01.EDP2 | C30: Részletező sor 1 | BM30: =CountryCode & ".T2.F8LIA1.S1312.MNAC." & RefVintage -> #VALUE!
A31: T2.F8LIA2.S1312 | B31: A.N.@@._Z.S1312._Z._Z.L.F.F8.T._Z.XDC._T.S.V.N.C02.EDP2 | C31: Részletező sor 2 | BM31: =CountryCode & ".T2.F8LIA2.S1312.MNAC." & RefVintage -> #VALUE!
A33: T2.B9_OWB.S1312 | B33: A.N.@@._Z.S1312._Z._Z.B.ORWB_E._Z.T._Z.XDC._T.S.V.N._T.EDP2 | C33: Tartományi kormányzatba nem tartozó intézményi egységek nettó hitelfelvétele (-) / hitelnyújtása (+) | D33: M | E33: M | F33: M | G33: M | H33: M | I33: M | J33: M | K33: M | L33: M | M33: M | N33: M | O33: M | P33: M | Q33: M | R33: M | S33: M | T33: M | U33: M | V33: M | W33: M | X33: M | Y33: M | Z33: M | AA33: M | AB33: M | AC33: M | AD33: M | AE33: M | AF33: M | AG33: M | AH33: M | AI33: M | BM33: =CountryCode & ".T2.B9_OWB.S1312.MNAC." & RefVintage -> #VALUE!
A34: T2.B9_OB.S1312 | B34: A.N.@@._Z.S13122._Z._Z.B.B9._Z._Z._Z.XDC._T.S.V.N._T.EDP2 | C34: Egyéb, tartományi kormányzatba tartozó egységek nettó hitelfelvétele (-) / hitelnyújtása (+) | D34: M | E34: M | F34: M | G34: M | H34: M | I34: M | J34: M | K34: M | L34: M | M34: M | N34: M | O34: M | P34: M | Q34: M | R34: M | S34: M | T34: M | U34: M | V34: M | W34: M | X34: M | Y34: M | Z34: M | AA34: M | AB34: M | AC34: M | AD34: M | AE34: M | AF34: M | AG34: M | AH34: M | AI34: M | BM34: =CountryCode & ".T2.B9_OB.S1312.MNAC." & RefVintage -> #VALUE!
A35: T2.B9_OB1.S1312 | B35: A.N.@@._Z.S13122._Z._Z.B.B9._Z._Z._Z.XDC._T.S.V.N.C01.EDP2 | C35: Részletező sor 1 | BM35: =CountryCode & ".T2.B9_OB1.S1312.MNAC." & RefVintage -> #VALUE!
A36: T2.B9_OB2.S1312 | B36: A.N.@@._Z.S13122._Z._Z.B.B9._Z._Z._Z.XDC._T.S.V.N.C02.EDP2 | C36: Részletező sor 2 | BM36: =CountryCode & ".T2.B9_OB2.S1312.MNAC." & RefVintage -> #VALUE!
A38: T2.OA.S1312 | B38: A.N.@@._Z.S1312._Z._Z._X.OROA._Z.T._Z.XDC._T.S.V.N._T.EDP2 | C38: Egyéb korrekciók (+/-) (részletesen) | D38: M | E38: M | F38: M | G38: M | H38: M | I38: M | J38: M | K38: M | L38: M | M38: M | N38: M | O38: M | P38: M | Q38: M | R38: M | S38: M | T38: M | U38: M | V38: M | W38: M | X38: M | Y38: M | Z38: M | AA38: M | AB38: M | AC38: M | AD38: M | AE38: M | AF38: M | AG38: M | AH38: M | AI38: M | BM38: =CountryCode & ".T2.OA.S1312.MNAC." & RefVintage -> #VALUE!
A39: T2.OA1.S1312 | B39: A.N.@@._Z.S1312._Z._Z._X.OROA._Z.T._Z.XDC._T.S.V.N.C01.EDP2 | C39: Részletező sor 1 | BM39: =CountryCode & ".T2.OA1.S1312.MNAC." & RefVintage -> #VALUE!
A40: T2.OA2.S1312 | B40: A.N.@@._Z.S1312._Z._Z._X.OROA._Z.T._Z.XDC._T.S.V.N.C02.EDP2 | C40: Részletező sor 2 | BM40: =CountryCode & ".T2.OA2.S1312.MNAC." & RefVintage -> #VALUE!
A41: T2.OA3.S1312 | B41: A.N.@@._Z.S1312._Z._Z._X.OROA._Z.T._Z.XDC._T.S.V.N.C03.EDP2 | C41: Részletező sor 3 | BM41: =CountryCode & ".T2.OA3.S1312.MNAC." & RefVintage -> #VALUE!
A43: T2.B9.S1312 | B43: A.N.@@._Z.S1312._Z._Z.B.B9._Z._Z._Z.XDC._T.S.V.N._T.EDP2 | C43: A Tartományi kormányzat alszektor nettó hitelfelvétele(-)/hitelnyújtása(+) (S.1312) | D43: M | E43: M | F43: M | G43: M | H43: M | I43: M | J43: M | K43: M | L43: M | M43: M | N43: M | O43: M | P43: M | Q43: M | R43: M | S43: M | T43: M | U43: M | V43: M | W43: M | X43: M | Y43: M | Z43: M | AA43: M | AB43: M | AC43: M | AD43: M | AE43: M | AF43: M | AG43: M | AH43: M | AI43: M | BM43: =CountryCode & ".T2.B9.S1312.MNAC." & RefVintage -> #VALUE!
C44: (ESA2010 számlák)
C46: (1) Kérjük jelezze, hogy a hivatalos egyenleg alapja milyen szemléletű: pénzforgalmi, eredmény, vegyes vagy egyéb.
C47: Megjegyzés: A gyakorlat szerint a Tagállamok feladata, hogy saját nemzeti jellegzetességeikhez igazítsák a 2A, B, C és D táblákat.
C51: COVERAGE | D51: =IF(COUNTA(D8:Z8,D11:Z16,D20:Z20,D24:Z24,D26:Z26,D29:Z29,D33:Z34,D38:Z38,D43:Z43)/255*100=100,"OK - Table 2B is fully completed","WARNING - Table 2B is not fully completed, please fill in figure, L, M or 0") -> WARNING - Table 2B is not fully completed, please fill in figure, L, M or 0 | AC51: OK | AD51: OK | AE51: OK | AF51: OK | AG51: OK | AH51: OK | AI51: OK
C52: VERTICAL CHECKS | AC52: 2020 | AD52: 2021 | AE52: 2022 | AF52: 2023 | AG52: 2024 | AH52: 2025 | AI52: 2026
C53: T2.WB.S1312+T2.FT.S1312+T2.ONFT.S1312+T2.D41DIF.S1312+T2.F8ASS.S1312+T2.F8LIA.S1312+ +T2.B9_OWB.S1312+T2.B9_OB.S1312+T2.OA.S1312= T2.B9.S1312 | D53: =IF(D43="M",0,D43)-IF(D8="M",0,D8)-IF(D11="M",0,D11)-IF(D20="M",0,D20)-IF(D24="M",0,D24)-IF(D26="M",0,D26)-IF(D29="M",0,D29)-IF(D33="M",0,D33)-IF(D34="M",0,D34)-IF(D38="M",0,D38) -> 0 | E53: =IF(E43="M",0,E43)-IF(E8="M",0,E8)-IF(E11="M",0,E11)-IF(E20="M",0,E20)-IF(E24="M",0,E24)-IF(E26="M",0,E26)-IF(E29="M",0,E29)-IF(E33="M",0,E33)-IF(E34="M",0,E34)-IF(E38="M",0,E38) -> 0 | F53: =IF(F43="M",0,F43)-IF(F8="M",0,F8)-IF(F11="M",0,F11)-IF(F20="M",0,F20)-IF(F24="M",0,F24)-IF(F26="M",0,F26)-IF(F29="M",0,F29)-IF(F33="M",0,F33)-IF(F34="M",0,F34)-IF(F38="M",0,F38) -> 0 | G53: =IF(G43="M",0,G43)-IF(G8="M",0,G8)-IF(G11="M",0,G11)-IF(G20="M",0,G20)-IF(G24="M",0,G24)-IF(G26="M",0,G26)-IF(G29="M",0,G29)-IF(G33="M",0,G33)-IF(G34="M",0,G34)-IF(G38="M",0,G38) -> 0 | H53: =IF(H43="M",0,H43)-IF(H8="M",0,H8)-IF(H11="M",0,H11)-IF(H20="M",0,H20)-IF(H24="M",0,H24)-IF(H26="M",0,H26)-IF(H29="M",0,H29)-IF(H33="M",0,H33)-IF(H34="M",0,H34)-IF(H38="M",0,H38) -> 0 | I53: =IF(I43="M",0,I43)-IF(I8="M",0,I8)-IF(I11="M",0,I11)-IF(I20="M",0,I20)-IF(I24="M",0,I24)-IF(I26="M",0,I26)-IF(I29="M",0,I29)-IF(I33="M",0,I33)-IF(I34="M",0,I34)-IF(I38="M",0,I38) -> 0 | J53: =IF(J43="M",0,J43)-IF(J8="M",0,J8)-IF(J11="M",0,J11)-IF(J20="M",0,J20)-IF(J24="M",0,J24)-IF(J26="M",0,J26)-IF(J29="M",0,J29)-IF(J33="M",0,J33)-IF(J34="M",0,J34)-IF(J38="M",0,J38) -> 0 | K53: =IF(K43="M",0,K43)-IF(K8="M",0,K8)-IF(K11="M",0,K11)-IF(K20="M",0,K20)-IF(K24="M",0,K24)-IF(K26="M",0,K26)-IF(K29="M",0,K29)-IF(K33="M",0,K33)-IF(K34="M",0,K34)-IF(K38="M",0,K38) -> 0 | ... Z53: =IF(Z43="M",0,Z43)-IF(Z8="M",0,Z8)-IF(Z11="M",0,Z11)-IF(Z20="M",0,Z20)-IF(Z24="M",0,Z24)-IF(Z26="M",0,Z26)-IF(Z29="M",0,Z29)-IF(Z33="M",0,Z33)-IF(Z34="M",0,Z34)-IF(Z38="M",0,Z38) -> 0 | AB53: =IF(AB43="M",0,AB43)-IF(AB8="M",0,AB8)-IF(AB11="M",0,AB11)-IF(AB20="M",0,AB20)-IF(AB24="M",0,AB24)-IF(AB26="M",0,AB26)-IF(AB29="M",0,AB29)-IF(AB33="M",0,AB33)-IF(AB34="M",0,AB34)-IF(AB38="M",0,AB38) -> 0 | AC53: 0 | AD53: 0 | AE53: 0 | AF53: 0 | AG53: 0 | AH53: 0 | AI53: 0
C54: T2.FT.S1312=T2.F4.S1312+T2.F5.S1312+T2.OFT.S1312 | D54: =IF(D11="M",0,D11)-IF(D12="M",0,D12)-IF(D13="M",0,D13)-IF(D14="M",0,D14) -> 0 | E54: =IF(E11="M",0,E11)-IF(E12="M",0,E12)-IF(E13="M",0,E13)-IF(E14="M",0,E14) -> 0 | F54: =IF(F11="M",0,F11)-IF(F12="M",0,F12)-IF(F13="M",0,F13)-IF(F14="M",0,F14) -> 0 | G54: =IF(G11="M",0,G11)-IF(G12="M",0,G12)-IF(G13="M",0,G13)-IF(G14="M",0,G14) -> 0 | H54: =IF(H11="M",0,H11)-IF(H12="M",0,H12)-IF(H13="M",0,H13)-IF(H14="M",0,H14) -> 0 | I54: =IF(I11="M",0,I11)-IF(I12="M",0,I12)-IF(I13="M",0,I13)-IF(I14="M",0,I14) -> 0 | J54: =IF(J11="M",0,J11)-IF(J12="M",0,J12)-IF(J13="M",0,J13)-IF(J14="M",0,J14) -> 0 | K54: =IF(K11="M",0,K11)-IF(K12="M",0,K12)-IF(K13="M",0,K13)-IF(K14="M",0,K14) -> 0 | ... Z54: =IF(Z11="M",0,Z11)-IF(Z12="M",0,Z12)-IF(Z13="M",0,Z13)-IF(Z14="M",0,Z14) -> 0 | AB54: =IF(AB11="M",0,AB11)-IF(AB12="M",0,AB12)-IF(AB13="M",0,AB13)-IF(AB14="M",0,AB14) -> 0 | AC54: 0 | AD54: 0 | AE54: 0 | AF54: 0 | AG54: 0 | AH54: 0 | AI54: 0
C55: T2.OA.S1312=T2.OA1.S1312+T2.OA2.S1312+T2.OA3.S1312 | D55: =D38-SUM(D39:D42) -> 0 | E55: =E38-SUM(E39:E42) -> 0 | F55: =F38-SUM(F39:F42) -> 0 | G55: =G38-SUM(G39:G42) -> 0 | H55: =H38-SUM(H39:H42) -> 0 | I55: =I38-SUM(I39:I42) -> 0 | J55: =J38-SUM(J39:J42) -> 0 | K55: =K38-SUM(K39:K42) -> 0 | ... Z55: =Z38-SUM(Z39:Z42) -> 0 | AB55: =AB38-SUM(AB39:AB42) -> 0 | AC55: 0 | AD55: 0 | AE55: 0 | AF55: 0 | AG55: 0 | AH55: 0 | AI55: 0
C56: HORIZONTAL CHECKS
C57: T1.B9.S1312= T2.B9.S1312 | D57: =IF('1. Tábla'!E12="M",0,'1. Tábla'!E12)-IF('2B Tábla'!D43="M",0,'2B Tábla'!D43) -> 0 | E57: =IF('1. Tábla'!F12="M",0,'1. Tábla'!F12)-IF('2B Tábla'!E43="M",0,'2B Tábla'!E43) -> 0 | F57: =IF('1. Tábla'!G12="M",0,'1. Tábla'!G12)-IF('2B Tábla'!F43="M",0,'2B Tábla'!F43) -> 0 | G57: =IF('1. Tábla'!H12="M",0,'1. Tábla'!H12)-IF('2B Tábla'!G43="M",0,'2B Tábla'!G43) -> 0 | H57: =IF('1. Tábla'!I12="M",0,'1. Tábla'!I12)-IF('2B Tábla'!H43="M",0,'2B Tábla'!H43) -> 0 | I57: =IF('1. Tábla'!J12="M",0,'1. Tábla'!J12)-IF('2B Tábla'!I43="M",0,'2B Tábla'!I43) -> 0 | J57: =IF('1. Tábla'!K12="M",0,'1. Tábla'!K12)-IF('2B Tábla'!J43="M",0,'2B Tábla'!J43) -> 0 | K57: =IF('1. Tábla'!L12="M",0,'1. Tábla'!L12)-IF('2B Tábla'!K43="M",0,'2B Tábla'!K43) -> 0 | ... Z57: =IF('1. Tábla'!AA12="M",0,'1. Tábla'!AA12)-IF('2B Tábla'!Z43="M",0,'2B Tábla'!Z43) -> 0 | AB57: =IF('1. Tábla'!AC12="M",0,'1. Tábla'!AC12)-IF('2B Tábla'!AB43="M",0,'2B Tábla'!AB43) -> 0 | AC57: 0 | AD57: 0 | AE57: 0 | AF57: 0 | AG57: 0 | AH57: 0 | AI57: 0

Sheet 2C Tábla
C1: 2C tábla. A helyi önkormányzatok hivatalos egyenlege és a helyi önkormányzatok alszektor hiánya/többlete (EDP B.9) közötti levezetés | AM1: cash | AN1: =Fedőlap!$N$1 -> Oct.2016 | AO1: 3 | AP1: 4 | AQ1: 5 | AR1: 6 | AS1: =AR1+1 -> 7 | AT1: =AS1+1 -> 8 | AU1: =AT1+1 -> 9 | AV1: =AU1+1 -> 10 | AW1: =AV1+1 -> 11 | AX1: =AW1+1 -> 12 | AY1: =AX1+1 -> 13 | AZ1: =AY1+1 -> 14 | ... BE1: =BD1+1 -> 19
AM2: accrual
AM3: mixed
C4: Tagország: Magyarország | D4: Year | AM4: other
A5: DATES | B5: SDMX series | C5: Adatok millió forintban | D5: ='1. Tábla'!E5 -> 1995 | E5: =D5+1 -> 1996 | F5: =E5+1 -> 1997 | G5: =F5+1 -> 1998 | H5: =G5+1 -> 1999 | I5: =H5+1 -> 2000 | J5: =I5+1 -> 2001 | K5: =J5+1 -> 2002 | L5: =K5+1 -> 2003 | ... U5: =T5+1 -> 2012 | V5: 2013 | W5: 2014 | X5: 2015 | Y5: 2016 | Z5: 2017 | AA5: 2018 | AB5: 2019 | AC5: 2020
C6: =Fedőlap!E15 -> Dátum: 2025.10.10.
A8: T2.WB.S1313 | B8: A.N.@@._Z.S1313._Z._Z.B.ORWB._Z.T._Z.XDC._T.S.V.N._T.EDP2 | C8: A helyi önkormányzatok hivatalos egyenlege | D8: -4063 | E8: 22988 | F8: 4814 | G8: -8769 | H8: 22993 | I8: 4970 | J8: 1291 | K8: -104968 | L8: -31671 | M8: -16464 | N8: -81375 | O8: -156510 | P8: -53858 | Q8: 15566 | R8: -82537 | S8: -231989 | T8: 141614 | U8: 90339 | V8: 114817 | W8: 89510.4 | X8: 13554.4 | Y8: 284790.1 | Z8: 518929.8 | AA8: 249451 | AB8: -76334 | AC8: -111204
C9: A hivatalos egyenleg alapja | D9: pénzforgalmi | E9: pénzforgalmi | F9: pénzforgalmi | G9: pénzforgalmi | H9: pénzforgalmi | I9: pénzforgalmi | J9: pénzforgalmi | K9: pénzforgalmi | L9: pénzforgalmi | M9: pénzforgalmi | N9: pénzforgalmi | O9: pénzforgalmi | P9: pénzforgalmi | Q9: vegyes | R9: vegyes | S9: vegyes | T9: vegyes | U9: vegyes | V9: pénzforgalmi | W9: pénzforgalmi | X9: pénzforgalmi | Y9: pénzforgalmi | Z9: pénzforgalmi | AA9: pénzforgalmi | AB9: pénzforgalmi | AC9: pénzforgalmi | AD9: (1) | AE9: (1) | AF9: (1) | AG9: (1) | AH9: (1) | AI9: (1)
A11: T2.FT.S1313 | B11: A.N.@@._Z.S1313._Z._Z.B.F.F.T._Z.XDC._T.S.V.N._T.EDP2 | C11: A hivatalos egyenlegben elszámolt pénzügyi műveletek | D11: -8533 | E11: -5007 | F11: -19093 | G11: -14460 | H11: -14539 | I11: -19235 | J11: -913 | K11: -12803 | L11: -8658 | M11: -7754 | N11: -16985 | O11: -10839 | P11: -25311 | Q11: -16580 | R11: -1019 | S11: 621 | T11: -26302 | U11: 25125 | V11: 8407 | W11: -46790.97 | X11: -6172.7145 | Y11: -11170.097 | Z11: -11314.474 | AA11: -17617 | AB11: -2680 | AC11: -6473.76
A12: T2.F4.S1313 | B12: A.N.@@._Z.S1313._Z.N.A.F.F4.T._Z.XDC._T.S.V.N._T.EDP2 | C12: Hitelműveletek (+/-) | D12: 32879 | E12: 33231 | F12: 35835 | G12: -12362 | H12: -6264 | I12: -5015 | J12: -3188 | K12: -8254 | L12: -7970 | M12: -5101 | N12: -6194 | O12: -5430 | P12: -6547 | Q12: -7434 | R12: -4609 | S12: -1982 | T12: -3140 | U12: 12039 | V12: -1710 | W12: -3192 | X12: -8352.332 | Y12: -7208.0402 | Z12: -22482.775 | AA12: -8391 | AB12: -1763 | AC12: -2305
A13: T2.F5.S1313 | B13: A.N.@@._Z.S1313._Z.N.A.F.F5.T._Z.XDC._T.S.V.N._T.EDP2 | C13: Részvényműveletek (+/-) | D13: -18343 | E13: -20844 | F13: -71207 | G13: 561 | H13: -11680 | I13: -20781 | J13: 738 | K13: -5817 | L13: 1463 | M13: -3914 | N13: -10633 | O13: -7711 | P13: -18207 | Q13: -16270 | R13: 3017 | S13: 1476 | T13: 2360 | U13: 4669 | V13: 8119 | W13: -42401.97 | X13: -952.2955 | Y13: -4922.4968 | Z13: 13095.687 | AA13: -2911 | AB13: 3725 | AC13: -2082.76
A14: T2.OFT.S1313 | B14: A.N.@@._Z.S1313._Z._Z.N.F.FNDX.T._Z.XDC._T.S.V.N._T.EDP2 | C14: Egyéb pénzügyi műveletek (+/-) | D14: -23069 | E14: -17394 | F14: 16279 | G14: -2659 | H14: 3405 | I14: 6561 | J14: 1537 | K14: 1268 | L14: -2151 | M14: 1261 | N14: -158 | O14: 2302 | P14: -557 | Q14: 7124 | R14: 573 | S14: 1127 | T14: -25522 | U14: 8417 | V14: 1998 | W14: -1197 | X14: 3131.913 | Y14: 960.43999 | Z14: -1927.3862 | AA14: -6315 | AB14: -4642 | AC14: -2086
A15: T2.OFTDL.S1313 | B15: A.N.@@._Z.S1313._Z._Z.L.F.FNDL.T._Z.XDC._T.S.V.N._T.EDP2 | C15: ebből: adósság részét képező kötelezettségekkel kapcsolatos műveletek | D15: L | E15: L | F15: L | G15: L | H15: L | I15: L | J15: L | K15: L | L15: L | M15: L | N15: L | O15: L | P15: L | Q15: 0 | R15: 0 | S15: 0 | T15: 0 | U15: 0 | V15: 0 | W15: 0 | X15: 0 | Y15: 0 | Z15: 0 | AA15: 0 | AB15: 0 | AC15: 0
A16: T2.F71K.S1313 | B16: A.N.@@._Z.S1313._Z._Z.N.F.F71K.T._Z.XDC._T.S.V.N._T.EDP2 | C16: ebből: swap ügyletek kamata | D16: M | E16: M | F16: M | G16: M | H16: M | I16: M | J16: M | K16: M | L16: M | M16: M | N16: M | O16: M | P16: M | Q16: M | R16: M | S16: M | T16: M | U16: M | V16: M | W16: M | X16: M | Y16: M | Z16: M | AA16: M | AB16: M | AC16: M
A17: T2.OFT1.S1313 | B17: A.N.@@._Z.S1313._Z._Z.N.F.FNDX.T._Z.XDC._T.S.V.N.C01.EDP2 | C17: Rövid lejáratú kötvények vásárlása és eladása | E17: -17929 | F17: 15950 | AJ17: 1996-ban és 1997-ben az államháztartási egyenleg rövid lejáratú kötvények eladását és vásárlását tartalmazta
A18: T2.OFT2.S1313 | B18: A.N.@@._Z.S1313._Z._Z.N.F.FNDX.T._Z.XDC._T.S.V.N.C02.EDP2 | C18: Részletező sor 2
A20: T2.ONFT.S1313 | B20: A.N.@@._Z.S1313._Z._Z.B.ORNF._Z.T._Z.XDC._T.S.V.N._T.EDP2 | C20: A hivatalos egyenlegben nem szereplő nem pénzügyi műveletek | D20: M | E20: M | F20: M | G20: M | H20: M | I20: M | J20: M | K20: M | L20: M | M20: M | N20: M | O20: M | P20: M | Q20: M | R20: M | S20: M | T20: M | U20: M | V20: M | W20: M | X20: 50.263 | Y20: 192.09666 | Z20: 0 | AA20: 0 | AB20: M | AC20: M
A21: T2.ONFT1.S1313 | B21: A.N.@@._Z.S1313._Z._Z.B.ORNF._Z.T._Z.XDC._T.S.V.N.C01.EDP2 | C21: Részletező sor 1 | X21: 50.263 | Y21: 192.09666 | Z21: 0 | AA21: 0 | AB21: M | AC21: M
A22: T2.ONFT2.S1313 | B22: A.N.@@._Z.S1313._Z._Z.B.ORNF._Z.T._Z.XDC._T.S.V.N.C02.EDP2 | C22: Részletező sor 2
A24: T2.D41DIF.S1313 | B24: A.N.@@._Z.S1313._Z._Z.B.ORD41A._Z.T._Z.XDC._T.S.V.N._T.EDP2 | C24: A kifizetett (+) és felhalmozódott (-) kamatok különbözete (D.41) | D24: 0 | E24: 0 | F24: 0 | G24: 0 | H24: 0 | I24: 0 | J24: 262 | K24: 202 | L24: -461 | M24: 463 | N24: -255 | O24: -1094 | P24: -860 | Q24: -1795 | R24: 0 | S24: 0 | T24: 0 | U24: 0 | V24: 0 | W24: 0 | X24: 0 | Y24: 0 | Z24: 0 | AA24: 0 | AB24: 0 | AC24: 0
A26: T2.F8ASS.S1313 | B26: A.N.@@._Z.S1313._Z._Z.A.F.F8.T._Z.XDC._T.S.V.N._T.EDP2 | C26: Egyéb követelések (+) | D26: 0 | E26: 0 | F26: 0 | G26: 0 | H26: 0 | I26: 0 | J26: 0 | K26: -420 | L26: 1858 | M26: 2651 | N26: 3178 | O26: 574 | P26: 903 | Q26: -23335 | R26: -1484 | S26: 5423 | T26: 4667 | U26: 2877 | V26: 12910 | W26: -9336 | X26: 9951.087 | Y26: -172677.52 | Z26: -472727.19 | AA26: -197614 | AB26: 61397 | AC26: 126911
C27: D.2-höz kapcsolódóan | AC27: 25964
A28: T2.F8ASS1.S1313 | B28: A.N.@@._Z.S1313._Z._Z.A.F.F8.T._Z.XDC._T.S.V.N.C01.EDP2 | C28: P.11-hez és P.131-hez kapcsolódóan | K28: -420 | L28: 1858 | M28: 2651 | N28: 3178 | O28: 574 | P28: 903 | Q28: 826 | R28: -674 | S28: 2702 | T28: -902 | U28: 1712 | V28: 11911 | W28: -9901 | X28: 10599 | Y28: -125 | Z28: 568 | AA28: 1790 | AB28: 12044 | AC28: -6744
A29: T2.F8ASS2.S1313 | B29: A.N.@@._Z.S1313._Z._Z.A.F.F8.T._Z.XDC._T.S.V.N.C02.EDP2 | C29: Eredményszemléletű korrekció (konszolidáció) | Q29: -24161 | R29: -810 | S29: 2721 | T29: 5569 | U29: 1165 | V29: 999 | W29: 565 | X29: -647.913 | Y29: -14586.515 | Z29: 2527.8077 | AA29: 267 | AB29: -52 | AC29: 1029 | AJ29: A kormányzaton belüli transzferek időbeli eltérései
B30: A.N.@@._Z.S1313._Z._Z.A.F.F8.T._Z.XDC._T.S.V.N.C03.EDP2 | C30: A központ által előlegként nyújtott EU támogatásokhoz kapcsolódóan | Y30: -157966 | Z30: -475823 | AA30: -199671 | AB30: 49405 | AC30: 106662
A31: T2.F8LIA.S1313 | B31: A.N.@@._Z.S1313._Z._Z.L.F.F8.T._Z.XDC._T.S.V.N._T.EDP2 | C31: Egyéb tartozások (-) | D31: -6702 | E31: -3710 | F31: 6318 | G31: -12305 | H31: -12322 | I31: -27432 | J31: -25728 | K31: -47515 | L31: -2138 | M31: -42024 | N31: -29789.615 | O31: -28482 | P31: 54051 | Q31: 40249 | R31: -18674 | S31: -13247 | T31: -10456 | U31: 31514 | V31: 18457 | W31: 8393.75 | X31: 41547 | Y31: -2533.612 | Z31: -11215.98 | AA31: -9987 | AB31: -11735 | AC31: 16185.617
A32: T2.F8LIA1.S1313 | B32: A.N.@@._Z.S1313._Z._Z.L.F.F8.T._Z.XDC._T.S.V.N.C01.EDP2 | C32: P.2-höz kapcsolódóan | D32: 0 | E32: 0 | F32: 0 | G32: 0 | H32: 0 | I32: 0 | J32: -54 | K32: 488 | L32: -4440 | M32: -4468 | N32: -9910 | O32: -8902 | P32: 4603 | Q32: 7346 | R32: -16444 | S32: -11047 | T32: -3836 | U32: 15065 | V32: 962 | W32: 12893 | X32: -10980 | Y32: 8922 | Z32: -31989 | AA32: 9805 | AB32: -4016 | AC32: 604.56726
B33: A.N.@@._Z.S1313._Z._Z.L.F.F8.T._Z.XDC._T.S.V.N.C02.EDP2 | C33: D.1-hez kapcsolódóan | D33: 0 | E33: 0 | F33: 0 | G33: 0 | H33: 0 | I33: -10219 | J33: -38961 | K33: -31927 | L33: 1175 | M33: -25503 | N33: -10923 | O33: -616 | P33: 43202 | Q33: 33021 | R33: -4944 | S33: 14 | T33: -2608 | U33: 20837 | V33: 26377 | W33: -3696 | X33: -8177 | Y33: -3049 | Z33: -1673 | AA33: -4362 | AB33: -3779 | AC33: 7081
B34: A.N.@@._Z.S1313._Z._Z.L.F.F8.T._Z.XDC._T.S.V.N.C03.EDP2 | C34: D.62-höz és D.63-hoz kapcsolódóan | U34: -7 | V34: -2250 | W34: -2706.25 | X34: 0 | Y34: 0 | Z34: 0 | AA34: 0 | AB34: 0 | AC34: 0
A35: T2.F8LIA2.S1313 | B35: A.N.@@._Z.S1313._Z._Z.L.F.F8.T._Z.XDC._T.S.V.N.C04.EDP2 | C35: P.51-hez kapcsolódóan | P35: 0 | Q35: -118 | R35: 2714 | S35: -2214 | T35: -4012 | U35: -4381 | V35: -6632 | W35: 1903 | X35: 60704 | Y35: -8406.612 | Z35: 22446.02 | AA35: -15430 | AB35: -3940 | AC35: 8500.0498
A37: T2.B9_OWB.S1313 | B37: A.N.@@._Z.S1313._Z._Z.B.ORWB_E._Z.T._Z.XDC._T.S.V.N._T.EDP2 | C37: Helyi önkormányzatba nem tartozó intézményi egységek nettó hitelfelvétele (-) / hitelnyújtása (+) | D37: M | E37: M | F37: M | G37: M | H37: M | I37: M | J37: M | K37: M | L37: M | M37: M | N37: M | O37: M | P37: M | Q37: M | R37: M | S37: M | T37: M | U37: M | V37: M | W37: M | X37: M | Y37: M | Z37: M | AA37: M | AB37: M | AC37: M
A38: T2.B9_OB.S1313 | B38: A.N.@@._Z.S13132._Z._Z.B.B9._Z._Z._Z.XDC._T.S.V.N._T.EDP2 | C38: Egyéb, helyi önkormányzatba tartozó egységek nettó hitelfelvétele (-) / hitelnyújtása (+) | D38: M | E38: M | F38: M | G38: M | H38: M | I38: M | J38: M | K38: M | L38: M | M38: M | N38: M | O38: M | P38: -297 | Q38: -1560 | R38: -3371 | S38: 4982 | T38: 112 | U38: -11299 | V38: 2451 | W38: -2821.607 | X38: -2919 | Y38: 1692 | Z38: -5712 | AA38: 5714 | AB38: -13637.258 | AC38: 25784.173
A39: T2.B9_OB1.S1313 | B39: A.N.@@._Z.S13132._Z._Z.B.B9._Z._Z._Z.XDC._T.S.V.N.C01.EDP2 | C39: Önkormányzatba sorolt vállalatok | P39: -297 | Q39: 118 | R39: -197 | S39: -633 | T39: 24 | U39: -37 | V39: -400 | W39: -1042.607 | X39: -834 | Y39: 1890 | Z39: -5950 | AA39: 6168 | AB39: -13503.518 | AC39: 26028.173
A40: T2.B9_OB2.S1313 | B40: A.N.@@._Z.S13132._Z._Z.B.B9._Z._Z._Z.XDC._T.S.V.N.C02.EDP2 | C40: Önkormányzatba sorolt nonprofit intézmények | Q40: -1678 | R40: -3174 | S40: 5615 | T40: 88 | U40: -11262 | V40: 2851 | W40: -1779 | X40: -2085 | Y40: -198 | Z40: 238 | AA40: -454 | AB40: -133.74017 | AC40: -244
A42: T2.OA.S1313 | B42: A.N.@@._Z.S1313._Z._Z._X.OROA._Z.T._Z.XDC._T.S.V.N._T.EDP2 | C42: Egyéb korrekciók (+/-) (részletesen) | D42: 27095 | E42: 12705 | F42: 6153 | G42: 4501 | H42: 4120 | I42: 5852 | J42: 42618 | K42: 15944 | L42: 11798 | M42: 4201 | N42: 4617 | O42: 4686 | P42: -3389 | Q42: 5801 | R42: 3740 | S42: 3191 | T42: 60346 | U42: 1144 | V42: 594354 | W42: 402898.25 | X42: 1535 | Y42: 2884 | Z42: 2578 | AA42: 0 | AB42: 0 | AC42: 0
A43: T2.OA1.S1313 | B43: A.N.@@._Z.S1313._Z._Z._X.OROA._Z.T._Z.XDC._T.S.V.N.C01.EDP2 | C43: Letéti számla rendezés | J43: 4028 | K43: 9289
B44: A.N.@@._Z.S1313._Z._Z._X.OROA._Z.T._Z.XDC._T.S.V.N.C02.EDP2 | C44: Kötvényátvétel | J44: 30266 | L44: 7870 | Q44: 0
B45: A.N.@@._Z.S1313._Z._Z._X.OROA._Z.T._Z.XDC._T.S.V.N.C03.EDP2 | C45: Lakásprivatizációhoz kapcsolódó imputált hitelnyújtás | D45: 27095 | E45: 12705 | F45: 6153 | G45: 4501 | H45: 4120 | I45: 5852 | J45: 8324 | K45: 6655 | L45: 3928 | M45: 4201 | N45: 4617 | O45: 4686 | P45: 3561 | Q45: 5801 | R45: 3740 | S45: 3191 | T45: 1329 | U45: 1144 | V45: 1790 | W45: 1419.25 | X45: 1535 | Y45: 2884 | Z45: 2578 | AA45: 0
A46: T2.OA2.S1313 | B46: A.N.@@._Z.S1313._Z._Z._X.OROA._Z.T._Z.XDC._T.S.V.N.C04.EDP2 | C46: Részvények ingyenes átadása az ÁPV Zrt-nek | P46: -6950
A47: T2.OA3.S1313 | B47: A.N.@@._Z.S1313._Z._Z._X.OROA._Z.T._Z.XDC._T.S.V.N.C05.EDP2 | C47: Állam által átvállalt adósság | T47: 59017 | V47: 592564 | W47: 401479
A49: T2.B9.S1313 | B49: A.N.@@._Z.S1313._Z._Z.B.B9._Z._Z._Z.XDC._T.S.V.N._T.EDP2 | C49: A Helyi önkormányzatok alszektor nettó hitelfelvétele (-)/hitelnyújtása(+) (S.1313) | D49: 7797 | E49: 26976 | F49: -1808 | G49: -31033 | H49: 252 | I49: -35845 | J49: 17530 | K49: -149560 | L49: -29272 | M49: -58927 | N49: -120609.62 | O49: -191665 | P49: -28761 | Q49: 18346 | R49: -103345 | S49: -231019 | T49: 169981 | U49: 139700 | V49: 751396 | W49: 441853.82 | X49: 57546.036 | Y49: 103176.97 | Z49: 20538.153 | AA49: 29947 | AB49: -42989.258 | AC49: 51203.03
C50: (ESA2010 számlák)
C52: (1) Kérjük jelezze, hogy a hivatalos egyenleg alapja milyen szemléletű: pénzforgalmi, eredmény, vegyes vagy egyéb.
C53: Megjegyzés: A gyakorlat szerint a Tagállamok feladata, hogy saját nemzeti jellegzetességeikhez igazítsák a 2A, B, C és D táblákat.
C57: COVERAGE | D57: =IF(COUNTA(D8:Z8,D11:Z16,D20:Z20,D24:Z24,D26:Z26,D31:Z31,D37:Z38,D42:Z42,D49:Z49)/255*100=100,"OK - Table 2B is fully completed","WARNING - Table 2B is not fully completed, please fill in figure, L, M or 0") -> WARNING - Table 2B is not fully completed, please fill in figure, L, M or 0 | AC57: OK | AD57: OK | AE57: OK | AF57: OK | AG57: OK | AH57: OK | AI57: OK
C58: VERTICAL CHECKS | AC58: 2020 | AD58: 2021 | AE58: 2022 | AF58: 2023 | AG58: 2024 | AH58: 2025 | AI58: 2026
C59: T2.WB.S1313+T2.FT.S1313+T2.ONFT.S1313+T2.D41DIF.S1313+T2.F8ASS.S1313+T2.F8LIA.S1313+ +T2.B9_OWB.S1313+T2.B9_OB.S1313+T2.OA.S1313= T2.B9.S1313 | D59: =IF(D49="M",0,D49)-IF(D8="M",0,D8)-IF(D11="M",0,D11)-IF(D20="M",0,D20)-IF(D24="M",0,D24)-IF(D26="M",0,D26)-IF(D31="M",0,D31)-IF(D37="M",0,D37)-IF(D38="M",0,D38)-IF(D42="M",0,D42) -> 0 | E59: =IF(E49="M",0,E49)-IF(E8="M",0,E8)-IF(E11="M",0,E11)-IF(E20="M",0,E20)-IF(E24="M",0,E24)-IF(E26="M",0,E26)-IF(E31="M",0,E31)-IF(E37="M",0,E37)-IF(E38="M",0,E38)-IF(E42="M",0,E42) -> 0 | F59: =IF(F49="M",0,F49)-IF(F8="M",0,F8)-IF(F11="M",0,F11)-IF(F20="M",0,F20)-IF(F24="M",0,F24)-IF(F26="M",0,F26)-IF(F31="M",0,F31)-IF(F37="M",0,F37)-IF(F38="M",0,F38)-IF(F42="M",0,F42) -> 0 | G59: =IF(G49="M",0,G49)-IF(G8="M",0,G8)-IF(G11="M",0,G11)-IF(G20="M",0,G20)-IF(G24="M",0,G24)-IF(G26="M",0,G26)-IF(G31="M",0,G31)-IF(G37="M",0,G37)-IF(G38="M",0,G38)-IF(G42="M",0,G42) -> 0 | H59: =IF(H49="M",0,H49)-IF(H8="M",0,H8)-IF(H11="M",0,H11)-IF(H20="M",0,H20)-IF(H24="M",0,H24)-IF(H26="M",0,H26)-IF(H31="M",0,H31)-IF(H37="M",0,H37)-IF(H38="M",0,H38)-IF(H42="M",0,H42) -> 0 | I59: =IF(I49="M",0,I49)-IF(I8="M",0,I8)-IF(I11="M",0,I11)-IF(I20="M",0,I20)-IF(I24="M",0,I24)-IF(I26="M",0,I26)-IF(I31="M",0,I31)-IF(I37="M",0,I37)-IF(I38="M",0,I38)-IF(I42="M",0,I42) -> 0 | J59: =IF(J49="M",0,J49)-IF(J8="M",0,J8)-IF(J11="M",0,J11)-IF(J20="M",0,J20)-IF(J24="M",0,J24)-IF(J26="M",0,J26)-IF(J31="M",0,J31)-IF(J37="M",0,J37)-IF(J38="M",0,J38)-IF(J42="M",0,J42) -> 0 | K59: =IF(K49="M",0,K49)-IF(K8="M",0,K8)-IF(K11="M",0,K11)-IF(K20="M",0,K20)-IF(K24="M",0,K24)-IF(K26="M",0,K26)-IF(K31="M",0,K31)-IF(K37="M",0,K37)-IF(K38="M",0,K38)-IF(K42="M",0,K42) -> 0 | ... Z59: =IF(Z49="M",0,Z49)-IF(Z8="M",0,Z8)-IF(Z11="M",0,Z11)-IF(Z20="M",0,Z20)-IF(Z24="M",0,Z24)-IF(Z26="M",0,Z26)-IF(Z31="M",0,Z31)-IF(Z37="M",0,Z37)-IF(Z38="M",0,Z38)-IF(Z42="M",0,Z42) -> 0 | AB59: =IF(AB49="M",0,AB49)-IF(AB8="M",0,AB8)-IF(AB11="M",0,AB11)-IF(AB20="M",0,AB20)-IF(AB24="M",0,AB24)-IF(AB26="M",0,AB26)-IF(AB31="M",0,AB31)-IF(AB37="M",0,AB37)-IF(AB38="M",0,AB38)-IF(AB42="M",0,AB42) -> 1.8189894e-12 | AC59: 0 | AD59: 0 | AE59: 0 | AF59: 0 | AG59: 0 | AH59: 0 | AI59: 0
C60: T2.FT.S1313=T2.F4.S1313+T2.F5.S1313+T2.OFT.S1313 | D60: =IF(D11="M",0,D11)-IF(D12="M",0,D12)-IF(D13="M",0,D13)-IF(D14="M",0,D14) -> 0 | E60: =IF(E11="M",0,E11)-IF(E12="M",0,E12)-IF(E13="M",0,E13)-IF(E14="M",0,E14) -> 0 | F60: =IF(F11="M",0,F11)-IF(F12="M",0,F12)-IF(F13="M",0,F13)-IF(F14="M",0,F14) -> 0 | G60: =IF(G11="M",0,G11)-IF(G12="M",0,G12)-IF(G13="M",0,G13)-IF(G14="M",0,G14) -> 0 | H60: =IF(H11="M",0,H11)-IF(H12="M",0,H12)-IF(H13="M",0,H13)-IF(H14="M",0,H14) -> 0 | I60: =IF(I11="M",0,I11)-IF(I12="M",0,I12)-IF(I13="M",0,I13)-IF(I14="M",0,I14) -> 0 | J60: =IF(J11="M",0,J11)-IF(J12="M",0,J12)-IF(J13="M",0,J13)-IF(J14="M",0,J14) -> 0 | K60: =IF(K11="M",0,K11)-IF(K12="M",0,K12)-IF(K13="M",0,K13)-IF(K14="M",0,K14) -> 0 | ... Z60: =IF(Z11="M",0,Z11)-IF(Z12="M",0,Z12)-IF(Z13="M",0,Z13)-IF(Z14="M",0,Z14) -> 0 | AB60: =IF(AB11="M",0,AB11)-IF(AB12="M",0,AB12)-IF(AB13="M",0,AB13)-IF(AB14="M",0,AB14) -> 0 | AC60: 0 | AD60: 0 | AE60: 0 | AF60: 0 | AG60: 0 | AH60: 0 | AI60: 0
C61: T2.OA.S1313=T2.OA1.S1313+T2.OA2.S1313+T2.OA3.S1313 | D61: =D42-SUM(D43:D48) -> 0 | E61: =E42-SUM(E43:E48) -> 0 | F61: =F42-SUM(F43:F48) -> 0 | G61: =G42-SUM(G43:G48) -> 0 | H61: =H42-SUM(H43:H48) -> 0 | I61: =I42-SUM(I43:I48) -> 0 | J61: =J42-SUM(J43:J48) -> 0 | K61: =K42-SUM(K43:K48) -> 0 | ... Z61: =Z42-SUM(Z43:Z48) -> 0 | AB61: =AB42-SUM(AB43:AB48) -> 0 | AC61: 0 | AD61: 0 | AE61: 0 | AF61: 0 | AG61: 0 | AH61: 0 | AI61: 0
C62: HORIZONTAL CHECKS
C63: T1.B9.S1313= T2.B9.S1313 | D63: =IF('1. Tábla'!E13="M",0,'1. Tábla'!E13)-IF('2C Tábla'!D49="M",0,'2C Tábla'!D49) -> 0 | E63: =IF('1. Tábla'!F13="M",0,'1. Tábla'!F13)-IF('2C Tábla'!E49="M",0,'2C Tábla'!E49) -> 0 | F63: =IF('1. Tábla'!G13="M",0,'1. Tábla'!G13)-IF('2C Tábla'!F49="M",0,'2C Tábla'!F49) -> 0 | G63: =IF('1. Tábla'!H13="M",0,'1. Tábla'!H13)-IF('2C Tábla'!G49="M",0,'2C Tábla'!G49) -> 0 | H63: =IF('1. Tábla'!I13="M",0,'1. Tábla'!I13)-IF('2C Tábla'!H49="M",0,'2C Tábla'!H49) -> 0 | I63: =IF('1. Tábla'!J13="M",0,'1. Tábla'!J13)-IF('2C Tábla'!I49="M",0,'2C Tábla'!I49) -> 0 | J63: =IF('1. Tábla'!K13="M",0,'1. Tábla'!K13)-IF('2C Tábla'!J49="M",0,'2C Tábla'!J49) -> 0 | K63: =IF('1. Tábla'!L13="M",0,'1. Tábla'!L13)-IF('2C Tábla'!K49="M",0,'2C Tábla'!K49) -> 0 | ... Z63: =IF('1. Tábla'!AA13="M",0,'1. Tábla'!AA13)-IF('2C Tábla'!Z49="M",0,'2C Tábla'!Z49) -> 0 | AB63: =IF('1. Tábla'!AC13="M",0,'1. Tábla'!AC13)-IF('2C Tábla'!AB49="M",0,'2C Tábla'!AB49) -> 0 | AC63: 0 | AD63: 0 | AE63: 0 | AF63: 0 | AG63: 0 | AH63: 0 | AI63: 0

Sheet 2D Tábla
C1: 2D tábla: A társadalombiztosítási alapok hivatalos egyenlege és a társadalombiztosítási alapok alszektor hiánya/többlete (EDP B.9) közötti levezetés | AM1: cash | AN1: =Fedőlap!$N$1 -> Oct.2016 | AO1: 3 | AP1: 4 | AQ1: 5 | AR1: 6 | AS1: =AR1+1 -> 7 | AT1: =AS1+1 -> 8 | AU1: =AT1+1 -> 9 | AV1: =AU1+1 -> 10 | AW1: =AV1+1 -> 11 | AX1: =AW1+1 -> 12 | AY1: =AX1+1 -> 13 | AZ1: =AY1+1 -> 14 | ... BE1: =BD1+1 -> 19
AM2: accrual
AM3: mixed
C4: Tagország: Magyarország | D4: Year | AM4: other
A5: DATES | B5: SDMX series | C5: Adatok millió forintban | D5: ='1. Tábla'!E5 -> 1995 | E5: =D5+1 -> 1996 | F5: =E5+1 -> 1997 | G5: =F5+1 -> 1998 | H5: =G5+1 -> 1999 | I5: =H5+1 -> 2000 | J5: =I5+1 -> 2001 | K5: =J5+1 -> 2002 | L5: =K5+1 -> 2003 | ... U5: =T5+1 -> 2012 | V5: 2013 | W5: 2014 | X5: 2015 | Y5: 2016 | Z5: 2017 | AA5: 2018 | AB5: 2019 | AC5: 2020
C6: =Fedőlap!E15 -> Dátum: 2025.10.10.
A8: T2.WB.S1314 | B8: A.N.@@._Z.S1314._Z._Z.B.ORWB._Z.T._Z.XDC._T.S.V.N._T.EDP2 | C8: A társadalombiztosítási alapok hivatalos egyenlege | D8: -41263 | E8: -69663 | F8: -50533 | G8: -90775 | H8: -46567 | I8: -81396.8 | J8: -28811.1 | K8: -100857 | L8: -348968 | M8: -423903 | N8: -468807 | O8: -130793 | P8: 27614 | Q8: -67494 | R8: -156697 | S8: -95386 | T8: -83653 | U8: -117563 | V8: 787 | W8: 7951.5 | X8: -25522.9 | Y8: -76921.4 | Z8: -142890.2 | AA8: -83686 | AB8: -234884 | AC8: -642060 | BM8: =CountryCode & ".T2.WB.S1314.MNAC." & RefVintage -> #VALUE!
C9: A hivatalos egyenleg alapja | D9: pénzforgalmi | E9: pénzforgalmi | F9: pénzforgalmi | G9: pénzforgalmi | H9: pénzforgalmi | I9: pénzforgalmi | J9: pénzforgalmi | K9: pénzforgalmi | L9: pénzforgalmi | M9: pénzforgalmi | N9: pénzforgalmi | O9: pénzforgalmi | P9: pénzforgalmi | Q9: vegyes | R9: vegyes | S9: vegyes | T9: vegyes | U9: vegyes | V9: pénzforgalmi | W9: pénzforgalmi | X9: pénzforgalmi | Y9: pénzforgalmi | Z9: pénzforgalmi | AA9: pénzforgalmi | AB9: pénzforgalmi | AC9: pénzforgalmi | AD9: (1) | AE9: (1) | AF9: (1) | AG9: (1) | AH9: (1) | AI9: (1)
BM10: =CountryCode & ".T2.WB_STATUS.S1314.MNAC." & RefVintage -> #VALUE!
A11: T2.FT.S1314 | B11: A.N.@@._Z.S1314._Z._Z.B.F.F.T._Z.XDC._T.S.V.N._T.EDP2 | C11: A hivatalos egyenlegben elszámolt pénzügyi műveletek | D11: -624 | E11: 162 | F11: -10259 | G11: 1726 | H11: -63750 | I11: -9639.203 | J11: -308.9 | K11: 479 | L11: 758 | M11: 716 | N11: 1138 | O11: 977 | P11: 887 | Q11: 500 | R11: 35 | S11: -655 | T11: -6 | U11: 20 | V11: -302 | W11: -61 | X11: -62.813 | Y11: -44.267129 | Z11: -20.331518 | AA11: 3 | AB11: 7 | AC11: -2 | BM11: =CountryCode & ".T2.FT.S1314.MNAC." & RefVintage -> #VALUE!
A12: T2.F4.S1314 | B12: A.N.@@._Z.S1314._Z.N.A.F.F4.T._Z.XDC._T.S.V.N._T.EDP2 | C12: Hitelműveletek (+/-) | D12: 265 | E12: 568 | F12: -1131 | G12: 4437 | H12: 2942 | I12: -9639.203 | J12: -308.9 | K12: 479 | L12: 779 | M12: 740 | N12: 1145 | O12: 1148 | P12: 889 | Q12: 502 | R12: 40 | S12: -653 | T12: -5 | U12: 20 | V12: -302 | W12: -61 | X12: -62.813 | Y12: -47.114928 | Z12: -21.561417 | AA12: 3 | AB12: 3 | AC12: -2 | BM12: =CountryCode & ".T2.F4.S1314.MNAC." & RefVintage -> #VALUE!
A13: T2.F5.S1314 | B13: A.N.@@._Z.S1314._Z.N.A.F.F5.T._Z.XDC._T.S.V.N._T.EDP2 | C13: Részvényműveletek (+/-) | D13: 410 | E13: 754 | F13: -8200 | G13: -2711 | H13: -66692 | I13: 0 | J13: 0 | K13: M | L13: -21 | M13: -24 | N13: -7 | O13: -171 | P13: -2 | Q13: -2 | R13: -5 | S13: -2 | T13: -1 | U13: 0 | V13: 0 | W13: 0 | X13: 0 | Y13: 0 | Z13: 0 | AA13: 0 | AB13: 0 | AC13: 0 | BM13: =CountryCode & ".T2.F5.S1314.MNAC." & RefVintage -> #VALUE!
A14: T2.OFT.S1314 | B14: A.N.@@._Z.S1314._Z._Z.N.F.FNDX.T._Z.XDC._T.S.V.N._T.EDP2 | C14: Egyéb pénzügyi műveletek (+/-) | D14: -1299 | E14: -1160 | F14: -928 | G14: 0 | H14: 0 | I14: 0 | J14: 0 | K14: M | L14: M | M14: M | N14: M | O14: M | P14: M | Q14: M | R14: M | S14: M | T14: M | U14: M | V14: M | W14: M | X14: M | Y14: 2.847799 | Z14: 1.229899 | AA14: 0 | AB14: 4 | AC14: 0 | BM14: =CountryCode & ".T2.OFT.S1314.MNAC." & RefVintage -> #VALUE!
A15: T2.OFTDL.S1314 | B15: A.N.@@._Z.S1314._Z._Z.L.F.FNDL.T._Z.XDC._T.S.V.N._T.EDP2 | C15: ebből: adósság részét képező kötelezettségekkel kapcsolatos műveletek | D15: L | E15: L | F15: L | G15: L | H15: L | I15: L | J15: L | K15: L | L15: L | M15: L | N15: L | O15: M | P15: M | Q15: M | R15: M | S15: M | T15: M | U15: M | V15: M | W15: M | X15: M | Y15: M | Z15: M | AA15: M | AB15: M | AC15: M | BM15: =CountryCode & ".T2.OFTDL.S1314.MNAC." & RefVintage -> #VALUE!
A16: T2.F71K.S1314 | B16: A.N.@@._Z.S1314._Z._Z.N.F.F71K.T._Z.XDC._T.S.V.N._T.EDP2 | C16: ebből: swap ügyletek kamata | D16: M | E16: M | F16: M | G16: M | H16: M | I16: M | J16: M | K16: M | L16: M | M16: M | N16: M | O16: M | P16: M | Q16: M | R16: M | S16: M | T16: M | U16: M | V16: M | W16: M | X16: M | Y16: M | Z16: M | AA16: M | AB16: M | AC16: M | BM16: =CountryCode & ".T2.F71K.S1314.MNAC." & RefVintage -> #VALUE!
A17: T2.OFT1.S1314 | B17: A.N.@@._Z.S1314._Z._Z.N.F.FNDX.T._Z.XDC._T.S.V.N.C01.EDP2 | C17: Részletező sor 1 | BM17: =CountryCode & ".T2.OFT1.S1314.MNAC." & RefVintage -> #VALUE!
A18: T2.OFT2.S1314 | B18: A.N.@@._Z.S1314._Z._Z.N.F.FNDX.T._Z.XDC._T.S.V.N.C02.EDP2 | C18: Részletező sor 2 | BM18: =CountryCode & ".T2.OFT2.S1314.MNAC." & RefVintage -> #VALUE!
A20: T2.ONFT.S1314 | B20: A.N.@@._Z.S1314._Z._Z.B.ORNF._Z.T._Z.XDC._T.S.V.N._T.EDP2 | C20: A hivatalos egyenlegben nem szereplő nem pénzügyi műveletek | D20: M | E20: M | F20: M | G20: M | H20: M | I20: M | J20: M | K20: M | L20: M | M20: M | N20: M | O20: M | P20: M | Q20: M | R20: M | S20: M | T20: M | U20: M | V20: M | W20: M | X20: M | Y20: M | Z20: M | AA20: M | AB20: M | AC20: M | BM20: =CountryCode & ".T2.ONFT.S1314.MNAC." & RefVintage -> #VALUE!
A21: T2.ONFT1.S1314 | B21: A.N.@@._Z.S1314._Z._Z.B.ORNF._Z.T._Z.XDC._T.S.V.N.C01.EDP2 | C21: Részletező sor 1 | BM21: =CountryCode & ".T2.ONFT1.S1314.MNAC." & RefVintage -> #VALUE!
A22: T2.ONFT2.S1314 | B22: A.N.@@._Z.S1314._Z._Z.B.ORNF._Z.T._Z.XDC._T.S.V.N.C02.EDP2 | C22: Részletező sor 2 | BM22: =CountryCode & ".T2.ONFT2.S1314.MNAC." & RefVintage -> #VALUE!
A24: T2.D41DIF.S1314 | B24: A.N.@@._Z.S1314._Z._Z.B.ORD41A._Z.T._Z.XDC._T.S.V.N._T.EDP2 | C24: A kifizetett (+) és felhalmozódott (-) kamatok különbözete (D.41) | D24: 268 | E24: 0 | F24: 0 | G24: 0 | H24: 0 | I24: 0 | J24: 0 | K24: 0 | L24: 0 | M24: 0 | N24: 0 | O24: 0 | P24: 0 | Q24: 0 | R24: 0 | S24: 0 | T24: 0 | U24: 0 | V24: 0 | W24: 0 | X24: 0 | Y24: 0 | Z24: 0 | AA24: 0 | AB24: 0 | AC24: 0 | BM24: =CountryCode & ".T2.D41DIF.S1314.MNAC." & RefVintage -> #VALUE!
A26: T2.F8ASS.S1314 | B26: A.N.@@._Z.S1314._Z._Z.A.F.F8.T._Z.XDC._T.S.V.N._T.EDP2 | C26: Egyéb követelések (+) | D26: 6503 | E26: 11354 | F26: 17989 | G26: 15246 | H26: 7361 | I26: 28140 | J26: 21217 | K26: 24572 | L26: 13979 | M26: 16801 | N26: 16731 | O26: 43347 | P26: 19078 | Q26: -13607 | R26: -18892 | S26: 964 | T26: 24314 | U26: 30028 | V26: 23568 | W26: 22368 | X26: 27745.149 | Y26: 10977.844 | Z26: 15601.017 | AA26: 21604.451 | AB26: 12987 | AC26: -24616 | BM26: =CountryCode & ".T2.F8ASS.S1314.MNAC." & RefVintage -> #VALUE!
A27: T2.F8ASS1.S1314 | B27: A.N.@@._Z.S1314._Z._Z.A.F.F8.T._Z.XDC._T.S.V.N.C01.EDP2 | C27: P.11 és P.131-hez kapcsolódóan | D27: 0 | E27: 0 | F27: 0 | G27: 0 | H27: 0 | I27: 0 | J27: -1 | K27: -13 | L27: -1 | M27: 1 | N27: -4 | O27: -2 | P27: 7 | Q27: -8 | R27: -9 | S27: 5 | T27: -36 | U27: -17 | V27: 20 | W27: -24 | X27: 50 | Y27: 0 | Z27: 0 | AA27: 0 | AB27: 0 | AC27: 0 | BM27: =CountryCode & ".T2.F8ASS1.S1314.MNAC." & RefVintage -> #VALUE!
B28: A.N.@@._Z.S1314._Z._Z.A.F.F8.T._Z.XDC._T.S.V.N.C02.EDP2 | C28: Adókhoz kapcsolódóan | P28: 8262 | Q28: -458 | R28: 2920 | S28: -911 | T28: 6371 | U28: -1595 | V28: -579 | W28: 1691 | X28: 1803 | Y28: -1631 | Z28: 3388 | AA28: 1620 | AB28: -491 | AC28: -1676
B29: A.N.@@._Z.S1314._Z._Z.A.F.F8.T._Z.XDC._T.S.V.N.C03.EDP2 | C29: D.611-hez és D.613-hoz kapcsolódóan | D29: 6503 | E29: 11354 | F29: 17989 | G29: 15246 | H29: 7361 | I29: 28140 | J29: 21218 | K29: 24585 | L29: 13980 | M29: 16800 | N29: 16735 | O29: 43349 | P29: 10809 | Q29: -7602 | R29: -18857 | S29: -62698 | T29: 19700 | U29: 34005 | V29: 7555 | W29: 13567 | X29: 26853 | Y29: 14934.6 | Z29: 19944 | AA29: 20646 | AB29: 13478 | AC29: -22940
A30: T2.F8ASS2.S1314 | B30: A.N.@@._Z.S1314._Z._Z.A.F.F8.T._Z.XDC._T.S.V.N.C04.EDP2 | C30: Konszolidációhoz kapcsolódó eredményszemléletű korrekció | Q30: -5539 | R30: -2946 | S30: 64568 | T30: -1721 | U30: -2365 | V30: 16572 | W30: 7134 | X30: -960.851 | Y30: -2325.7564 | Z30: -7730.9832 | AA30: -661.54937 | AB30: 0 | AC30: 0 | AJ30: A kormányzaton belüli transzferek időbeli eltérései | BM30: =CountryCode & ".T2.F8ASS2.S1314.MNAC." & RefVintage -> #VALUE!
A31: T2.F8LIA.S1314 | B31: A.N.@@._Z.S1314._Z._Z.L.F.F8.T._Z.XDC._T.S.V.N._T.EDP2 | C31: Egyéb tartozások (-) | D31: -6354 | E31: -4991 | F31: -2093 | G31: -16089 | H31: -6600 | I31: 5454 | J31: -1721 | K31: -4357 | L31: -7013 | M31: -4254 | N31: -10288 | O31: -5384 | P31: -1199 | Q31: 105 | R31: -1725 | S31: 12985 | T31: -11340 | U31: -224 | V31: -4826 | W31: 11767 | X31: 738 | Y31: 76 | Z31: 1735.4724 | AA31: 1188 | AB31: 1276 | AC31: -448 | BM31: =CountryCode & ".T2.F8LIA.S1314.MNAC." & RefVintage -> #VALUE!
A32: T2.F8LIA1.S1314 | B32: A.N.@@._Z.S1314._Z._Z.L.F.F8.T._Z.XDC._T.S.V.N.C01.EDP2 | C32: D.63-hoz kapcsolódóan | Q32: -70 | R32: -715 | S32: 12631 | T32: -12465 | U32: -306 | V32: -4626 | W32: 11981 | X32: 587 | Y32: 68 | Z32: 1047 | AA32: 1276 | AB32: 1276 | AC32: -509 | BM32: =CountryCode & ".T2.F8LIA1.S1314.MNAC." & RefVintage -> #VALUE!
A33: T2.F8LIA2.S1314 | B33: A.N.@@._Z.S1314._Z._Z.L.F.F8.T._Z.XDC._T.S.V.N.C02.EDP2 | C33: Egyéb tételekhez kapcsolódóan (P.2, D.1, P.51) | Q33: 175 | R33: -1010 | S33: 354 | T33: 1125 | U33: 82 | V33: -200 | W33: -214 | X33: 151 | Y33: 8 | Z33: 688.47242 | AA33: -88 | AB33: 0 | AC33: 61 | BM33: =CountryCode & ".T2.F8LIA2.S1314.MNAC." & RefVintage -> #VALUE!
A35: T2.B9_OWB.S1314 | B35: A.N.@@._Z.S1314._Z._Z.B.ORWB_E._Z.T._Z.XDC._T.S.V.N._T.EDP2 | C35: Társadalombiztosítási alapokba nem tartozó intézményi egységek nettó hitelfelvétele (-) / hitelnyújtása (+) | D35: M | E35: M | F35: M | G35: M | H35: M | I35: M | J35: M | K35: M | L35: M | M35: M | N35: M | O35: M | P35: M | Q35: M | R35: M | S35: M | T35: M | U35: M | V35: M | W35: M | X35: M | Y35: M | Z35: M | AA35: M | AB35: M | AC35: M | BM35: =CountryCode & ".T2.B9_OWB.S1314.MNAC." & RefVintage -> #VALUE!
A36: T2.B9_OB.S1314 | B36: A.N.@@._Z.S13142._Z._Z.B.B9._Z._Z._Z.XDC._T.S.V.N._T.EDP2 | C36: Egyéb, Társadalombiztosítási alapokba tartozó egységek nettó hitelfelvétele (-) / hitelnyújtása (+) | D36: M | E36: M | F36: M | G36: M | H36: M | I36: M | J36: M | K36: M | L36: M | M36: M | N36: M | O36: M | P36: M | Q36: M | R36: M | S36: M | T36: M | U36: M | V36: M | W36: M | X36: M | Y36: M | Z36: M | AA36: M | AB36: M | AC36: M | BM36: =CountryCode & ".T2.B9_OB.S1314.MNAC." & RefVintage -> #VALUE!
A37: T2.B9_OB1.S1314 | B37: A.N.@@._Z.S13142._Z._Z.B.B9._Z._Z._Z.XDC._T.S.V.N.C01.EDP2 | C37: Részletező sor 1 | BM37: =CountryCode & ".T2.B9_OB1.S1314.MNAC." & RefVintage -> #VALUE!
A38: T2.B9_OB2.S1314 | B38: A.N.@@._Z.S13142._Z._Z.B.B9._Z._Z._Z.XDC._T.S.V.N.C02.EDP2 | C38: Részletező sor 2 | BM38: =CountryCode & ".T2.B9_OB2.S1314.MNAC." & RefVintage -> #VALUE!
A40: T2.OA.S1314 | B40: A.N.@@._Z.S1314._Z._Z._X.OROA._Z.T._Z.XDC._T.S.V.N._T.EDP2 | C40: Egyéb korrekciók (+/-) (részletesen) | D40: 41584 | E40: 104730 | F40: 53616 | G40: 54470 | H40: 90775 | I40: 42905 | J40: 80113 | K40: 28811 | L40: 99389 | M40: 348968 | N40: 423903 | O40: 468806 | P40: 130793 | Q40: 0 | R40: 67360 | S40: 129216 | T40: 78412 | U40: 83654 | V40: 117562 | W40: 513 | X40: 0 | Y40: 30083 | Z40: 89693 | AA40: 137503 | AB40: 83988 | AC40: 210923.14 | BM40: =CountryCode & ".T2.OA.S1314.MNAC." & RefVintage -> #VALUE!
A41: T2.OA1.S1314 | B41: A.N.@@._Z.S1314._Z._Z._X.OROA._Z.T._Z.XDC._T.S.V.N.C01.EDP2 | C41: Központi költségvetés általi adósságelengedés | D41: 41584 | E41: 104730 | F41: 53616 | G41: 54470 | H41: 90775 | I41: 42905 | J41: 80113 | K41: 28811 | L41: 99389 | M41: 348968 | N41: 423903 | O41: 468806 | P41: 130793 | Q41: 0 | R41: 67360 | S41: 156697 | T41: 95386 | U41: 83654 | V41: 117562 | W41: 513 | X41: 0 | Y41: 30083 | Z41: 89693 | AA41: 137503 | AB41: 83988 | AC41: 210923.14 | BM41: =CountryCode & ".T2.OA1.S1314.MNAC." & RefVintage -> #VALUE!
A42: T2.OA2.S1314 | B42: A.N.@@._Z.S1314._Z._Z._X.OROA._Z.T._Z.XDC._T.S.V.N.C02.EDP2 | C42: Technikai bevétel kivétele (2007-évi maradvány) | S42: -27481 | BM42: =CountryCode & ".T2.OA2.S1314.MNAC." & RefVintage -> #VALUE!
B43: A.N.@@._Z.S1314._Z._Z._X.OROA._Z.T._Z.XDC._T.S.V.N.C03.EDP2 | C43: Folyó transzfer GYES,GYET járulékának fedezetére | T43: -16974
A45: T2.B9.S1314 | B45: A.N.@@._Z.S1314._Z._Z.B.B9._Z._Z._Z.XDC._T.S.V.N._T.EDP2 | C45: A Társadalombiztosítási alapok alszektor nettó hitelfelvétele (-)/hitelnyújtása(+) (S.1314) | D45: 114 | E45: 41592 | F45: 8720 | G45: -35422 | H45: -18781 | I45: -14537.003 | J45: 70489 | K45: -51352 | L45: -241855 | M45: -61672 | N45: -37323 | O45: 376953 | P45: 177173 | Q45: -80496 | R45: -109919 | S45: 47124 | T45: 7727 | U45: -4085 | V45: 136789 | W45: 42538.5 | X45: 2897.436 | Y45: -35828.824 | Z45: -35881.042 | AA45: 76612.451 | AB45: -136626 | AC45: -456202.86 | BM45: =CountryCode & ".T2.B9.S1314.MNAC." & RefVintage -> #VALUE!
C46: (ESA2010 számlák)
C48: (1) Kérjük jelezze, hogy a hivatalos egyenleg alapja milyen szemléletű: pénzforgalmi, eredmény, vegyes vagy egyéb.
C49: Megjegyzés: A gyakorlat szerint a Tagállamok feladata, hogy saját nemzeti jellegzetességeikhez igazítsák a 2A, B, C és D táblákat.
C53: COVERAGE | D53: =IF(COUNTA(D8:Z8,D11:Z16,D20:Z20,D24:Z24,D26:Z26,D31:Z31,D35:Z36,D40:Z40,D45:Z45)/255*100=100,"OK - Table 2B is fully completed","WARNING - Table 2B is not fully completed, please fill in figure, L, M or 0") -> WARNING - Table 2B is not fully completed, please fill in figure, L, M or 0
C54: VERTICAL CHECKS
C55: T2.WB.S1314+T2.FT.S1314+T2.ONFT.S1314+T2.D41DIF.S1314+T2.F8ASS.S1314+T2.F8LIA.S1314+T2.B9_OWB.S1314+T2.B9_OB.S1314+T2.OA.S1314= T2.B9.S1314 | D55: =IF(D45="M",0,D45)-IF(D8="M",0,D8)-IF(D11="M",0,D11)-IF(D20="M",0,D20)-IF(D24="M",0,D24)-IF(D26="M",0,D26)-IF(D31="M",0,D31)-IF(D35="M",0,D35)-IF(D36="M",0,D36)-IF(D40="M",0,D40) -> 0 | E55: =IF(E45="M",0,E45)-IF(E8="M",0,E8)-IF(E11="M",0,E11)-IF(E20="M",0,E20)-IF(E24="M",0,E24)-IF(E26="M",0,E26)-IF(E31="M",0,E31)-IF(E35="M",0,E35)-IF(E36="M",0,E36)-IF(E40="M",0,E40) -> 0 | F55: =IF(F45="M",0,F45)-IF(F8="M",0,F8)-IF(F11="M",0,F11)-IF(F20="M",0,F20)-IF(F24="M",0,F24)-IF(F26="M",0,F26)-IF(F31="M",0,F31)-IF(F35="M",0,F35)-IF(F36="M",0,F36)-IF(F40="M",0,F40) -> 0 | G55: =IF(G45="M",0,G45)-IF(G8="M",0,G8)-IF(G11="M",0,G11)-IF(G20="M",0,G20)-IF(G24="M",0,G24)-IF(G26="M",0,G26)-IF(G31="M",0,G31)-IF(G35="M",0,G35)-IF(G36="M",0,G36)-IF(G40="M",0,G40) -> 0 | H55: =IF(H45="M",0,H45)-IF(H8="M",0,H8)-IF(H11="M",0,H11)-IF(H20="M",0,H20)-IF(H24="M",0,H24)-IF(H26="M",0,H26)-IF(H31="M",0,H31)-IF(H35="M",0,H35)-IF(H36="M",0,H36)-IF(H40="M",0,H40) -> 0 | I55: =IF(I45="M",0,I45)-IF(I8="M",0,I8)-IF(I11="M",0,I11)-IF(I20="M",0,I20)-IF(I24="M",0,I24)-IF(I26="M",0,I26)-IF(I31="M",0,I31)-IF(I35="M",0,I35)-IF(I36="M",0,I36)-IF(I40="M",0,I40) -> 0 | J55: =IF(J45="M",0,J45)-IF(J8="M",0,J8)-IF(J11="M",0,J11)-IF(J20="M",0,J20)-IF(J24="M",0,J24)-IF(J26="M",0,J26)-IF(J31="M",0,J31)-IF(J35="M",0,J35)-IF(J36="M",0,J36)-IF(J40="M",0,J40) -> 0 | K55: =IF(K45="M",0,K45)-IF(K8="M",0,K8)-IF(K11="M",0,K11)-IF(K20="M",0,K20)-IF(K24="M",0,K24)-IF(K26="M",0,K26)-IF(K31="M",0,K31)-IF(K35="M",0,K35)-IF(K36="M",0,K36)-IF(K40="M",0,K40) -> 0 | ... Z55: =IF(Z45="M",0,Z45)-IF(Z8="M",0,Z8)-IF(Z11="M",0,Z11)-IF(Z20="M",0,Z20)-IF(Z24="M",0,Z24)-IF(Z26="M",0,Z26)-IF(Z31="M",0,Z31)-IF(Z35="M",0,Z35)-IF(Z36="M",0,Z36)-IF(Z40="M",0,Z40) -> 0 | AB55: =IF(AB45="M",0,AB45)-IF(AB8="M",0,AB8)-IF(AB11="M",0,AB11)-IF(AB20="M",0,AB20)-IF(AB24="M",0,AB24)-IF(AB26="M",0,AB26)-IF(AB31="M",0,AB31)-IF(AB35="M",0,AB35)-IF(AB36="M",0,AB36)-IF(AB40="M",0,AB40) -> 0
C56: T2.FT.S1314=T2.F4.S1314+T2.F5.S1314+T2.OFT.S1314 | D56: =IF(D11="M",0,D11)-IF(D12="M",0,D12)-IF(D13="M",0,D13)-IF(D14="M",0,D14) -> 0 | E56: =IF(E11="M",0,E11)-IF(E12="M",0,E12)-IF(E13="M",0,E13)-IF(E14="M",0,E14) -> 0 | F56: =IF(F11="M",0,F11)-IF(F12="M",0,F12)-IF(F13="M",0,F13)-IF(F14="M",0,F14) -> 0 | G56: =IF(G11="M",0,G11)-IF(G12="M",0,G12)-IF(G13="M",0,G13)-IF(G14="M",0,G14) -> 0 | H56: =IF(H11="M",0,H11)-IF(H12="M",0,H12)-IF(H13="M",0,H13)-IF(H14="M",0,H14) -> 0 | I56: =IF(I11="M",0,I11)-IF(I12="M",0,I12)-IF(I13="M",0,I13)-IF(I14="M",0,I14) -> 0 | J56: =IF(J11="M",0,J11)-IF(J12="M",0,J12)-IF(J13="M",0,J13)-IF(J14="M",0,J14) -> 0 | K56: =IF(K11="M",0,K11)-IF(K12="M",0,K12)-IF(K13="M",0,K13)-IF(K14="M",0,K14) -> 0 | ... Z56: =IF(Z11="M",0,Z11)-IF(Z12="M",0,Z12)-IF(Z13="M",0,Z13)-IF(Z14="M",0,Z14) -> 0 | AB56: =IF(AB11="M",0,AB11)-IF(AB12="M",0,AB12)-IF(AB13="M",0,AB13)-IF(AB14="M",0,AB14) -> 0
C57: T2.OA.S1314=T2.OA1.S1314+T2.OA2.S1314+T2.OA3.S1314 | D57: =D40-SUM(D41:D44) -> 0 | E57: =E40-SUM(E41:E44) -> 0 | F57: =F40-SUM(F41:F44) -> 0 | G57: =G40-SUM(G41:G44) -> 0 | H57: =H40-SUM(H41:H44) -> 0 | I57: =I40-SUM(I41:I44) -> 0 | J57: =J40-SUM(J41:J44) -> 0 | K57: =K40-SUM(K41:K44) -> 0 | ... Z57: =Z40-SUM(Z41:Z44) -> 0 | AB57: =AB40-SUM(AB41:AB44) -> 0 | AC57: OK | AD57: OK | AE57: OK | AF57: OK | AG57: OK | AH57: OK | AI57: OK
C58: HORIZONTAL CHECKS | AC58: 2020 | AD58: 2021 | AE58: 2022 | AF58: 2023 | AG58: 2024 | AH58: 2025 | AI58: 2026
C59: T1.B9.S1314= T2.B9.S1314 | D59: =IF('1. Tábla'!E14="M",0,'1. Tábla'!E14)-IF('2D Tábla'!D45="M",0,'2D Tábla'!D45) -> 0 | E59: =IF('1. Tábla'!F14="M",0,'1. Tábla'!F14)-IF('2D Tábla'!E45="M",0,'2D Tábla'!E45) -> 0 | F59: =IF('1. Tábla'!G14="M",0,'1. Tábla'!G14)-IF('2D Tábla'!F45="M",0,'2D Tábla'!F45) -> 0 | G59: =IF('1. Tábla'!H14="M",0,'1. Tábla'!H14)-IF('2D Tábla'!G45="M",0,'2D Tábla'!G45) -> 0 | H59: =IF('1. Tábla'!I14="M",0,'1. Tábla'!I14)-IF('2D Tábla'!H45="M",0,'2D Tábla'!H45) -> 0 | I59: =IF('1. Tábla'!J14="M",0,'1. Tábla'!J14)-IF('2D Tábla'!I45="M",0,'2D Tábla'!I45) -> 0 | J59: =IF('1. Tábla'!K14="M",0,'1. Tábla'!K14)-IF('2D Tábla'!J45="M",0,'2D Tábla'!J45) -> 0 | K59: =IF('1. Tábla'!L14="M",0,'1. Tábla'!L14)-IF('2D Tábla'!K45="M",0,'2D Tábla'!K45) -> 0 | ... Z59: =IF('1. Tábla'!AA14="M",0,'1. Tábla'!AA14)-IF('2D Tábla'!Z45="M",0,'2D Tábla'!Z45) -> 0 | AB59: =IF('1. Tábla'!AC14="M",0,'1. Tábla'!AC14)-IF('2D Tábla'!AB45="M",0,'2D Tábla'!AB45) -> 0 | AC59: 0 | AD59: 0 | AE59: 0 | AF59: 0 | AG59: 0 | AH59: 0 | AI59: 0
AC60: 0 | AD60: 0 | AE60: 0 | AF60: 0 | AG60: 0 | AH60: 0 | AI60: 0
AC61: 0 | AD61: 0 | AE61: 0 | AF61: 0 | AG61: 0 | AH61: 0 | AI61: 0
AC63: 0 | AD63: 0 | AE63: 0 | AF63: 0 | AG63: 0 | AH63: 0 | AI63: 0

Sheet 3A Tábla
AN1: =Fedőlap!$N$1 -> Oct.2016 | AO1: 3 | AP1: 4 | AQ1: 5 | AR1: 6 | AS1: =AR1+1 -> 7 | AT1: =AS1+1 -> 8 | AU1: =AT1+1 -> 9 | AV1: =AU1+1 -> 10 | AW1: =AV1+1 -> 11 | AX1: =AW1+1 -> 12 | AY1: =AX1+1 -> 13 | AZ1: =AY1+1 -> 14 | ... BE1: =BD1+1 -> 19
C3: 3A tábla: Adatszolgáltatás a kormányzati hiány/többlet és egyéb tényezők adósság-változásra gyakorolt hatásáról
C6: Tagország: Magyarország | D6: Year
B7: SDMX series | C7: Adatok millió forintban | D7: ='1. Tábla'!E5 -> 1995 | E7: =D7+1 -> 1996 | F7: =E7+1 -> 1997 | G7: =F7+1 -> 1998 | H7: =G7+1 -> 1999 | I7: =H7+1 -> 2000 | J7: =I7+1 -> 2001 | K7: =J7+1 -> 2002 | L7: =K7+1 -> 2003 | ... U7: =T7+1 -> 2012 | V7: 2013 | W7: 2014 | X7: 2015 | Y7: 2016 | Z7: 2017 | AA7: 2018 | AB7: 2019 | AC7: 2020
C8: =Fedőlap!E15 -> Dátum: 2025.10.10.
A10: T3.B9.S13 | B10: A.N.@@._Z.S13._Z._Z.B.B9._Z._Z._Z.XDC._T.S.V.N._T.EDP3 | C10: Kormányzati szektor (EDP B.9) nettó hitelfelvétele(+)/hitelnyújtása(-) (S.13)* | D10: 501876.34 | E10: 311702 | F10: 490380.84 | G10: 775309.61 | H10: 614070 | I10: 405236 | J10: 615856 | K10: 1533781 | L10: 1374123 | M10: 1391280 | N10: 1757625.6 | O10: 2254329 | P10: 1308462 | Q10: 1030748 | R10: 1259676 | S10: 1216741 | T10: 1487238 | U10: 673987.24 | V10: 788385.5 | W10: 910277.89 | X10: 700702.18 | Y10: 650577.75 | Z10: 965670.15 | AA10: 891319.13 | AB10: 970454.92 | AC10: 3654169.2 | BM10: =CountryCode & ".T3.B9.S13.MNAC." & RefVintage -> #VALUE!
A12: T3.FA.S13 | B12: A.N.@@._Z.S13._Z.C.A.F.F.T._Z.XDC._T.S.V.N._T.EDP3 | C12: Pénzügyi eszközök nettó növekedése (+) (2) | D12: =IF(AND(D13="0",D14="0",D15="0",D22="0",D27="0",D28="0",D29="0"),"0",IF(AND(D13="M",D14="M",D15="M",D22="M",D27="M",D28="M",D29="M"),"M",IF(AND(D13="L",D14="L",D15="L",D22="L",D27="L",D28="L",D29="L"),"L",IF(AND(ISTEXT(D13),ISTEXT(D14),ISTEXT(D15),ISTEXT(D22),ISTEXT(D27),ISTEXT(D28),ISTEXT(D29)),"M",D13+D14+D15+D22+D27+D28+D29)))) -> 363357 | E12: =IF(AND(E13="0",E14="0",E15="0",E22="0",E27="0",E28="0",E29="0"),"0",IF(AND(E13="M",E14="M",E15="M",E22="M",E27="M",E28="M",E29="M"),"M",IF(AND(E13="L",E14="L",E15="L",E22="L",E27="L",E28="L",E29="L"),"L",IF(AND(ISTEXT(E13),ISTEXT(E14),ISTEXT(E15),ISTEXT(E22),ISTEXT(E27),ISTEXT(E28),ISTEXT(E29)),"M",E13+E14+E15+E22+E27+E28+E29)))) -> -113654 | F12: =IF(AND(F13="0",F14="0",F15="0",F22="0",F27="0",F28="0",F29="0"),"0",IF(AND(F13="M",F14="M",F15="M",F22="M",F27="M",F28="M",F29="M"),"M",IF(AND(F13="L",F14="L",F15="L",F22="L",F27="L",F28="L",F29="L"),"L",IF(AND(ISTEXT(F13),ISTEXT(F14),ISTEXT(F15),ISTEXT(F22),ISTEXT(F27),ISTEXT(F28),ISTEXT(F29)),"M",F13+F14+F15+F22+F27+F28+F29)))) -> -301823 | G12: =IF(AND(G13="0",G14="0",G15="0",G22="0",G27="0",G28="0",G29="0"),"0",IF(AND(G13="M",G14="M",G15="M",G22="M",G27="M",G28="M",G29="M"),"M",IF(AND(G13="L",G14="L",G15="L",G22="L",G27="L",G28="L",G29="L"),"L",IF(AND(ISTEXT(G13),ISTEXT(G14),ISTEXT(G15),ISTEXT(G22),ISTEXT(G27),ISTEXT(G28),ISTEXT(G29)),"M",G13+G14+G15+G22+G27+G28+G29)))) -> -235263 | H12: =IF(AND(H13="0",H14="0",H15="0",H22="0",H27="0",H28="0",H29="0"),"0",IF(AND(H13="M",H14="M",H15="M",H22="M",H27="M",H28="M",H29="M"),"M",IF(AND(H13="L",H14="L",H15="L",H22="L",H27="L",H28="L",H29="L"),"L",IF(AND(ISTEXT(H13),ISTEXT(H14),ISTEXT(H15),ISTEXT(H22),ISTEXT(H27),ISTEXT(H28),ISTEXT(H29)),"M",H13+H14+H15+H22+H27+H28+H29)))) -> -24242 | I12: =IF(AND(I13="0",I14="0",I15="0",I22="0",I27="0",I28="0",I29="0"),"0",IF(AND(I13="M",I14="M",I15="M",I22="M",I27="M",I28="M",I29="M"),"M",IF(AND(I13="L",I14="L",I15="L",I22="L",I27="L",I28="L",I29="L"),"L",IF(AND(ISTEXT(I13),ISTEXT(I14),ISTEXT(I15),ISTEXT(I22),ISTEXT(I27),ISTEXT(I28),ISTEXT(I29)),"M",I13+I14+I15+I22+I27+I28+I29)))) -> -237971 | J12: =IF(AND(J13="0",J14="0",J15="0",J22="0",J27="0",J28="0",J29="0"),"0",IF(AND(J13="M",J14="M",J15="M",J22="M",J27="M",J28="M",J29="M"),"M",IF(AND(J13="L",J14="L",J15="L",J22="L",J27="L",J28="L",J29="L"),"L",IF(AND(ISTEXT(J13),ISTEXT(J14),ISTEXT(J15),ISTEXT(J22),ISTEXT(J27),ISTEXT(J28),ISTEXT(J29)),"M",J13+J14+J15+J22+J27+J28+J29)))) -> 478342 | K12: =IF(AND(K13="0",K14="0",K15="0",K22="0",K27="0",K28="0",K29="0"),"0",IF(AND(K13="M",K14="M",K15="M",K22="M",K27="M",K28="M",K29="M"),"M",IF(AND(K13="L",K14="L",K15="L",K22="L",K27="L",K28="L",K29="L"),"L",IF(AND(ISTEXT(K13),ISTEXT(K14),ISTEXT(K15),ISTEXT(K22),ISTEXT(K27),ISTEXT(K28),ISTEXT(K29)),"M",K13+K14+K15+K22+K27+K28+K29)))) -> -50387 | ... AC12: =IF(AND(AC13="0",AC14="0",AC15="0",AC22="0",AC27="0",AC28="0",AC29="0"),"0",IF(AND(AC13="M",AC14="M",AC15="M",AC22="M",AC27="M",AC28="M",AC29="M"),"M",IF(AND(AC13="L",AC14="L",AC15="L",AC22="L",AC27="L",AC28="L",AC29="L"),"L",IF(AND(ISTEXT(AC13),ISTEXT(AC14),ISTEXT(AC15),ISTEXT(AC22),ISTEXT(AC27),ISTEXT(AC28),ISTEXT(AC29)),"M",AC13+AC14+AC15+AC22+AC27+AC28+AC29)))) -> 2820306 | BM12: =CountryCode & ".T3.FA.S13.MNAC." & RefVintage -> #VALUE!
A13: T3.F2.S13 | B13: A.N.@@._Z.S13._Z.C.A.F.F2.T._Z.XDC._T.S.V.N._T.EDP3 | C13: Készpénz és betétek (F.2) | D13: 190495 | E13: -190991 | F13: -42978 | G13: -152645 | H13: 173176 | I13: -91420 | J13: 243713 | K13: -302323 | L13: 25571 | M13: 307219 | N13: -78005 | O13: 137284 | P13: 206531 | Q13: 1485132 | R13: -663289 | S13: -204335 | T13: 178398 | U13: 76885 | V13: -385483 | W13: 183890 | X13: -272456 | Y13: 703345 | Z13: -202480 | AA13: 456803 | AB13: -272592 | AC13: 2277097 | BM13: =CountryCode & ".T3.F2.S13.MNAC." & RefVintage -> #VALUE!
A14: T3.F3.S13 | B14: A.N.@@._Z.S13._Z.C.A.F.F3.T._Z.XDC._T.S.V.N._T.EDP3 | C14: Nem részvény típusú értékpapírok (F.3) | D14: -2700 | E14: 0 | F14: 10266 | G14: 7432 | H14: -17008 | I14: 11155 | J14: 6410 | K14: -17151 | L14: 681 | M14: 3 | N14: -604 | O14: -359 | P14: 1331 | Q14: -1201 | R14: -104 | S14: 13889 | T14: 55585 | U14: 47533 | V14: 54492 | W14: -115252 | X14: -1665 | Y14: -33091 | Z14: -3179 | AA14: -9817 | AB14: -25062 | AC14: 1282 | BM14: =CountryCode & ".T3.F3.S13.MNAC." & RefVintage -> #VALUE!
A15: T3.F4.S13 | B15: A.N.@@._Z.S13._Z.C.A.F.F4.T._Z.XDC._T.S.V.N._T.EDP3 | C15: Hitelek (F.4) | D15: -17024 | E15: -5662 | F15: 68195 | G15: -19075 | H15: -5586 | I15: -55731 | J15: 12937 | K15: 38522 | L15: -21893 | M15: 25889 | N15: 78864 | O15: -46635 | P15: -132369 | Q15: 22782 | R15: 521535 | S15: -243092 | T15: -158294 | U15: -59577 | V15: 86618 | W15: 188136 | X15: 289911 | Y15: 111914 | Z15: 126407 | AA15: 77749 | AB15: 136366 | AC15: 479808 | BM15: =CountryCode & ".T3.F4.S13.MNAC." & RefVintage -> #VALUE!
A16: T3.F4ACQ.S13 | B16: A.N.@@._Z.S13._Z.C.AI.F.F4.T._Z.XDC._T.S.V.N._T.EDP3 | C16: Hitelnyújtás (+) | D16: 15600 | E16: 19500 | F16: 88000 | G16: 35000 | H16: 24186.99 | I16: 28084.88 | J16: 23500 | K16: 32035.82 | L16: 25758.753 | M16: 28947.55 | N16: 166304 | O16: 135514 | P16: 26426 | Q16: 26526 | R16: 732884 | S16: 24777.905 | T16: 13380.4 | U16: 29821.2 | V16: 20281 | W16: 395355 | X16: 560004.17 | Y16: 518525.3 | Z16: 489836.65 | AA16: 468153.81 | AB16: 573199.84 | AC16: 949834.37 | AL16: 956112.91 | AM16: 712905.28 | BM16: =CountryCode & ".T3.F4ACQ.S13.MNAC." & RefVintage -> #VALUE!
A17: T3.F4DIS.S13 | B17: A.N.@@._Z.S13._Z.C.AD.F.F4.T._Z.XDC._T.S.V.N._T.EDP3 | C17: Törlesztés (-) | D17: -32624 | E17: -25162 | F17: -19805 | G17: -54075 | H17: -29772.99 | I17: -83815.88 | J17: -10563 | K17: 6486.18 | L17: -47651.753 | M17: -3058.55 | N17: -87440 | O17: -182149 | P17: -158795 | Q17: -3744 | R17: -211349 | S17: -267869.9 | T17: -171674.4 | U17: -89398.2 | V17: 66337 | W17: -207219 | X17: -270093.17 | Y17: -406611.3 | Z17: -363429.65 | AA17: -390404.81 | AB17: -436833.84 | AC17: -470026.37 | AL17: -339554.91 | AM17: -578297.28 | BM17: =CountryCode & ".T3.F4DIS.S13.MNAC." & RefVintage -> #VALUE!
A18: T3.F41.S13 | B18: A.N.@@._Z.S13._Z.C.A.F.F4.S._Z.XDC._T.S.V.N._T.EDP3 | C18: Rövid lejáratú hitelek (F.41), nettó | D18: 381 | E18: 1739 | F18: 36404 | G18: -27500 | H18: -7582 | I18: 1765 | J18: 880 | K18: 8534 | L18: 123 | M18: -1453 | N18: -7159 | O18: 2792 | P18: 4611 | Q18: -7563 | R18: 576 | S18: -3863 | T18: -241 | U18: -269 | V18: 3829 | W18: 13534 | X18: -18210 | Y18: 3147 | Z18: 5033 | AA18: 6709 | AB18: 40918 | AC18: -56550 | BM18: =CountryCode & ".T3.F41.S13.MNAC." & RefVintage -> #VALUE!
A19: T3.F42.S13 | B19: A.N.@@._Z.S13._Z.C.A.F.F4.L._Z.XDC._T.S.V.N._T.EDP3 | C19: Hosszú lejáratú hitelek (F.42) | D19: -17405 | E19: -7401 | F19: 31791 | G19: 8425 | H19: 1996 | I19: -57496 | J19: 12057 | K19: 29988 | L19: -22016 | M19: 27342 | N19: 86023 | O19: -49427 | P19: -136980 | Q19: 30345 | R19: 520959 | S19: -239229 | T19: -158053 | U19: -59308 | V19: 82789 | W19: 174602 | X19: 308121 | Y19: 108767 | Z19: 121374 | AA19: 71040 | AB19: 95448 | AC19: 536358 | BM19: =CountryCode & ".T3.F42.S13.MNAC." & RefVintage -> #VALUE!
A20: T3.F42ACQ.S13 | B20: A.N.@@._Z.S13._Z.C.AI.F.F4.L._Z.XDC._T.S.V.N._T.EDP3 | C20: Hitelnyújtás (+) | D20: 15600 | E20: 19500 | F20: 47000 | G20: 23100 | H20: 18000 | I20: 14900 | J20: 23500 | K20: 32035.82 | L20: 25758.753 | M20: 28947.55 | N20: 166304 | O20: 135514 | P20: 26426 | Q20: 26526 | R20: 732884 | S20: 24777.905 | T20: 13380.4 | U20: 29821.2 | V20: 20281 | W20: 381355 | X20: 560004.17 | Y20: 518525.3 | Z20: 489836.65 | AA20: 468153.81 | AB20: 573199.84 | AC20: 949834.37 | BM20: =CountryCode & ".T3.F42ACQ.S13.MNAC." & RefVintage -> #VALUE!
A21: T3.F42DIS.S13 | B21: A.N.@@._Z.S13._Z.C.AD.F.F4.L._Z.XDC._T.S.V.N._T.EDP3 | C21: Törlesztés (-) | D21: -33005 | E21: -26901 | F21: -15209 | G21: -14675 | H21: -16004 | I21: -72396 | J21: -11443 | K21: -2047.82 | L21: -47774.753 | M21: -1605.55 | N21: -80281 | O21: -184941 | P21: -163406 | Q21: 3819 | R21: -211925 | S21: -264006.9 | T21: -171433.4 | U21: -89129.2 | V21: 62508 | W21: -206753 | X21: -251883.17 | Y21: -409758.3 | Z21: -368462.65 | AA21: -397113.81 | AB21: -477751.84 | AC21: -413476.37 | BM21: =CountryCode & ".T3.F42DIS.S13.MNAC." & RefVintage -> #VALUE!
A22: T3.F5.S13 | B22: A.N.@@._Z.S13._Z.C.A.F.F5.T._Z.XDC._T.S.V.N._T.EDP3 | C22: Részvények és egyéb tulajdonosi követelések (F.5) | D22: 164641 | E22: 51020 | F22: -433943 | G22: -91312 | H22: -175520 | I22: -25596 | J22: 220882 | K22: 163304 | L22: -108588 | M22: -109077 | N22: -518821 | O22: -280923 | P22: -71081 | Q22: -162981 | R22: 25307 | S22: -1788 | T22: 1211449 | U22: -212361 | V22: -98894 | W22: 115882 | X22: 111897 | Y22: -35746 | Z22: 37803 | AA22: -36302 | AB22: 188073 | AC22: 220448 | BM22: =CountryCode & ".T3.F5.S13.MNAC." & RefVintage -> #VALUE!
A23: T3.F5PN.S13 | B23: A.N.@@._Z.S13._Z.C.A.F.F5PN.T._Z.XDC._T.S.V.N._T.EDP3 | C23: Portfolió befektetések, nettó(2) | D23: 0 | E23: 2090 | F23: 432 | G23: 1797 | H23: 1281 | I23: 4766 | J23: 6967 | K23: -185 | L23: -2301 | M23: 2854 | N23: -773 | O23: -5505 | P23: 3380 | Q23: -3832 | R23: 1018 | S23: -1540 | T23: 691015 | U23: -191940 | V23: -235647 | W23: 235 | X23: -78187 | Y23: 16146 | Z23: 22007 | AA23: 11210 | AB23: 56590 | AC23: 21366 | BM23: =CountryCode & ".T3.F5PN.S13.MNAC." & RefVintage -> #VALUE!
A24: T3.F5OP.S13 | B24: A.N.@@._Z.S13._Z.C.A.F.F5OP.T._Z.XDC._T.S.V.N._T.EDP3 | C24: Nem portfolió befektetésnek minősülő részvények és egyéb tulajdonosi követelések | D24: 164641 | E24: 48930 | F24: -434375 | G24: -93109 | H24: -176801 | I24: -30362 | J24: 213915 | K24: 163489 | L24: -106287 | M24: -111931 | N24: -518048 | O24: -275418 | P24: -74461 | Q24: -159149 | R24: 24289 | S24: -248 | T24: 520434 | U24: -20421 | V24: 136753 | W24: 115647 | X24: 190084 | Y24: -51892 | Z24: 15796 | AA24: -47512 | AB24: 131483 | AC24: 199082 | BM24: =CountryCode & ".T3.F5OP.S13.MNAC." & RefVintage -> #VALUE!
A25: T3.F5OPACQ.S13 | B25: A.N.@@._Z.S13._Z.C.AI.F.F5OP.T._Z.XDC._T.S.V.N._T.EDP3 | C25: Növekedés (+) | D25: 261955 | E25: 281359 | F25: 18100 | G25: 56678 | H25: 27503 | I25: 68463 | J25: 296777 | K25: 263114 | L25: 22400 | M25: 24570 | N25: 38650 | O25: 47076 | P25: 33203 | Q25: 30744 | R25: 47750.5 | S25: 38693.434 | T25: 559433.66 | U25: 29559.274 | V25: 169649.82 | W25: 198288.93 | X25: 228416.5 | Y25: 96367.335 | Z25: 38288.566 | AA25: 10950 | AB25: 275257 | AC25: 643044.72 | BM25: =CountryCode & ".T3.F5OPACQ.S13.MNAC." & RefVintage -> #VALUE!
A26: T3.F5OPDIS.S13 | B26: A.N.@@._Z.S13._Z.C.AD.F.F5OP.T._Z.XDC._T.S.V.N._T.EDP3 | C26: Csökkenés (-) | D26: -97314 | E26: -232429 | F26: -452475 | G26: -149787 | H26: -204304 | I26: -98825 | J26: -82862 | K26: -99625 | L26: -128687 | M26: -136501 | N26: -556698 | O26: -322494 | P26: -107664 | Q26: -189893 | R26: -23461.5 | S26: -38941.434 | T26: -38999.657 | U26: -49980.274 | V26: -32896.818 | W26: -82641.934 | X26: -38332.5 | Y26: -148259.33 | Z26: -22492.566 | AA26: -58462 | AB26: -143774 | AC26: -443962.72 | BM26: =CountryCode & ".T3.F5OPDIS.S13.MNAC." & RefVintage -> #VALUE!
A27: T3.F71.S13 | B27: A.N.@@._Z.S13._Z.C.A.F.F71.T._Z.XDC._T.S.V.N._T.EDP3 | C27: Pénzügyi derivatívák (F.71) | D27: 0 | E27: 0 | F27: -393 | G27: -796 | H27: -116997 | I27: -103942 | J27: -53544 | K27: -62217 | L27: 297 | M27: -14574 | N27: -18193 | O27: -21035 | P27: -14498 | Q27: -14006 | R27: -120509 | S27: -85220 | T27: -74234 | U27: -130420 | V27: -115473 | W27: -99952 | X27: -273927 | Y27: -131514 | Z27: -162557 | AA27: -92394 | AB27: -182460 | AC27: -258743 | BM27: =CountryCode & ".T3.F71.S13.MNAC." & RefVintage -> #VALUE!
A28: T3.F8.S13 | B28: A.N.@@._Z.S13._Z.C.A.F.F8.T._Z.XDC._T.S.V.N._T.EDP3 | C28: Egyéb követelések (F.8) | D28: 27853 | E28: 31905 | F28: 96956 | G28: 20991 | H28: 117687 | I28: 27513 | J28: 47812 | K28: 129356 | L28: 39985 | M28: 177300 | N28: 65955 | O28: 77501 | P28: 75243 | Q28: 35956 | R28: 144621 | S28: 46867 | T28: 3217 | U28: -20104 | V28: 311828 | W28: 109735 | X28: 544169 | Y28: -339860 | Z28: 371883 | AA28: 167273 | AB28: 316142 | AC28: 100336 | BM28: =CountryCode & ".T3.F8.S13.MNAC." & RefVintage -> #VALUE!
A29: T3.OFA.S13 | B29: A.N.@@._Z.S13._Z.C.A.F.FN.T._Z.XDC._T.S.V.N._T.EDP3 | C29: Egyéb pénzügyi eszközök (F.1, F.6) | D29: 92 | E29: 74 | F29: 74 | G29: 142 | H29: 6 | I29: 50 | J29: 132 | K29: 122 | L29: 136 | M29: 506 | N29: 684 | O29: 14 | P29: -180 | Q29: 76 | R29: -14 | S29: -148 | T29: -72 | U29: 190 | V29: -410 | W29: -74 | X29: -46 | Y29: -136 | Z29: -38 | AA29: 222 | AB29: 1442 | AC29: 78 | BM29: =CountryCode & ".T3.OFA.S13.MNAC." & RefVintage -> #VALUE!
A31: T3.ADJ.S13 | B31: A.N.@@._Z.S13._Z.C._X.ORADJ._Z.T._Z.XDC._T.S.V.N._T.EDP3 | C31: Korrekciók (2) | D31: =IF(AND(D32="0",D33="0",D34="0",D36="0",D37="0",D38="0",D40="0",D41="0",D42="0"),"0",IF(AND(D32="M",D33="M",D34="M",D36="M",D37="M",D38="M",D40="M",D41="M",D42="M"),"M",IF(AND(D32="L",D33="L",D34="L",D36="L",D37="L",D38="L",D40="L",D41="L",D42="L"),"L",IF(AND(ISTEXT(D32),ISTEXT(D33),ISTEXT(D34),ISTEXT(D36),ISTEXT(D37),ISTEXT(D38),ISTEXT(D40),ISTEXT(D41),ISTEXT(D42)),"M",SUM(D32:D34)+SUM(D36:D38)+SUM(D40:D42))))) -> 87015 | E31: =IF(AND(E32="0",E33="0",E34="0",E36="0",E37="0",E38="0",E40="0",E41="0",E42="0"),"0",IF(AND(E32="M",E33="M",E34="M",E36="M",E37="M",E38="M",E40="M",E41="M",E42="M"),"M",IF(AND(E32="L",E33="L",E34="L",E36="L",E37="L",E38="L",E40="L",E41="L",E42="L"),"L",IF(AND(ISTEXT(E32),ISTEXT(E33),ISTEXT(E34),ISTEXT(E36),ISTEXT(E37),ISTEXT(E38),ISTEXT(E40),ISTEXT(E41),ISTEXT(E42)),"M",SUM(E32:E34)+SUM(E36:E38)+SUM(E40:E42))))) -> -62913 | F31: =IF(AND(F32="0",F33="0",F34="0",F36="0",F37="0",F38="0",F40="0",F41="0",F42="0"),"0",IF(AND(F32="M",F33="M",F34="M",F36="M",F37="M",F38="M",F40="M",F41="M",F42="M"),"M",IF(AND(F32="L",F33="L",F34="L",F36="L",F37="L",F38="L",F40="L",F41="L",F42="L"),"L",IF(AND(ISTEXT(F32),ISTEXT(F33),ISTEXT(F34),ISTEXT(F36),ISTEXT(F37),ISTEXT(F38),ISTEXT(F40),ISTEXT(F41),ISTEXT(F42)),"M",SUM(F32:F34)+SUM(F36:F38)+SUM(F40:F42))))) -> 185449 | G31: =IF(AND(G32="0",G33="0",G34="0",G36="0",G37="0",G38="0",G40="0",G41="0",G42="0"),"0",IF(AND(G32="M",G33="M",G34="M",G36="M",G37="M",G38="M",G40="M",G41="M",G42="M"),"M",IF(AND(G32="L",G33="L",G34="L",G36="L",G37="L",G38="L",G40="L",G41="L",G42="L"),"L",IF(AND(ISTEXT(G32),ISTEXT(G33),ISTEXT(G34),ISTEXT(G36),ISTEXT(G37),ISTEXT(G38),ISTEXT(G40),ISTEXT(G41),ISTEXT(G42)),"M",SUM(G32:G34)+SUM(G36:G38)+SUM(G40:G42))))) -> 204046 | H31: =IF(AND(H32="0",H33="0",H34="0",H36="0",H37="0",H38="0",H40="0",H41="0",H42="0"),"0",IF(AND(H32="M",H33="M",H34="M",H36="M",H37="M",H38="M",H40="M",H41="M",H42="M"),"M",IF(AND(H32="L",H33="L",H34="L",H36="L",H37="L",H38="L",H40="L",H41="L",H42="L"),"L",IF(AND(ISTEXT(H32),ISTEXT(H33),ISTEXT(H34),ISTEXT(H36),ISTEXT(H37),ISTEXT(H38),ISTEXT(H40),ISTEXT(H41),ISTEXT(H42)),"M",SUM(H32:H34)+SUM(H36:H38)+SUM(H40:H42))))) -> 178303 | I31: =IF(AND(I32="0",I33="0",I34="0",I36="0",I37="0",I38="0",I40="0",I41="0",I42="0"),"0",IF(AND(I32="M",I33="M",I34="M",I36="M",I37="M",I38="M",I40="M",I41="M",I42="M"),"M",IF(AND(I32="L",I33="L",I34="L",I36="L",I37="L",I38="L",I40="L",I41="L",I42="L"),"L",IF(AND(ISTEXT(I32),ISTEXT(I33),ISTEXT(I34),ISTEXT(I36),ISTEXT(I37),ISTEXT(I38),ISTEXT(I40),ISTEXT(I41),ISTEXT(I42)),"M",SUM(I32:I34)+SUM(I36:I38)+SUM(I40:I42))))) -> 225281 | J31: =IF(AND(J32="0",J33="0",J34="0",J36="0",J37="0",J38="0",J40="0",J41="0",J42="0"),"0",IF(AND(J32="M",J33="M",J34="M",J36="M",J37="M",J38="M",J40="M",J41="M",J42="M"),"M",IF(AND(J32="L",J33="L",J34="L",J36="L",J37="L",J38="L",J40="L",J41="L",J42="L"),"L",IF(AND(ISTEXT(J32),ISTEXT(J33),ISTEXT(J34),ISTEXT(J36),ISTEXT(J37),ISTEXT(J38),ISTEXT(J40),ISTEXT(J41),ISTEXT(J42)),"M",SUM(J32:J34)+SUM(J36:J38)+SUM(J40:J42))))) -> -464141 | K31: =IF(AND(K32="0",K33="0",K34="0",K36="0",K37="0",K38="0",K40="0",K41="0",K42="0"),"0",IF(AND(K32="M",K33="M",K34="M",K36="M",K37="M",K38="M",K40="M",K41="M",K42="M"),"M",IF(AND(K32="L",K33="L",K34="L",K36="L",K37="L",K38="L",K40="L",K41="L",K42="L"),"L",IF(AND(ISTEXT(K32),ISTEXT(K33),ISTEXT(K34),ISTEXT(K36),ISTEXT(K37),ISTEXT(K38),ISTEXT(K40),ISTEXT(K41),ISTEXT(K42)),"M",SUM(K32:K34)+SUM(K36:K38)+SUM(K40:K42))))) -> 115606 | ... AC31: =IF(AND(AC32="0",AC33="0",AC34="0",AC36="0",AC37="0",AC38="0",AC40="0",AC41="0",AC42="0"),"0",IF(AND(AC32="M",AC33="M",AC34="M",AC36="M",AC37="M",AC38="M",AC40="M",AC41="M",AC42="M"),"M",IF(AND(AC32="L",AC33="L",AC34="L",AC36="L",AC37="L",AC38="L",AC40="L",AC41="L",AC42="L"),"L",IF(AND(ISTEXT(AC32),ISTEXT(AC33),ISTEXT(AC34),ISTEXT(AC36),ISTEXT(AC37),ISTEXT(AC38),ISTEXT(AC40),ISTEXT(AC41),ISTEXT(AC42)),"M",SUM(AC32:AC34)+SUM(AC36:AC38)+SUM(AC40:AC42))))) -> 770639 | BM31: =CountryCode & ".T3.ADJ.S13.MNAC." & RefVintage -> #VALUE!
A32: T3.LIA.S13 | B32: A.N.@@._Z.S13._Z.C.L.F.F71.T._Z.XDC._T.S.V.N._T.EDP3 | C32: Pénzügyi derivatíva kötelezettségek (-) (F.71) | D32: 0 | E32: 0 | F32: 666 | G32: 3317 | H32: 136801 | I32: 95954 | J32: 66428 | K32: 51337 | L32: 35829 | M32: 39288 | N32: 29802 | O32: 32900 | P32: 34160 | Q32: 28645 | R32: 293485 | S32: 25090 | T32: 27592 | U32: 18620 | V32: 35243 | W32: 67400 | X32: 22191 | Y32: 29878 | Z32: 58559 | AA32: 3576 | AB32: 7904 | AC32: 10986 | BM32: =CountryCode & ".T3.LIA.S13.MNAC." & RefVintage -> #VALUE!
A33: T3.OAP.S13 | B33: A.N.@@._Z.S13._Z.C.L.F.F8.T._Z.XDC._T.S.V.N._T.EDP3 | C33: Egyéb tartozások (-) (F.8) | D33: 960 | E33: -26245 | F33: -62039 | G33: -66533 | H33: -68417 | I33: -23397 | J33: -367350 | K33: 147877 | L33: -206031 | M33: -289159 | N33: -117048 | O33: -125682 | P33: -88750 | Q33: 66982 | R33: -320174 | S33: 24929 | T33: -3170417 | U33: -8668 | V33: -109547 | W33: -222969 | X33: 215574 | Y33: -318394 | Z33: -69456 | AA33: -177287 | AB33: -181180 | AC33: 12896 | BM33: =CountryCode & ".T3.OAP.S13.MNAC." & RefVintage -> #VALUE!
A34: T3.OLIA.S13 | B34: A.N.@@._Z.S13._Z.C.L.F.FV.T._Z.XDC._T.S.V.N._T.EDP3 | C34: Egyéb pénzügyi kötelezettségek (-) (F.1, F.5, F.6 and F.72) | D34: 0 | E34: 0 | F34: 0 | G34: 0 | H34: 0 | I34: 0 | J34: 0 | K34: -1618 | L34: -3394 | M34: -981 | N34: -7900 | O34: -16092 | P34: -9459 | Q34: -989 | R34: 53 | S34: 6491 | T34: 1011 | U34: 3214 | V34: 6963 | W34: 1765 | X34: 522 | Y34: 921 | Z34: 91 | AA34: 279 | AB34: -77016 | AC34: -102475 | BM34: =CountryCode & ".T3.OLIA.S13.MNAC." & RefVintage -> #VALUE!
A36: T3.ISS_A.S13 | B36: A.N.@@._Z.S13._Z.C._Z.ORINV._Z.T._Z.XDC._T.S.V.N._T.EDP3 | C36: Adósság kibocsátása névérték felett (-)/alatt(+) | D36: 32695.89 | E36: 37421 | F36: -10459.605 | G36: 2865.1186 | H36: -4167.754 | I36: -25073.598 | J36: 12616.262 | K36: 60005.442 | L36: 58253.999 | M36: 79381.431 | N36: -63807.048 | O36: 100505.24 | P36: -4791.2668 | Q36: 99194.255 | R36: -9686.1025 | S36: -24306.203 | T36: 2122 | U36: 18801 | V36: -50567 | W36: -316629 | X36: -172336 | Y36: -103483 | Z36: -36379 | AA36: 4609 | AB36: -184595 | AC36: -9637 | BM36: =CountryCode & ".T3.ISS_A.S13.MNAC." & RefVintage -> #VALUE!
A37: T3.D41_A.S13 | B37: A.N.@@._Z.S13._Z.C._Z.ORD41A._Z.T._Z.XDC._T.S.V.N._T.EDP3 | C37: A felhalmozódott (-) és fizetett(4)(+) kamat különbözete (D.41) | D37: -32617 | E37: -102230 | F37: -12053.893 | G37: -14554.049 | H37: 14823.973 | I37: 37485.957 | J37: -1674.7929 | K37: -30973.977 | L37: -44466.589 | M37: -118002.46 | N37: -30060.709 | O37: -65487.027 | P37: -43631.833 | Q37: -56808.487 | R37: -4582.4482 | S37: -16319.829 | T37: 1396.8039 | U37: -31831.576 | V37: 20995.184 | W37: 146235.33 | X37: 70545.548 | Y37: 99287.51 | Z37: 85522.253 | AA37: 41158.544 | AB37: 44996.416 | AC37: -25007.114 | BM37: =CountryCode & ".T3.D41_A.S13.MNAC." & RefVintage -> #VALUE!
A38: T3.RED_A.S13 | B38: A.N.@@._Z.S13._Z.C.L.ORRNV._Z.T._Z.XDC._T.S.V.N._T.EDP3 | C38: Adósság instrumentum névérték feletti(+)/alatti(-) visszaváltása/visszavásárlása | D38: 0 | E38: 0 | F38: 0 | G38: 0 | H38: 0 | I38: 0 | J38: 800 | K38: 700 | L38: 200 | M38: -3100 | N38: 600 | O38: -460 | P38: -1217 | Q38: -6236 | R38: -43667 | S38: 2282.8424 | T38: 2641.7199 | U38: -316.82496 | V38: 18299.852 | W38: 76129.038 | X38: 99876.092 | Y38: 90875.845 | Z38: 97314.229 | AA38: 43785.099 | AB38: 71580.815 | AC38: 38847.525 | BM38: =CountryCode & ".T3.RED_A.S13.MNAC." & RefVintage -> #VALUE!
D39: 0 | E39: 0 | F39: 0 | G39: 0 | H39: 0 | I39: 0 | J39: 0 | K39: 2.7648639e-10 | L39: -3.2014214e-10 | M39: 0 | N39: 0 | O39: 4.0017767e-11 | P39: -2.3464963e-10 | Q39: 5.2386895e-10 | R39: -5.8207661e-11 | S39: 0 | T39: 0 | U39: 0 | V39: 0 | W39: 0 | X39: -1.1641532e-10 | Y39: 0 | Z39: 6.5483619e-11 | AA39: 0 | AB39: 0 | AC39: 0
A40: T3.FREV_A.S13 | B40: A.N.@@._Z.S13._Z.C._Z.ORFCD._Z.T._Z.XDC._T.S.V.N._T.EDP3 | C40: Devizában fennálló adósság(5) felértékelődése (+)/leértékelődése(-)(3) | D40: 85976.11 | E40: 28141 | F40: 305132.5 | G40: 278950.93 | H40: 99262.781 | I40: 140311.64 | J40: -174960.47 | K40: -115523.46 | L40: 246283.59 | M40: -210730.97 | N40: 128827.76 | O40: -24074.211 | P40: -14012.9 | Q40: 220911.23 | R40: 46444.551 | S40: 502108.19 | T40: 1381147.5 | U40: -705899.6 | V40: 235241.96 | W40: 559219.63 | X40: 114421.36 | Y40: -71960.355 | Z40: -52144.482 | AA40: 272373.36 | AB40: 280484.77 | AC40: 833274.59 | BM40: =CountryCode & ".T3.FREV_A.S13.MNAC." & RefVintage -> #VALUE!
A41: T3.K61.S13 | B41: A.N.@@._Z.S13._Z.C._Z.K61._Z.T._Z.XDC._T.S.V.N._T.EDP3 | C41: Változások a szektorbesorolásban (K.61)(5) (+/-) | D41: 0 | E41: 0 | F41: -35797 | G41: 0 | H41: 0 | I41: 0 | J41: 0 | K41: 3802 | L41: 0 | M41: 0 | N41: 0 | O41: 0 | P41: -1804 | Q41: 0 | R41: 12215 | S41: 9429 | T41: 0 | U41: 0 | V41: 0 | W41: 61749 | X41: 9106 | Y41: 0 | Z41: 3068 | AA41: 1500 | AB41: 82144 | AC41: 11754 | BM41: =CountryCode & ".T3.K61.S13.MNAC." & RefVintage -> #VALUE!
A42: T3.OCVO_A.S13 | B42: A.N.@@._Z.S13._Z.C._Z.KX._Z.T._Z.XDC._T.S.V.N._T.EDP3 | C42: Adósság instrumentumok egyéb volumenváltozása (K.3, K.4, K.5)(5)(-) | D42: 0 | E42: 0 | F42: 0 | G42: 0 | H42: 0 | I42: 0 | J42: 0 | K42: 0 | L42: 0 | M42: 0 | N42: 0 | O42: 0 | P42: 0 | Q42: 0 | R42: 0 | S42: 0 | T42: 0 | U42: 0 | V42: 0 | W42: 0 | X42: 0 | Y42: 0 | Z42: 0 | AA42: 0 | AB42: 0 | AC42: 0 | BM42: =CountryCode & ".T3.OCVO_A.S13.MNAC." & RefVintage -> #VALUE!
A44: T3.SD.S13 | B44: A.N.@@._Z.S13._Z.C._Z.YA3._Z.T._Z.XDC._T.S.V.N._T.EDP3 | C44: Statisztikai eltérések | D44: 49336.659 | E44: 41711 | F44: 44687.16 | G44: 69210.391 | H44: -58499 | I44: 212.997 | J44: -5938 | K44: 44291 | L44: 29815 | M44: 31055 | N44: 23449.385 | O44: -10915 | P44: -55014 | Q44: -68368 | R44: -295 | S44: 22506 | T44: -11548 | U44: 65081.762 | V44: -28722.5 | W44: 12617.11 | X44: -75945.177 | Y44: -39189.755 | Z44: -2897.1538 | AA44: 4818.8676 | AB44: 6914.0781 | AC44: 4281.8095 | BM44: =CountryCode & ".T3.SD.S13.MNAC." & RefVintage -> #VALUE!
A45: T3.B9_SD.S13 | B45: A.N.@@._Z.S13._Z.C._Z.B9FX9._Z._Z._Z.XDC._T.S.V.N._T.EDP3 | C45: Pénzügyi és tőkeszámla közti eltérés (B.9-B.9f)* | D45: 49336.659 | E45: 41711 | F45: 44687.16 | G45: 69210.391 | H45: -58499 | I45: 212.997 | J45: -5938 | K45: 44291 | L45: 29815 | M45: 31055 | N45: 23449.385 | O45: -10915 | P45: -55014 | Q45: -68368 | R45: -295 | S45: 22506 | T45: -11548 | U45: 65081.762 | V45: -28722.5 | W45: 12617.11 | X45: -75945.177 | Y45: -39189.755 | Z45: -2897.1538 | AA45: 4818.8676 | AB45: 6914.0781 | AC45: 4281.8095 | BM45: =CountryCode & ".T3.B9_SD.S13.MNAC." & RefVintage -> #VALUE!
A46: T3.OSD.S13 | B46: A.N.@@._Z.S13._Z.C._Z.YA3O._Z.T._Z.XDC._T.S.V.N._T.EDP3 | C46: Egyéb statisztikai eltérések (+/-) | D46: 0 | E46: 0 | F46: 0 | G46: 0 | H46: 0 | I46: 0 | J46: 0 | K46: 0 | L46: 0 | M46: 0 | N46: 0 | O46: 0 | P46: 0 | Q46: 0 | R46: 0 | S46: 0 | T46: 0 | U46: 0 | V46: 0 | W46: 0 | X46: 0 | Y46: 0 | Z46: 0 | AA46: 0 | AB46: 0 | AC46: 0 | BM46: =CountryCode & ".T3.OSD.S13.MNAC." & RefVintage -> #VALUE!
A48: T3.CHDEBT.S13 | B48: A.N.@@._Z.S13._Z.C._Z.LX.GD.T._Z.XDC._T.F.V.N._T.EDP3 | C48: Kormányzati szektor (S.13) konszolidált bruttó adóságának változása (1,2) | D48: 1001585 | E48: 176846 | F48: 418694 | G48: 813303 | H48: 709632 | I48: 392759 | J48: 624119 | K48: 1643291 | L48: 1426802 | M48: 1306297 | N48: 1251369 | O48: 2010871 | P48: 1188919 | Q48: 2679837 | R48: 1141016 | S48: 1295124 | T48: 937233 | U48: -264866 | V48: 768970 | W48: 1678160 | X48: 1382540 | Y48: 613425 | Z48: 1217187 | AA48: 1649666 | AB48: 1183597 | AC48: 7249396 | BM48: =CountryCode & ".T3.CHDEBT.S13.MNAC." & RefVintage -> #VALUE!
C50: *Kérjük, hogy figyeljen a nettó hitelfelvételnél / nettó hitelnyújtás előjelére, amely konvenció szerint az 1. és 2. táblákban eltérő.
C53: (1) A pozitív érték ebben a sorban azt jelenti, hogy az adósság névértéken nő; a negatív érték pedig, hogy az adósság csökken.
C54: (2) Kormányzati szektoron belül konszolidált.
C55: (3) Az árfolyamváltozások miatt.
C59: COVERAGE | D59: =IF(COUNTA(D10:Z10,D12:Z29,D31:Z34,D36:Z38,D40:Z42,D44:Z46,D48:Z48)/561*100=100,"OK - Table 3A is fully completed","WARNING - Table 3A is not fully completed, please fill in figure, L, M or 0") -> WARNING - Table 3A is not fully completed, please fill in figure, L, M or 0 | AC59: OK | AD59: OK | AE59: OK | AF59: OK | AG59: OK | AH59: OK | AI59: OK
C60: VERTICAL CHECKS | AC60: 2020 | AD60: 2021 | AE60: 2022 | AF60: 2023 | AG60: 2024 | AH60: 2025 | AI60: 2026
C61: T3.B9.S13+T3.FA.S13+T3.ADJ.S13+T3.SD.S13=T3.CHDEBT.S13 | D61: =IF(D48="M",0,D48)-IF(D10="M",0,D10)-IF(D12="M",0,D12)-IF(D31="M",0,D31)-IF(D44="M",0,D44) -> 0 | E61: =IF(E48="M",0,E48)-IF(E10="M",0,E10)-IF(E12="M",0,E12)-IF(E31="M",0,E31)-IF(E44="M",0,E44) -> 0 | F61: =IF(F48="M",0,F48)-IF(F10="M",0,F10)-IF(F12="M",0,F12)-IF(F31="M",0,F31)-IF(F44="M",0,F44) -> 0 | G61: =IF(G48="M",0,G48)-IF(G10="M",0,G10)-IF(G12="M",0,G12)-IF(G31="M",0,G31)-IF(G44="M",0,G44) -> 0 | H61: =IF(H48="M",0,H48)-IF(H10="M",0,H10)-IF(H12="M",0,H12)-IF(H31="M",0,H31)-IF(H44="M",0,H44) -> 0 | I61: =IF(I48="M",0,I48)-IF(I10="M",0,I10)-IF(I12="M",0,I12)-IF(I31="M",0,I31)-IF(I44="M",0,I44) -> 0 | J61: =IF(J48="M",0,J48)-IF(J10="M",0,J10)-IF(J12="M",0,J12)-IF(J31="M",0,J31)-IF(J44="M",0,J44) -> 0 | K61: =IF(K48="M",0,K48)-IF(K10="M",0,K10)-IF(K12="M",0,K12)-IF(K31="M",0,K31)-IF(K44="M",0,K44) -> 0 | ... Z61: =IF(Z48="M",0,Z48)-IF(Z10="M",0,Z10)-IF(Z12="M",0,Z12)-IF(Z31="M",0,Z31)-IF(Z44="M",0,Z44) -> 1.546141e-11 | AB61: =IF(AB48="M",0,AB48)-IF(AB10="M",0,AB10)-IF(AB12="M",0,AB12)-IF(AB31="M",0,AB31)-IF(AB44="M",0,AB44) -> -7.2759576e-11 | AC61: 0 | AD61: 0 | AE61: 0 | AF61: 0 | AG61: 0 | AH61: 0 | AI61: 0
C62: T3.FA.S13=T3.F2.S13+T3.F3.S13+T3.F4.S13+ T3.F5.S13+T3.F71.S13+T3.F8.S13+T3.OFA.S13 | D62: =IF(D12="M",0,D12)-IF(D13="M",0,D13)-IF(D14="M",0,D14)-IF(D15="M",0,D15)-IF(D22="M",0,D22)-IF(D27="M",0,D27)-IF(D28="M",0,D28)-IF(D29="M",0,D29) -> 0 | E62: =IF(E12="M",0,E12)-IF(E13="M",0,E13)-IF(E14="M",0,E14)-IF(E15="M",0,E15)-IF(E22="M",0,E22)-IF(E27="M",0,E27)-IF(E28="M",0,E28)-IF(E29="M",0,E29) -> 0 | F62: =IF(F12="M",0,F12)-IF(F13="M",0,F13)-IF(F14="M",0,F14)-IF(F15="M",0,F15)-IF(F22="M",0,F22)-IF(F27="M",0,F27)-IF(F28="M",0,F28)-IF(F29="M",0,F29) -> 0 | G62: =IF(G12="M",0,G12)-IF(G13="M",0,G13)-IF(G14="M",0,G14)-IF(G15="M",0,G15)-IF(G22="M",0,G22)-IF(G27="M",0,G27)-IF(G28="M",0,G28)-IF(G29="M",0,G29) -> 0 | H62: =IF(H12="M",0,H12)-IF(H13="M",0,H13)-IF(H14="M",0,H14)-IF(H15="M",0,H15)-IF(H22="M",0,H22)-IF(H27="M",0,H27)-IF(H28="M",0,H28)-IF(H29="M",0,H29) -> 0 | I62: =IF(I12="M",0,I12)-IF(I13="M",0,I13)-IF(I14="M",0,I14)-IF(I15="M",0,I15)-IF(I22="M",0,I22)-IF(I27="M",0,I27)-IF(I28="M",0,I28)-IF(I29="M",0,I29) -> 0 | J62: =IF(J12="M",0,J12)-IF(J13="M",0,J13)-IF(J14="M",0,J14)-IF(J15="M",0,J15)-IF(J22="M",0,J22)-IF(J27="M",0,J27)-IF(J28="M",0,J28)-IF(J29="M",0,J29) -> 0 | K62: =IF(K12="M",0,K12)-IF(K13="M",0,K13)-IF(K14="M",0,K14)-IF(K15="M",0,K15)-IF(K22="M",0,K22)-IF(K27="M",0,K27)-IF(K28="M",0,K28)-IF(K29="M",0,K29) -> 0 | ... Z62: =IF(Z12="M",0,Z12)-IF(Z13="M",0,Z13)-IF(Z14="M",0,Z14)-IF(Z15="M",0,Z15)-IF(Z22="M",0,Z22)-IF(Z27="M",0,Z27)-IF(Z28="M",0,Z28)-IF(Z29="M",0,Z29) -> 0 | AB62: =IF(AB12="M",0,AB12)-IF(AB13="M",0,AB13)-IF(AB14="M",0,AB14)-IF(AB15="M",0,AB15)-IF(AB22="M",0,AB22)-IF(AB27="M",0,AB27)-IF(AB28="M",0,AB28)-IF(AB29="M",0,AB29) -> 0 | AC62: 0 | AD62: 0 | AE62: 0 | AF62: 0 | AG62: 0 | AH62: 0 | AI62: 0
C63: T3.F4.S13=T3.F41.S13+T3.F42.S13 | D63: =IF(D15="M",0,D15)-IF(D18="M",0,D18)-IF(D19="M",0,D19) -> 0 | E63: =IF(E15="M",0,E15)-IF(E18="M",0,E18)-IF(E19="M",0,E19) -> 0 | F63: =IF(F15="M",0,F15)-IF(F18="M",0,F18)-IF(F19="M",0,F19) -> 0 | G63: =IF(G15="M",0,G15)-IF(G18="M",0,G18)-IF(G19="M",0,G19) -> 0 | H63: =IF(H15="M",0,H15)-IF(H18="M",0,H18)-IF(H19="M",0,H19) -> 0 | I63: =IF(I15="M",0,I15)-IF(I18="M",0,I18)-IF(I19="M",0,I19) -> 0 | J63: =IF(J15="M",0,J15)-IF(J18="M",0,J18)-IF(J19="M",0,J19) -> 0 | K63: =IF(K15="M",0,K15)-IF(K18="M",0,K18)-IF(K19="M",0,K19) -> 0 | ... Z63: =IF(Z15="M",0,Z15)-IF(Z18="M",0,Z18)-IF(Z19="M",0,Z19) -> 0 | AB63: =IF(AB15="M",0,AB15)-IF(AB18="M",0,AB18)-IF(AB19="M",0,AB19) -> 0 | AC63: 0 | AD63: 0 | AE63: 0 | AF63: 0 | AG63: 0 | AH63: 0 | AI63: 0
C64: T3.F4.S13=T3.F4ACQ.S13+T3.F4DIS.S13 | D64: =IF(D15="M",0,D15)-IF(D16="M",0,D16)-IF(D17="M",0,D17) -> 0 | E64: =IF(E15="M",0,E15)-IF(E16="M",0,E16)-IF(E17="M",0,E17) -> 0 | F64: =IF(F15="M",0,F15)-IF(F16="M",0,F16)-IF(F17="M",0,F17) -> 0 | G64: =IF(G15="M",0,G15)-IF(G16="M",0,G16)-IF(G17="M",0,G17) -> 0 | H64: =IF(H15="M",0,H15)-IF(H16="M",0,H16)-IF(H17="M",0,H17) -> 0 | I64: =IF(I15="M",0,I15)-IF(I16="M",0,I16)-IF(I17="M",0,I17) -> 0 | J64: =IF(J15="M",0,J15)-IF(J16="M",0,J16)-IF(J17="M",0,J17) -> 0 | K64: =IF(K15="M",0,K15)-IF(K16="M",0,K16)-IF(K17="M",0,K17) -> 0 | ... Z64: =IF(Z15="M",0,Z15)-IF(Z16="M",0,Z16)-IF(Z17="M",0,Z17) -> 0 | AB64: =IF(AB15="M",0,AB15)-IF(AB16="M",0,AB16)-IF(AB17="M",0,AB17) -> 0 | AC64: 0 | AD64: 0 | AE64: 0 | AF64: 0 | AG64: 0 | AH64: 0 | AI64: 0
C65: T3.F42.S13=T3.F42ACQ.S13+T3.F42DIS.S13 | D65: =IF(D19="M",0,D19)-IF(D20="M",0,D20)-IF(D21="M",0,D21) -> 0 | E65: =IF(E19="M",0,E19)-IF(E20="M",0,E20)-IF(E21="M",0,E21) -> 0 | F65: =IF(F19="M",0,F19)-IF(F20="M",0,F20)-IF(F21="M",0,F21) -> 0 | G65: =IF(G19="M",0,G19)-IF(G20="M",0,G20)-IF(G21="M",0,G21) -> 0 | H65: =IF(H19="M",0,H19)-IF(H20="M",0,H20)-IF(H21="M",0,H21) -> 0 | I65: =IF(I19="M",0,I19)-IF(I20="M",0,I20)-IF(I21="M",0,I21) -> 0 | J65: =IF(J19="M",0,J19)-IF(J20="M",0,J20)-IF(J21="M",0,J21) -> 0 | K65: =IF(K19="M",0,K19)-IF(K20="M",0,K20)-IF(K21="M",0,K21) -> 0 | ... Z65: =IF(Z19="M",0,Z19)-IF(Z20="M",0,Z20)-IF(Z21="M",0,Z21) -> 0 | AB65: =IF(AB19="M",0,AB19)-IF(AB20="M",0,AB20)-IF(AB21="M",0,AB21) -> 0 | AC65: 0 | AD65: 0 | AE65: 0 | AF65: 0 | AG65: 0 | AH65: 0 | AI65: 0
C66: T3.F5.S13=T3.F5PN.S13+T3.F5OP.S13 | D66: =IF(D22="M",0,D22)-IF(D23="M",0,D23)-IF(D24="M",0,D24) -> 0 | E66: =IF(E22="M",0,E22)-IF(E23="M",0,E23)-IF(E24="M",0,E24) -> 0 | F66: =IF(F22="M",0,F22)-IF(F23="M",0,F23)-IF(F24="M",0,F24) -> 0 | G66: =IF(G22="M",0,G22)-IF(G23="M",0,G23)-IF(G24="M",0,G24) -> 0 | H66: =IF(H22="M",0,H22)-IF(H23="M",0,H23)-IF(H24="M",0,H24) -> 0 | I66: =IF(I22="M",0,I22)-IF(I23="M",0,I23)-IF(I24="M",0,I24) -> 0 | J66: =IF(J22="M",0,J22)-IF(J23="M",0,J23)-IF(J24="M",0,J24) -> 0 | K66: =IF(K22="M",0,K22)-IF(K23="M",0,K23)-IF(K24="M",0,K24) -> 0 | ... Z66: =IF(Z22="M",0,Z22)-IF(Z23="M",0,Z23)-IF(Z24="M",0,Z24) -> 0 | AB66: =IF(AB22="M",0,AB22)-IF(AB23="M",0,AB23)-IF(AB24="M",0,AB24) -> 0 | AC66: 0 | AD66: 0 | AE66: 0 | AF66: 0 | AG66: 0 | AH66: 0 | AI66: 0
C67: T3.F5OP.S13=T3.F5OPACQ.S13+T3.F5OPDIS.S13 | D67: =IF(D24="M",0,D24)-IF(D25="M",0,D25)-IF(D26="M",0,D26) -> 0 | E67: =IF(E24="M",0,E24)-IF(E25="M",0,E25)-IF(E26="M",0,E26) -> 0 | F67: =IF(F24="M",0,F24)-IF(F25="M",0,F25)-IF(F26="M",0,F26) -> 0 | G67: =IF(G24="M",0,G24)-IF(G25="M",0,G25)-IF(G26="M",0,G26) -> 0 | H67: =IF(H24="M",0,H24)-IF(H25="M",0,H25)-IF(H26="M",0,H26) -> 0 | I67: =IF(I24="M",0,I24)-IF(I25="M",0,I25)-IF(I26="M",0,I26) -> 0 | J67: =IF(J24="M",0,J24)-IF(J25="M",0,J25)-IF(J26="M",0,J26) -> 0 | K67: =IF(K24="M",0,K24)-IF(K25="M",0,K25)-IF(K26="M",0,K26) -> 0 | ... Z67: =IF(Z24="M",0,Z24)-IF(Z25="M",0,Z25)-IF(Z26="M",0,Z26) -> 0 | AB67: =IF(AB24="M",0,AB24)-IF(AB25="M",0,AB25)-IF(AB26="M",0,AB26) -> 0 | AC67: 0 | AD67: 0 | AE67: 0 | AF67: 0 | AG67: 0 | AH67: 0 | AI67: 0
C68: T3.ADJ.S13=T3.LIA.S13+T3.OAP.S13+T3.OLIA.S13+T3.ISS_A.S13+T3.D41_A.S13+T3.RED_A.S13+ +T3.FREV_A.S13+T3.K61.S13+T3.OCVO_A.S13 | D68: =IF(D31="M",0,D31)-IF(D32="M",0,D32)-IF(D33="M",0,D33)-IF(D34="M",0,D34)-IF(D36="M",0,D36)-IF(D37="M",0,D37)-IF(D38="M",0,D38)-IF(D40="M",0,D40)-IF(D41="M",0,D41)-IF(D42="M",0,D42) -> 0 | E68: =IF(E31="M",0,E31)-IF(E32="M",0,E32)-IF(E33="M",0,E33)-IF(E34="M",0,E34)-IF(E36="M",0,E36)-IF(E37="M",0,E37)-IF(E38="M",0,E38)-IF(E40="M",0,E40)-IF(E41="M",0,E41)-IF(E42="M",0,E42) -> 0 | F68: =IF(F31="M",0,F31)-IF(F32="M",0,F32)-IF(F33="M",0,F33)-IF(F34="M",0,F34)-IF(F36="M",0,F36)-IF(F37="M",0,F37)-IF(F38="M",0,F38)-IF(F40="M",0,F40)-IF(F41="M",0,F41)-IF(F42="M",0,F42) -> 0 | G68: =IF(G31="M",0,G31)-IF(G32="M",0,G32)-IF(G33="M",0,G33)-IF(G34="M",0,G34)-IF(G36="M",0,G36)-IF(G37="M",0,G37)-IF(G38="M",0,G38)-IF(G40="M",0,G40)-IF(G41="M",0,G41)-IF(G42="M",0,G42) -> 0 | H68: =IF(H31="M",0,H31)-IF(H32="M",0,H32)-IF(H33="M",0,H33)-IF(H34="M",0,H34)-IF(H36="M",0,H36)-IF(H37="M",0,H37)-IF(H38="M",0,H38)-IF(H40="M",0,H40)-IF(H41="M",0,H41)-IF(H42="M",0,H42) -> -1.4551915e-11 | I68: =IF(I31="M",0,I31)-IF(I32="M",0,I32)-IF(I33="M",0,I33)-IF(I34="M",0,I34)-IF(I36="M",0,I36)-IF(I37="M",0,I37)-IF(I38="M",0,I38)-IF(I40="M",0,I40)-IF(I41="M",0,I41)-IF(I42="M",0,I42) -> 0 | J68: =IF(J31="M",0,J31)-IF(J32="M",0,J32)-IF(J33="M",0,J33)-IF(J34="M",0,J34)-IF(J36="M",0,J36)-IF(J37="M",0,J37)-IF(J38="M",0,J38)-IF(J40="M",0,J40)-IF(J41="M",0,J41)-IF(J42="M",0,J42) -> 0 | K68: =IF(K31="M",0,K31)-IF(K32="M",0,K32)-IF(K33="M",0,K33)-IF(K34="M",0,K34)-IF(K36="M",0,K36)-IF(K37="M",0,K37)-IF(K38="M",0,K38)-IF(K40="M",0,K40)-IF(K41="M",0,K41)-IF(K42="M",0,K42) -> -1.4097168e-11 | ... Z68: =IF(Z31="M",0,Z31)-IF(Z32="M",0,Z32)-IF(Z33="M",0,Z33)-IF(Z34="M",0,Z34)-IF(Z36="M",0,Z36)-IF(Z37="M",0,Z37)-IF(Z38="M",0,Z38)-IF(Z40="M",0,Z40)-IF(Z41="M",0,Z41)-IF(Z42="M",0,Z42) -> -1.546141e-11 | AB68: =IF(AB31="M",0,AB31)-IF(AB32="M",0,AB32)-IF(AB33="M",0,AB33)-IF(AB34="M",0,AB34)-IF(AB36="M",0,AB36)-IF(AB37="M",0,AB37)-IF(AB38="M",0,AB38)-IF(AB40="M",0,AB40)-IF(AB41="M",0,AB41)-IF(AB42="M",0,AB42) -> 1.4551915e-11 | AC68: 0 | AD68: 0 | AE68: 0 | AF68: 0 | AG68: 0 | AH68: 0 | AI68: 0
C69: T3.SD.S13=T3.B9_SD.S13+T3.OSD.S13 | D69: =IF(D44="M",0,D44)-IF(D45="M",0,D45)-IF(D46="M",0,D46) -> 0 | E69: =IF(E44="M",0,E44)-IF(E45="M",0,E45)-IF(E46="M",0,E46) -> 0 | F69: =IF(F44="M",0,F44)-IF(F45="M",0,F45)-IF(F46="M",0,F46) -> 0 | G69: =IF(G44="M",0,G44)-IF(G45="M",0,G45)-IF(G46="M",0,G46) -> 0 | H69: =IF(H44="M",0,H44)-IF(H45="M",0,H45)-IF(H46="M",0,H46) -> 0 | I69: =IF(I44="M",0,I44)-IF(I45="M",0,I45)-IF(I46="M",0,I46) -> 0 | J69: =IF(J44="M",0,J44)-IF(J45="M",0,J45)-IF(J46="M",0,J46) -> 0 | K69: =IF(K44="M",0,K44)-IF(K45="M",0,K45)-IF(K46="M",0,K46) -> 0 | ... Z69: =IF(Z44="M",0,Z44)-IF(Z45="M",0,Z45)-IF(Z46="M",0,Z46) -> 0 | AB69: =IF(AB44="M",0,AB44)-IF(AB45="M",0,AB45)-IF(AB46="M",0,AB46) -> 0 | AC69: 0 | AD69: 0 | AE69: 0 | AF69: 0 | AG69: 0 | AH69: 0 | AI69: 0
C70: HORIZONTAL CHECKS
C71: T1.B9.S13+T3.B9.S13=0 | D71: =IF('1. Tábla'!E10="M",0,'1. Tábla'!E10)+IF('3A Tábla'!D10="M",0,'3A Tábla'!D10) -> 0 | E71: =IF('1. Tábla'!F10="M",0,'1. Tábla'!F10)+IF('3A Tábla'!E10="M",0,'3A Tábla'!E10) -> 0 | F71: =IF('1. Tábla'!G10="M",0,'1. Tábla'!G10)+IF('3A Tábla'!F10="M",0,'3A Tábla'!F10) -> 0 | G71: =IF('1. Tábla'!H10="M",0,'1. Tábla'!H10)+IF('3A Tábla'!G10="M",0,'3A Tábla'!G10) -> 0 | H71: =IF('1. Tábla'!I10="M",0,'1. Tábla'!I10)+IF('3A Tábla'!H10="M",0,'3A Tábla'!H10) -> 0 | I71: =IF('1. Tábla'!J10="M",0,'1. Tábla'!J10)+IF('3A Tábla'!I10="M",0,'3A Tábla'!I10) -> 0 | J71: =IF('1. Tábla'!K10="M",0,'1. Tábla'!K10)+IF('3A Tábla'!J10="M",0,'3A Tábla'!J10) -> 0 | K71: =IF('1. Tábla'!L10="M",0,'1. Tábla'!L10)+IF('3A Tábla'!K10="M",0,'3A Tábla'!K10) -> 0 | ... Z71: =IF('1. Tábla'!AA10="M",0,'1. Tábla'!AA10)+IF('3A Tábla'!Z10="M",0,'3A Tábla'!Z10) -> 0 | AB71: =IF('1. Tábla'!AC10="M",0,'1. Tábla'!AC10)+IF('3A Tábla'!AB10="M",0,'3A Tábla'!AB10) -> 0 | AC71: 0 | AD71: 0 | AE71: 0 | AF71: 0 | AG71: 0 | AH71: 0 | AI71: 0
C72: T3.CHDEBT.S13= T1.DEBT.S13(t)- T1.DEBT.S13(t-1) | AC72: NC | AD72: NC | AE72: NC | AF72: NC | AG72: NC | AH72: NC | AI72: NC
C73: T1.DEBT.S13=T3.CTDEBT.S1311+ T3.CTDEBT.S1312+ T3.CTDEBT.S1313+ T3.CTDEBT.S1314 | D73: =IF('1. Tábla'!E18="M",0,'1. Tábla'!E18)-SUM('3B Tábla'!D51,'3C Tábla'!D51,'3D Tábla'!D51,'3E Tábla'!D51) -> 0 | E73: =IF('1. Tábla'!F18="M",0,'1. Tábla'!F18)-SUM('3B Tábla'!E51,'3C Tábla'!E51,'3D Tábla'!E51,'3E Tábla'!E51) -> 0 | F73: =IF('1. Tábla'!G18="M",0,'1. Tábla'!G18)-SUM('3B Tábla'!F51,'3C Tábla'!F51,'3D Tábla'!F51,'3E Tábla'!F51) -> 0 | G73: =IF('1. Tábla'!H18="M",0,'1. Tábla'!H18)-SUM('3B Tábla'!G51,'3C Tábla'!G51,'3D Tábla'!G51,'3E Tábla'!G51) -> 0 | H73: =IF('1. Tábla'!I18="M",0,'1. Tábla'!I18)-SUM('3B Tábla'!H51,'3C Tábla'!H51,'3D Tábla'!H51,'3E Tábla'!H51) -> 0 | I73: =IF('1. Tábla'!J18="M",0,'1. Tábla'!J18)-SUM('3B Tábla'!I51,'3C Tábla'!I51,'3D Tábla'!I51,'3E Tábla'!I51) -> 0 | J73: =IF('1. Tábla'!K18="M",0,'1. Tábla'!K18)-SUM('3B Tábla'!J51,'3C Tábla'!J51,'3D Tábla'!J51,'3E Tábla'!J51) -> 0 | K73: =IF('1. Tábla'!L18="M",0,'1. Tábla'!L18)-SUM('3B Tábla'!K51,'3C Tábla'!K51,'3D Tábla'!K51,'3E Tábla'!K51) -> 0 | ... Z73: =IF('1. Tábla'!AA18="M",0,'1. Tábla'!AA18)-SUM('3B Tábla'!Z51,'3C Tábla'!Z51,'3D Tábla'!Z51,'3E Tábla'!Z51) -> 0 | AB73: =IF('1. Tábla'!AC18="M",0,'1. Tábla'!AC18)-SUM('3B Tábla'!AB51,'3C Tábla'!AB51,'3D Tábla'!AB51,'3E Tábla'!AB51) -> 0 | AC73: 0 | AD73: 0 | AE73: 0 | AF73: 0 | AG73: 0 | AH73: 0 | AI73: 0
C74: T3.B9.S13+T3.B9_SD.S13 = (T3.B9.S1311+T3.B9_SD.S1311) - (T3.B9.S1312+T3.B9_SD.S1312) - (T3.B9.S1313+T3.B9_SD.S1313) - (T3.B9.S1314+T3.B9_SD.S1314) | D74: =(IF(D10="M",0,D10)+IF(D45="M",0,D45))-(IF('3B Tábla'!D10="M",0,'3B Tábla'!D10)+IF('3B Tábla'!D45="M",0,'3B Tábla'!D45))-(IF('3C Tábla'!D10="M",0,'3C Tábla'!D10)+IF('3C Tábla'!D45="M",0,'3C Tábla'!D45))-(IF('3D Tábla'!D10="M",0,'3D Tábla'!D10)+IF('3D Tábla'!D45="M",0,'3D Tábla'!D45))-(IF('3E Tábla'!D10="M",0,'3E Tábla'!D10)+IF('3E Tábla'!D45="M",0,'3E Tábla'!D45)) -> 0 | E74: =(IF(E10="M",0,E10)+IF(E45="M",0,E45))-(IF('3B Tábla'!E10="M",0,'3B Tábla'!E10)+IF('3B Tábla'!E45="M",0,'3B Tábla'!E45))-(IF('3C Tábla'!E10="M",0,'3C Tábla'!E10)+IF('3C Tábla'!E45="M",0,'3C Tábla'!E45))-(IF('3D Tábla'!E10="M",0,'3D Tábla'!E10)+IF('3D Tábla'!E45="M",0,'3D Tábla'!E45))-(IF('3E Tábla'!E10="M",0,'3E Tábla'!E10)+IF('3E Tábla'!E45="M",0,'3E Tábla'!E45)) -> 0 | F74: =(IF(F10="M",0,F10)+IF(F45="M",0,F45))-(IF('3B Tábla'!F10="M",0,'3B Tábla'!F10)+IF('3B Tábla'!F45="M",0,'3B Tábla'!F45))-(IF('3C Tábla'!F10="M",0,'3C Tábla'!F10)+IF('3C Tábla'!F45="M",0,'3C Tábla'!F45))-(IF('3D Tábla'!F10="M",0,'3D Tábla'!F10)+IF('3D Tábla'!F45="M",0,'3D Tábla'!F45))-(IF('3E Tábla'!F10="M",0,'3E Tábla'!F10)+IF('3E Tábla'!F45="M",0,'3E Tábla'!F45)) -> 0 | G74: =(IF(G10="M",0,G10)+IF(G45="M",0,G45))-(IF('3B Tábla'!G10="M",0,'3B Tábla'!G10)+IF('3B Tábla'!G45="M",0,'3B Tábla'!G45))-(IF('3C Tábla'!G10="M",0,'3C Tábla'!G10)+IF('3C Tábla'!G45="M",0,'3C Tábla'!G45))-(IF('3D Tábla'!G10="M",0,'3D Tábla'!G10)+IF('3D Tábla'!G45="M",0,'3D Tábla'!G45))-(IF('3E Tábla'!G10="M",0,'3E Tábla'!G10)+IF('3E Tábla'!G45="M",0,'3E Tábla'!G45)) -> -1.1641532e-10 | H74: =(IF(H10="M",0,H10)+IF(H45="M",0,H45))-(IF('3B Tábla'!H10="M",0,'3B Tábla'!H10)+IF('3B Tábla'!H45="M",0,'3B Tábla'!H45))-(IF('3C Tábla'!H10="M",0,'3C Tábla'!H10)+IF('3C Tábla'!H45="M",0,'3C Tábla'!H45))-(IF('3D Tábla'!H10="M",0,'3D Tábla'!H10)+IF('3D Tábla'!H45="M",0,'3D Tábla'!H45))-(IF('3E Tábla'!H10="M",0,'3E Tábla'!H10)+IF('3E Tábla'!H45="M",0,'3E Tábla'!H45)) -> 0 | I74: =(IF(I10="M",0,I10)+IF(I45="M",0,I45))-(IF('3B Tábla'!I10="M",0,'3B Tábla'!I10)+IF('3B Tábla'!I45="M",0,'3B Tábla'!I45))-(IF('3C Tábla'!I10="M",0,'3C Tábla'!I10)+IF('3C Tábla'!I45="M",0,'3C Tábla'!I45))-(IF('3D Tábla'!I10="M",0,'3D Tábla'!I10)+IF('3D Tábla'!I45="M",0,'3D Tábla'!I45))-(IF('3E Tábla'!I10="M",0,'3E Tábla'!I10)+IF('3E Tábla'!I45="M",0,'3E Tábla'!I45)) -> 6.184564e-11 | J74: =(IF(J10="M",0,J10)+IF(J45="M",0,J45))-(IF('3B Tábla'!J10="M",0,'3B Tábla'!J10)+IF('3B Tábla'!J45="M",0,'3B Tábla'!J45))-(IF('3C Tábla'!J10="M",0,'3C Tábla'!J10)+IF('3C Tábla'!J45="M",0,'3C Tábla'!J45))-(IF('3D Tábla'!J10="M",0,'3D Tábla'!J10)+IF('3D Tábla'!J45="M",0,'3D Tábla'!J45))-(IF('3E Tábla'!J10="M",0,'3E Tábla'!J10)+IF('3E Tábla'!J45="M",0,'3E Tábla'!J45)) -> 0 | K74: =(IF(K10="M",0,K10)+IF(K45="M",0,K45))-(IF('3B Tábla'!K10="M",0,'3B Tábla'!K10)+IF('3B Tábla'!K45="M",0,'3B Tábla'!K45))-(IF('3C Tábla'!K10="M",0,'3C Tábla'!K10)+IF('3C Tábla'!K45="M",0,'3C Tábla'!K45))-(IF('3D Tábla'!K10="M",0,'3D Tábla'!K10)+IF('3D Tábla'!K45="M",0,'3D Tábla'!K45))-(IF('3E Tábla'!K10="M",0,'3E Tábla'!K10)+IF('3E Tábla'!K45="M",0,'3E Tábla'!K45)) -> 4.6566129e-10 | ... Z74: =(IF(Z10="M",0,Z10)+IF(Z45="M",0,Z45))-(IF('3B Tábla'!Z10="M",0,'3B Tábla'!Z10)+IF('3B Tábla'!Z45="M",0,'3B Tábla'!Z45))-(IF('3C Tábla'!Z10="M",0,'3C Tábla'!Z10)+IF('3C Tábla'!Z45="M",0,'3C Tábla'!Z45))-(IF('3D Tábla'!Z10="M",0,'3D Tábla'!Z10)+IF('3D Tábla'!Z45="M",0,'3D Tábla'!Z45))-(IF('3E Tábla'!Z10="M",0,'3E Tábla'!Z10)+IF('3E Tábla'!Z45="M",0,'3E Tábla'!Z45)) -> -2.401066e-10 | AB74: =(IF(AB10="M",0,AB10)+IF(AB45="M",0,AB45))-(IF('3B Tábla'!AB10="M",0,'3B Tábla'!AB10)+IF('3B Tábla'!AB45="M",0,'3B Tábla'!AB45))-(IF('3C Tábla'!AB10="M",0,'3C Tábla'!AB10)+IF('3C Tábla'!AB45="M",0,'3C Tábla'!AB45))-(IF('3D Tábla'!AB10="M",0,'3D Tábla'!AB10)+IF('3D Tábla'!AB45="M",0,'3D Tábla'!AB45))-(IF('3E Tábla'!AB10="M",0,'3E Tábla'!AB10)+IF('3E Tábla'!AB45="M",0,'3E Tábla'!AB45)) -> 0 | AC74: 0 | AD74: 0 | AE74: 0 | AF74: 0 | AG74: 0 | AH74: 0 | AI74: 0
AC75: 0 | AD75: 0 | AE75: 0 | AF75: 0 | AG75: 0 | AH75: 0 | AI75: 0

Sheet 3B Tábla
AN1: =Fedőlap!$N$1 -> Oct.2016 | AO1: 3 | AP1: 4 | AQ1: 5 | AR1: 6 | AS1: =AR1+1 -> 7 | AT1: =AS1+1 -> 8 | AU1: =AT1+1 -> 9 | AV1: =AU1+1 -> 10 | AW1: =AV1+1 -> 11 | AX1: =AW1+1 -> 12 | AY1: =AX1+1 -> 13 | AZ1: =AY1+1 -> 14 | ... BE1: =BD1+1 -> 19
C2: 3B Tábla: Adatszolgáltatás a kormányzati hiány/többlet és egyéb tényezők adósság-változásra gyakorolt hatásáról
C3: és az alszektorok adósságának konszolidációjáról (Központi kormányzat)
C6: Tagország: Magyarország | D6: Year
B7: SDMX series | C7: Adatok millió forintban | D7: ='1. Tábla'!E5 -> 1995 | E7: =D7+1 -> 1996 | F7: =E7+1 -> 1997 | G7: =F7+1 -> 1998 | H7: =G7+1 -> 1999 | I7: =H7+1 -> 2000 | J7: =I7+1 -> 2001 | K7: =J7+1 -> 2002 | L7: =K7+1 -> 2003 | ... U7: =T7+1 -> 2012 | V7: 2013 | W7: 2014 | X7: 2015 | Y7: 2016 | Z7: 2017 | AA7: 2018 | AB7: 2019 | AC7: 2020
C8: =Fedőlap!E15 -> Dátum: 2025.10.10.
A10: T3.B9.S1311 | B10: A.N.@@._Z.S1311._Z._Z.B.B9._Z._Z._Z.XDC._T.S.V.N._T.EDP3 | C10: Központi kormányzat (EDP B.9) nettó hitelfelvétele(+)/hitelnyújtása(-) (S.1311)* | D10: 509787.34 | E10: 380270 | F10: 497292.84 | G10: 708854.61 | H10: 595541 | I10: 354854 | J10: 703875 | K10: 1332869 | L10: 1102996 | M10: 1270681 | N10: 1599693 | O10: 2439617 | P10: 1456874 | Q10: 968598 | R10: 1046412 | S10: 1032846 | T10: 1664946 | U10: 809602.24 | V10: 1676570.5 | W10: 1394670.2 | X10: 761145.65 | Y10: 717925.9 | Z10: 950327.26 | AA10: 997878.58 | AB10: 790839.66 | AC10: 3249169.4 | BM10: =CountryCode & ".T3.B9.S1311.MNAC." & RefVintage -> #VALUE!
A12: T3.FA.S1311 | B12: A.N.@@._Z.S1311._Z.C.A.F.F.T._Z.XDC._T.S.V.N._T.EDP3 | C12: Pénzügyi eszközök nettó növekedése (+) (2) | D12: =IF(AND(D13="0",D14="0",D15="0",D22="0",D27="0",D28="0",D29="0"),"0",IF(AND(D13="M",D14="M",D15="M",D22="M",D27="M",D28="M",D29="M"),"M",IF(AND(D13="L",D14="L",D15="L",D22="L",D27="L",D28="L",D29="L"),"L",IF(AND(ISTEXT(D13),ISTEXT(D14),ISTEXT(D15),ISTEXT(D22),ISTEXT(D27),ISTEXT(D28),ISTEXT(D29)),"M",D13+D14+D15+D22+D27+D28+D29)))) -> 399105 | E12: =IF(AND(E13="0",E14="0",E15="0",E22="0",E27="0",E28="0",E29="0"),"0",IF(AND(E13="M",E14="M",E15="M",E22="M",E27="M",E28="M",E29="M"),"M",IF(AND(E13="L",E14="L",E15="L",E22="L",E27="L",E28="L",E29="L"),"L",IF(AND(ISTEXT(E13),ISTEXT(E14),ISTEXT(E15),ISTEXT(E22),ISTEXT(E27),ISTEXT(E28),ISTEXT(E29)),"M",E13+E14+E15+E22+E27+E28+E29)))) -> -182304 | F12: =IF(AND(F13="0",F14="0",F15="0",F22="0",F27="0",F28="0",F29="0"),"0",IF(AND(F13="M",F14="M",F15="M",F22="M",F27="M",F28="M",F29="M"),"M",IF(AND(F13="L",F14="L",F15="L",F22="L",F27="L",F28="L",F29="L"),"L",IF(AND(ISTEXT(F13),ISTEXT(F14),ISTEXT(F15),ISTEXT(F22),ISTEXT(F27),ISTEXT(F28),ISTEXT(F29)),"M",F13+F14+F15+F22+F27+F28+F29)))) -> -255922 | G12: =IF(AND(G13="0",G14="0",G15="0",G22="0",G27="0",G28="0",G29="0"),"0",IF(AND(G13="M",G14="M",G15="M",G22="M",G27="M",G28="M",G29="M"),"M",IF(AND(G13="L",G14="L",G15="L",G22="L",G27="L",G28="L",G29="L"),"L",IF(AND(ISTEXT(G13),ISTEXT(G14),ISTEXT(G15),ISTEXT(G22),ISTEXT(G27),ISTEXT(G28),ISTEXT(G29)),"M",G13+G14+G15+G22+G27+G28+G29)))) -> -204807 | H12: =IF(AND(H13="0",H14="0",H15="0",H22="0",H27="0",H28="0",H29="0"),"0",IF(AND(H13="M",H14="M",H15="M",H22="M",H27="M",H28="M",H29="M"),"M",IF(AND(H13="L",H14="L",H15="L",H22="L",H27="L",H28="L",H29="L"),"L",IF(AND(ISTEXT(H13),ISTEXT(H14),ISTEXT(H15),ISTEXT(H22),ISTEXT(H27),ISTEXT(H28),ISTEXT(H29)),"M",H13+H14+H15+H22+H27+H28+H29)))) -> 4586 | I12: =IF(AND(I13="0",I14="0",I15="0",I22="0",I27="0",I28="0",I29="0"),"0",IF(AND(I13="M",I14="M",I15="M",I22="M",I27="M",I28="M",I29="M"),"M",IF(AND(I13="L",I14="L",I15="L",I22="L",I27="L",I28="L",I29="L"),"L",IF(AND(ISTEXT(I13),ISTEXT(I14),ISTEXT(I15),ISTEXT(I22),ISTEXT(I27),ISTEXT(I28),ISTEXT(I29)),"M",I13+I14+I15+I22+I27+I28+I29)))) -> -252704 | J12: =IF(AND(J13="0",J14="0",J15="0",J22="0",J27="0",J28="0",J29="0"),"0",IF(AND(J13="M",J14="M",J15="M",J22="M",J27="M",J28="M",J29="M"),"M",IF(AND(J13="L",J14="L",J15="L",J22="L",J27="L",J28="L",J29="L"),"L",IF(AND(ISTEXT(J13),ISTEXT(J14),ISTEXT(J15),ISTEXT(J22),ISTEXT(J27),ISTEXT(J28),ISTEXT(J29)),"M",J13+J14+J15+J22+J27+J28+J29)))) -> 341402 | K12: =IF(AND(K13="0",K14="0",K15="0",K22="0",K27="0",K28="0",K29="0"),"0",IF(AND(K13="M",K14="M",K15="M",K22="M",K27="M",K28="M",K29="M"),"M",IF(AND(K13="L",K14="L",K15="L",K22="L",K27="L",K28="L",K29="L"),"L",IF(AND(ISTEXT(K13),ISTEXT(K14),ISTEXT(K15),ISTEXT(K22),ISTEXT(K27),ISTEXT(K28),ISTEXT(K29)),"M",K13+K14+K15+K22+K27+K28+K29)))) -> -9166 | ... AC12: =IF(AND(AC13="0",AC14="0",AC15="0",AC22="0",AC27="0",AC28="0",AC29="0"),"0",IF(AND(AC13="M",AC14="M",AC15="M",AC22="M",AC27="M",AC28="M",AC29="M"),"M",IF(AND(AC13="L",AC14="L",AC15="L",AC22="L",AC27="L",AC28="L",AC29="L"),"L",IF(AND(ISTEXT(AC13),ISTEXT(AC14),ISTEXT(AC15),ISTEXT(AC22),ISTEXT(AC27),ISTEXT(AC28),ISTEXT(AC29)),"M",AC13+AC14+AC15+AC22+AC27+AC28+AC29)))) -> 3120394 | BM12: =CountryCode & ".T3.FA.S1311.MNAC." & RefVintage -> #VALUE!
A13: T3.F2.S1311 | B13: A.N.@@._Z.S1311._Z.C.A.F.F2.T._Z.XDC._T.S.V.N._T.EDP3 | C13: Készpénz és betétek (F.2) | D13: 188988 | E13: -195399 | F13: -76153 | G13: -156894 | H13: 170578 | I13: -113090 | J13: 194114 | K13: -332342 | L13: 33463 | M13: 275876 | N13: -78200 | O13: 133164 | P13: 66903 | Q13: 1361592 | R13: -673663 | S13: -48397 | T13: 178735 | U13: 59878 | V13: -474322 | W13: 116899 | X13: -304186 | Y13: 610504 | Z13: -449587 | AA13: 602097 | AB13: -301370 | AC13: 2200689 | BM13: =CountryCode & ".T3.F2.S1311.MNAC." & RefVintage -> #VALUE!
A14: T3.F3.S1311 | B14: A.N.@@._Z.S1311._Z.C.A.F.F3.T._Z.XDC._T.S.V.N._T.EDP3 | C14: Nem részvény típusú értékpapírok (F.3) | D14: 0 | E14: 0 | F14: 2415 | G14: -2138 | H14: -257 | I14: 139 | J14: 1450 | K14: -1473 | L14: 877 | M14: -4 | N14: 7 | O14: -195 | P14: 1334 | Q14: -2012 | R14: 19 | S14: 13106 | T14: 54916 | U14: 47145 | V14: 54289 | W14: -115667 | X14: -1098 | Y14: -32278 | Z14: -2103 | AA14: -10092 | AB14: -23732 | AC14: 1630 | BM14: =CountryCode & ".T3.F3.S1311.MNAC." & RefVintage -> #VALUE!
A15: T3.F4.S1311 | B15: A.N.@@._Z.S1311._Z.C.A.F.F4.T._Z.XDC._T.S.V.N._T.EDP3 | C15: Hitelek (F.4) | D15: 24727 | E15: -44243 | F15: 108007 | G15: 20581 | H15: -47559 | I15: -23847 | J15: -43144 | K15: 130043 | L15: 216285 | M15: 86859 | N15: 118473 | O15: -385342 | P15: -259165 | Q15: 90368 | R15: 580136 | S15: -336016 | T15: -161586 | U15: -45669 | V15: -25233 | W15: 204643 | X15: 319490 | Y15: 190605 | Z15: 183354 | AA15: 24962 | AB15: 263860 | AC15: 920835 | BM15: =CountryCode & ".T3.F4.S1311.MNAC." & RefVintage -> #VALUE!
A16: T3.F4ACQ.S1311 | B16: A.N.@@._Z.S1311._Z.C.AI.F.F4.T._Z.XDC._T.S.V.N._T.EDP3 | C16: Hitelnyújtás (+) | D16: 589363 | E16: 661986 | F16: 912330 | G16: 1044513 | H16: 1050999 | I16: 1211388 | J16: 1374588 | K16: 1849722.8 | L16: 2398953.8 | M16: 2799500 | N16: 3158500 | O16: 3654300 | P16: 2323735 | Q16: 2020284 | R16: 3644138 | S16: 2188730.1 | T16: 3424617.5 | U16: 3987122.4 | V16: 3268336.5 | W16: 2297300.8 | X16: 3475626.2 | Y16: 3850001.2 | Z16: 4788978.3 | AA16: 4189694.3 | AB16: 5155925 | AC16: 6859901.2 | BM16: =CountryCode & ".T3.F4ACQ.S1311.MNAC." & RefVintage -> #VALUE!
A17: T3.F4DIS.S1311 | B17: A.N.@@._Z.S1311._Z.C.AD.F.F4.T._Z.XDC._T.S.V.N._T.EDP3 | C17: Törlesztés (-) | D17: -564636 | E17: -706229 | F17: -804323 | G17: -1023932 | H17: -1098558 | I17: -1235235 | J17: -1417732 | K17: -1719679.8 | L17: -2182668.8 | M17: -2712641 | N17: -3040027 | O17: -4039642 | P17: -2582900 | Q17: -1929916 | R17: -3064002 | S17: -2524746.1 | T17: -3586203.5 | U17: -4032791.4 | V17: -3293569.5 | W17: -2092657.8 | X17: -3156136.2 | Y17: -3659396.2 | Z17: -4605624.3 | AA17: -4164732.3 | AB17: -4892065 | AC17: -5939066.2 | BM17: =CountryCode & ".T3.F4DIS.S1311.MNAC." & RefVintage -> #VALUE!
A18: T3.F41.S1311 | B18: A.N.@@._Z.S1311._Z.C.A.F.F4.S._Z.XDC._T.S.V.N._T.EDP3 | C18: Rövid lejáratú hitelek (F.41), nettó | D18: 43081 | E18: -34231 | F18: 75174 | G18: 2500 | H18: -39739 | I18: 39815 | J18: -47495 | K18: 113112 | L18: 239857 | M18: 59257 | N18: 31804 | O18: -335598 | P18: -123185 | Q18: 60432 | R18: 58955 | S18: -97224 | T18: -8638 | U18: 27272 | V18: -107939 | W18: 18405 | X18: 7682 | Y18: 79800 | Z18: 47523 | AA18: -53846 | AB18: 171086 | AC18: 382079 | BM18: =CountryCode & ".T3.F41.S1311.MNAC." & RefVintage -> #VALUE!
A19: T3.F42.S1311 | B19: A.N.@@._Z.S1311._Z.C.A.F.F4.L._Z.XDC._T.S.V.N._T.EDP3 | C19: Hosszú lejáratú hitelek (F.42) | D19: -18354 | E19: -10012 | F19: 32833 | G19: 18081 | H19: -7820 | I19: -63662 | J19: 4351 | K19: 16931 | L19: -23572 | M19: 27602 | N19: 86669 | O19: -49744 | P19: -135980 | Q19: 29936 | R19: 521181 | S19: -238792 | T19: -152948 | U19: -72941 | V19: 82706 | W19: 186238 | X19: 311808 | Y19: 110805 | Z19: 135831 | AA19: 78808 | AB19: 92774 | AC19: 538756 | BM19: =CountryCode & ".T3.F42.S1311.MNAC." & RefVintage -> #VALUE!
A20: T3.F42ACQ.S1311 | B20: A.N.@@._Z.S1311._Z.C.AI.F.F4.L._Z.XDC._T.S.V.N._T.EDP3 | C20: Hitelnyújtás (+) | D20: 10000 | E20: 10000 | F20: 49000 | G20: 26000 | H20: 10000 | I20: 6000 | J20: 10000 | K20: 12000 | L20: 12000 | M20: 17000 | N20: 154200 | O20: 119123 | P20: 11856 | Q20: 13175 | R20: 723533 | S20: 14661.305 | T20: 3261 | U20: 4898 | V20: 3467 | W20: 365941 | X20: 530627.83 | Y20: 508382.15 | Z20: 494673.76 | AA20: 463096.35 | AB20: 567094.39 | AC20: 942584.95 | BM20: =CountryCode & ".T3.F42ACQ.S1311.MNAC." & RefVintage -> #VALUE!
A21: T3.F42DIS.S1311 | B21: A.N.@@._Z.S1311._Z.C.AD.F.F4.L._Z.XDC._T.S.V.N._T.EDP3 | C21: Törlesztés (-) | D21: -28354 | E21: -20012 | F21: -16167 | G21: -7919 | H21: -17820 | I21: -69662 | J21: -5649 | K21: 4931 | L21: -35572 | M21: 10602 | N21: -67531 | O21: -168867 | P21: -147836 | Q21: 16761 | R21: -202352 | S21: -253453.3 | T21: -156209 | U21: -77839 | V21: 79239 | W21: -179703 | X21: -218819.83 | Y21: -397577.15 | Z21: -358842.76 | AA21: -384288.35 | AB21: -474320.39 | AC21: -403828.95 | BM21: =CountryCode & ".T3.F42DIS.S1311.MNAC." & RefVintage -> #VALUE!
A22: T3.F5.S1311 | B22: A.N.@@._Z.S1311._Z.C.A.F.F5.T._Z.XDC._T.S.V.N._T.EDP3 | C22: Részvények és egyéb tulajdonosi követelések (F.5) | D22: 167557 | E22: 41783 | F22: -363276 | G22: -69305 | H22: -97850 | I22: -3802 | J22: 210286 | K22: 160435 | L22: -105907 | M22: -108600 | N22: -507782 | O22: -268597 | P22: -50092 | Q22: -144146 | R22: 22022 | S22: -1768 | T22: 1211193 | U22: -217166 | V22: -108815 | W22: 157904 | X22: 112966 | Y22: -31290 | Z22: 26103 | AA22: -32391 | AB22: 183243 | AC22: 218055 | BM22: =CountryCode & ".T3.F5.S1311.MNAC." & RefVintage -> #VALUE!
A23: T3.F5PN.S1311 | B23: A.N.@@._Z.S1311._Z.C.A.F.F5PN.T._Z.XDC._T.S.V.N._T.EDP3 | C23: Portfolió befektetések, nettó(2) | D23: 0 | E23: 0 | F23: 0 | G23: 0 | H23: 0 | I23: 1000 | J23: 72 | K23: 247 | L23: -747 | M23: 632 | N23: 446 | O23: 260 | P23: 721 | Q23: -888 | R23: 552 | S23: 3 | T23: 693365 | U23: -192104 | V23: -237255 | W23: 399 | X23: -78071 | Y23: 15680 | Z23: 8403 | AA23: 12910 | AB23: 50686 | AC23: 17297 | BM23: =CountryCode & ".T3.F5PN.S1311.MNAC." & RefVintage -> #VALUE!
A24: T3.F5OP.S1311 | B24: A.N.@@._Z.S1311._Z.C.A.F.F5OP.T._Z.XDC._T.S.V.N._T.EDP3 | C24: Nem portfolió befektetésnek minősülő részvények és egyéb tulajdonosi követelések | D24: 167557 | E24: 41783 | F24: -363276 | G24: -69305 | H24: -97850 | I24: -4802 | J24: 210214 | K24: 160188 | L24: -105160 | M24: -109232 | N24: -508228 | O24: -268857 | P24: -50813 | Q24: -143258 | R24: 21470 | S24: -1771 | T24: 517828 | U24: -25062 | V24: 128440 | W24: 157505 | X24: 191037 | Y24: -46970 | Z24: 17700 | AA24: -45301 | AB24: 132557 | AC24: 200758 | BM24: =CountryCode & ".T3.F5OP.S1311.MNAC." & RefVintage -> #VALUE!
A25: T3.F5OPACQ.S1311 | B25: A.N.@@._Z.S1311._Z.C.AI.F.F5OP.T._Z.XDC._T.S.V.N._T.EDP3 | C25: Növekedés (+) | D25: 245540 | E25: 253013 | F25: 1500 | G25: 49278 | H25: 22003 | I25: 59663 | J25: 284577 | K25: 251214 | L25: 15800 | M25: 17870 | N25: 32850 | O25: 38476 | P25: 27309 | Q25: 22354 | R25: 40600 | S25: 30194.2 | T25: 554466.61 | U25: 23301 | V25: 159723 | W25: 240479.93 | X25: 228416.5 | Y25: 96367.335 | Z25: 36228.66 | AA25: 7351 | AB25: 272019 | AC25: 630680.27 | BM25: =CountryCode & ".T3.F5OPACQ.S1311.MNAC." & RefVintage -> #VALUE!
A26: T3.F5OPDIS.S1311 | B26: A.N.@@._Z.S1311._Z.C.AD.F.F5OP.T._Z.XDC._T.S.V.N._T.EDP3 | C26: Csökkenés (-) | D26: -77983 | E26: -211230 | F26: -364776 | G26: -118583 | H26: -119853 | I26: -64465 | J26: -74363 | K26: -91026 | L26: -120960 | M26: -127102 | N26: -541078 | O26: -307333 | P26: -78122 | Q26: -165612 | R26: -19130 | S26: -31965.2 | T26: -36638.613 | U26: -48363 | V26: -31283 | W26: -82974.934 | X26: -37379.5 | Y26: -143337.33 | Z26: -18528.66 | AA26: -52652 | AB26: -139462 | AC26: -429922.27 | BM26: =CountryCode & ".T3.F5OPDIS.S1311.MNAC." & RefVintage -> #VALUE!
A27: T3.F71.S1311 | B27: A.N.@@._Z.S1311._Z.C.A.F.F71.T._Z.XDC._T.S.V.N._T.EDP3 | C27: Pénzügyi derivatívák (F.71) | D27: 0 | E27: 0 | F27: -393 | G27: -796 | H27: -116997 | I27: -103942 | J27: -53544 | K27: -62217 | L27: 297 | M27: -14574 | N27: -18193 | O27: -21035 | P27: -14498 | Q27: -14006 | R27: -120509 | S27: -85220 | T27: -74234 | U27: -130420 | V27: -115473 | W27: -99952 | X27: -273927 | Y27: -131514 | Z27: -162557 | AA27: -92402 | AB27: -182460 | AC27: -258743 | BM27: =CountryCode & ".T3.F71.S1311.MNAC." & RefVintage -> #VALUE!
A28: T3.F8.S1311 | B28: A.N.@@._Z.S1311._Z.C.A.F.F8.T._Z.XDC._T.S.V.N._T.EDP3 | C28: Egyéb követelések (F.8) | D28: 17787 | E28: 15518 | F28: 73441 | G28: 3674 | H28: 96668 | I28: -8187 | J28: 32174 | K28: 96327 | L28: 29027 | M28: 154705 | N28: 69031 | O28: 25985 | P28: 58995 | Q28: 46574 | R28: 158701 | S28: 28074 | T28: -25388 | U28: -38469 | V28: 248100 | W28: 85230 | X28: 529866 | Y28: -189853 | Z28: 798096 | AA28: 317557 | AB28: 220364 | AC28: 37889 | BM28: =CountryCode & ".T3.F8.S1311.MNAC." & RefVintage -> #VALUE!
A29: T3.OFA.S1311 | B29: A.N.@@._Z.S1311._Z.C.A.F.FN.T._Z.XDC._T.S.V.N._T.EDP3 | C29: Egyéb pénzügyi eszközök (F.1, F.6) | D29: 46 | E29: 37 | F29: 37 | G29: 71 | H29: 3 | I29: 25 | J29: 66 | K29: 61 | L29: 68 | M29: 253 | N29: 342 | O29: 7 | P29: -90 | Q29: 38 | R29: -7 | S29: -74 | T29: -36 | U29: 95 | V29: -205 | W29: -37 | X29: -23 | Y29: -68 | Z29: -19 | AA29: 111 | AB29: 721 | AC29: 39 | BM29: =CountryCode & ".T3.OFA.S1311.MNAC." & RefVintage -> #VALUE!
A31: T3.ADJ.S1311 | B31: A.N.@@._Z.S1311._Z.C._X.ORADJ._Z.T._Z.XDC._T.S.V.N._T.EDP3 | C31: Korrekciók (2) | D31: =IF(AND(D32="0",D33="0",D34="0",D36="0",D37="0",D38="0",D40="0",D41="0",D42="0"),"0",IF(AND(D32="M",D33="M",D34="M",D36="M",D37="M",D38="M",D40="M",D41="M",D42="M"),"M",IF(AND(D32="L",D33="L",D34="L",D36="L",D37="L",D38="L",D40="L",D41="L",D42="L"),"L",IF(AND(ISTEXT(D32),ISTEXT(D33),ISTEXT(D34),ISTEXT(D36),ISTEXT(D37),ISTEXT(D38),ISTEXT(D40),ISTEXT(D41),ISTEXT(D42)),"M",SUM(D32:D34)+SUM(D36:D38)+SUM(D40:D42))))) -> 96999 | E31: =IF(AND(E32="0",E33="0",E34="0",E36="0",E37="0",E38="0",E40="0",E41="0",E42="0"),"0",IF(AND(E32="M",E33="M",E34="M",E36="M",E37="M",E38="M",E40="M",E41="M",E42="M"),"M",IF(AND(E32="L",E33="L",E34="L",E36="L",E37="L",E38="L",E40="L",E41="L",E42="L"),"L",IF(AND(ISTEXT(E32),ISTEXT(E33),ISTEXT(E34),ISTEXT(E36),ISTEXT(E37),ISTEXT(E38),ISTEXT(E40),ISTEXT(E41),ISTEXT(E42)),"M",SUM(E32:E34)+SUM(E36:E38)+SUM(E40:E42))))) -> -62785 | F31: =IF(AND(F32="0",F33="0",F34="0",F36="0",F37="0",F38="0",F40="0",F41="0",F42="0"),"0",IF(AND(F32="M",F33="M",F34="M",F36="M",F37="M",F38="M",F40="M",F41="M",F42="M"),"M",IF(AND(F32="L",F33="L",F34="L",F36="L",F37="L",F38="L",F40="L",F41="L",F42="L"),"L",IF(AND(ISTEXT(F32),ISTEXT(F33),ISTEXT(F34),ISTEXT(F36),ISTEXT(F37),ISTEXT(F38),ISTEXT(F40),ISTEXT(F41),ISTEXT(F42)),"M",SUM(F32:F34)+SUM(F36:F38)+SUM(F40:F42))))) -> 217139 | G31: =IF(AND(G32="0",G33="0",G34="0",G36="0",G37="0",G38="0",G40="0",G41="0",G42="0"),"0",IF(AND(G32="M",G33="M",G34="M",G36="M",G37="M",G38="M",G40="M",G41="M",G42="M"),"M",IF(AND(G32="L",G33="L",G34="L",G36="L",G37="L",G38="L",G40="L",G41="L",G42="L"),"L",IF(AND(ISTEXT(G32),ISTEXT(G33),ISTEXT(G34),ISTEXT(G36),ISTEXT(G37),ISTEXT(G38),ISTEXT(G40),ISTEXT(G41),ISTEXT(G42)),"M",SUM(G32:G34)+SUM(G36:G38)+SUM(G40:G42))))) -> 217370 | H31: =IF(AND(H32="0",H33="0",H34="0",H36="0",H37="0",H38="0",H40="0",H41="0",H42="0"),"0",IF(AND(H32="M",H33="M",H34="M",H36="M",H37="M",H38="M",H40="M",H41="M",H42="M"),"M",IF(AND(H32="L",H33="L",H34="L",H36="L",H37="L",H38="L",H40="L",H41="L",H42="L"),"L",IF(AND(ISTEXT(H32),ISTEXT(H33),ISTEXT(H34),ISTEXT(H36),ISTEXT(H37),ISTEXT(H38),ISTEXT(H40),ISTEXT(H41),ISTEXT(H42)),"M",SUM(H32:H34)+SUM(H36:H38)+SUM(H40:H42))))) -> 182205 | I31: =IF(AND(I32="0",I33="0",I34="0",I36="0",I37="0",I38="0",I40="0",I41="0",I42="0"),"0",IF(AND(I32="M",I33="M",I34="M",I36="M",I37="M",I38="M",I40="M",I41="M",I42="M"),"M",IF(AND(I32="L",I33="L",I34="L",I36="L",I37="L",I38="L",I40="L",I41="L",I42="L"),"L",IF(AND(ISTEXT(I32),ISTEXT(I33),ISTEXT(I34),ISTEXT(I36),ISTEXT(I37),ISTEXT(I38),ISTEXT(I40),ISTEXT(I41),ISTEXT(I42)),"M",SUM(I32:I34)+SUM(I36:I38)+SUM(I40:I42))))) -> 246399 | J31: =IF(AND(J32="0",J33="0",J34="0",J36="0",J37="0",J38="0",J40="0",J41="0",J42="0"),"0",IF(AND(J32="M",J33="M",J34="M",J36="M",J37="M",J38="M",J40="M",J41="M",J42="M"),"M",IF(AND(J32="L",J33="L",J34="L",J36="L",J37="L",J38="L",J40="L",J41="L",J42="L"),"L",IF(AND(ISTEXT(J32),ISTEXT(J33),ISTEXT(J34),ISTEXT(J36),ISTEXT(J37),ISTEXT(J38),ISTEXT(J40),ISTEXT(J41),ISTEXT(J42)),"M",SUM(J32:J34)+SUM(J36:J38)+SUM(J40:J42))))) -> -435793 | K31: =IF(AND(K32="0",K33="0",K34="0",K36="0",K37="0",K38="0",K40="0",K41="0",K42="0"),"0",IF(AND(K32="M",K33="M",K34="M",K36="M",K37="M",K38="M",K40="M",K41="M",K42="M"),"M",IF(AND(K32="L",K33="L",K34="L",K36="L",K37="L",K38="L",K40="L",K41="L",K42="L"),"L",IF(AND(ISTEXT(K32),ISTEXT(K33),ISTEXT(K34),ISTEXT(K36),ISTEXT(K37),ISTEXT(K38),ISTEXT(K40),ISTEXT(K41),ISTEXT(K42)),"M",SUM(K32:K34)+SUM(K36:K38)+SUM(K40:K42))))) -> 129533 | ... AC31: =IF(AND(AC32="0",AC33="0",AC34="0",AC36="0",AC37="0",AC38="0",AC40="0",AC41="0",AC42="0"),"0",IF(AND(AC32="M",AC33="M",AC34="M",AC36="M",AC37="M",AC38="M",AC40="M",AC41="M",AC42="M"),"M",IF(AND(AC32="L",AC33="L",AC34="L",AC36="L",AC37="L",AC38="L",AC40="L",AC41="L",AC42="L"),"L",IF(AND(ISTEXT(AC32),ISTEXT(AC33),ISTEXT(AC34),ISTEXT(AC36),ISTEXT(AC37),ISTEXT(AC38),ISTEXT(AC40),ISTEXT(AC41),ISTEXT(AC42)),"M",SUM(AC32:AC34)+SUM(AC36:AC38)+SUM(AC40:AC42))))) -> 723574 | BM31: =CountryCode & ".T3.ADJ.S1311.MNAC." & RefVintage -> #VALUE!
A32: T3.LIA.S1311 | B32: A.N.@@._Z.S1311._Z.C.L.F.F7.T._Z.XDC._T.S.V.N._T.EDP3 | C32: Pénzügyi derivatíva kötelezettségek (-) (F.71) | D32: 0 | E32: 0 | F32: 666 | G32: 3317 | H32: 136801 | I32: 95954 | J32: 66428 | K32: 51337 | L32: 35829 | M32: 39288 | N32: 29802 | O32: 32900 | P32: 34160 | Q32: 28645 | R32: 293485 | S32: 25090 | T32: 27592 | U32: 18620 | V32: 35243 | W32: 67400 | X32: 22191 | Y32: 29878 | Z32: 58559 | AA32: 3567 | AB32: 7904 | AC32: 10986 | AL32: 12591 | AM32: 17869 | BM32: =CountryCode & ".T3.LIA.S1311.MNAC." & RefVintage -> #VALUE!
A33: T3.OAP.S1311 | B33: A.N.@@._Z.S1311._Z.C.L.F.F8.T._Z.XDC._T.S.V.N._T.EDP3 | C33: Egyéb tartozások (-) (F.8) | D33: 11131 | E33: -25687 | F33: -29762 | G33: -49627 | H33: -63097 | I33: -3036 | J33: -340538 | K33: 158278 | L33: -184340 | M33: -235995 | N33: -62711 | O33: -81596 | P33: -149224 | Q33: -31 | R33: -274610 | S33: 35564 | T33: -3137884 | U33: -31245 | V33: -127765 | W33: -206088 | X33: 163028 | Y33: -321780 | Z33: -30147 | AA33: -180133 | AB33: -157382 | AC33: -25750 | AL33: -710674 | AM33: -735663 | BM33: =CountryCode & ".T3.OAP.S1311.MNAC." & RefVintage -> #VALUE!
A34: T3.OLIA.S1311 | B34: A.N.@@._Z.S1311._Z.C.L.F.FV.T._Z.XDC._T.S.V.N._T.EDP3 | C34: Egyéb pénzügyi kötelezettségek (-) (F.1, F.5, F.6 and F.72) | D34: 0 | E34: 0 | F34: 0 | G34: 0 | H34: 0 | I34: 0 | J34: 0 | K34: -1618 | L34: -3394 | M34: -981 | N34: -7900 | O34: -16092 | P34: -9459 | Q34: -989 | R34: 53 | S34: 6491 | T34: 1011 | U34: 3214 | V34: 6963 | W34: 1765 | X34: 522 | Y34: 921 | Z34: 91 | AA34: 279 | AB34: -77016 | AC34: -102475 | AL34: -80034 | AM34: -35458 | BM34: =CountryCode & ".T3.OLIA.S1311.MNAC." & RefVintage -> #VALUE!
A36: T3.ISS_A.S1311 | B36: A.N.@@._Z.S1311._Z.C._Z.ORINV._Z.T._Z.XDC._T.S.V.N._T.EDP3 | C36: Adósság kibocsátása névérték felett (-)/alatt(+) | D36: 33907.759 | E36: 40085.253 | F36: -7918.8866 | G36: 304.85136 | H36: -4613.5037 | I36: -25118.35 | J36: 10702.874 | K36: 59370.969 | L36: 58169.365 | M36: 81163.86 | N36: -65752.946 | O36: 100384.62 | P36: -4367.8442 | Q36: 101114.12 | R36: -12195.09 | S36: -24956.447 | T36: 2470 | U36: 18629 | V36: -50436 | W36: -316659 | X36: -172779 | Y36: -106143 | Z36: -33886 | AA36: 1661 | AB36: -184539 | AC36: -9663 | AL36: 221818 | AM36: 710268 | BM36: =CountryCode & ".T3.ISS_A.S1311.MNAC." & RefVintage -> #VALUE!
A37: T3.D41_A.S1311 | B37: A.N.@@._Z.S1311._Z.C._Z.ORD41A._Z.T._Z.XDC._T.S.V.N._T.EDP3 | C37: A felhalmozódott (-) és fizetett(4)(+) kamat különbözete (D.41) | D37: -33042 | E37: -103701 | F37: -13664.893 | G37: -12326.049 | H37: 13754.973 | I37: 39636.957 | J37: -1437.7929 | K37: -29540.977 | L37: -44884.589 | M37: -118799.46 | N37: -28110.709 | O37: -65131.027 | P37: -42547.833 | Q37: -57377.487 | R37: -2157.4481 | S37: -16025.829 | T37: 2409.8039 | U37: -31923.576 | V37: 18406.944 | W37: 144777.57 | X37: 70483.548 | Y37: 98542.51 | Z37: 82301.253 | AA37: 41917.544 | AB37: 45237.416 | AC37: -23316.114 | AL37: -38227.215 | AM37: -224809.86 | BM37: =CountryCode & ".T3.D41_A.S1311.MNAC." & RefVintage -> #VALUE!
A38: T3.RED_A.S1311 | B38: A.N.@@._Z.S1311._Z.C.L.ORRNV._Z.T._Z.XDC._T.S.V.N._T.EDP3 | C38: Adósság instrumentum névérték feletti(+)/alatti(-) visszaváltása/visszavásárlása | D38: 0 | E38: 0 | F38: 0 | G38: 0 | H38: 0 | I38: 0 | J38: 800 | K38: 700 | L38: 200 | M38: -3100 | N38: 600 | O38: -460 | P38: -1217 | Q38: -6236 | R38: -43667 | S38: 2282.8424 | T38: 2641.7199 | U38: -316.82496 | V38: 18299.852 | W38: 76129.038 | X38: 99876.092 | Y38: 90875.845 | Z38: 97314.229 | AA38: 43785.099 | AB38: 71580.815 | AC38: 38847.525 | AL38: -5793.27 | AM38: -19148.707 | BM38: =CountryCode & ".T3.RED_A.S1311.MNAC." & RefVintage -> #VALUE!
AL39: -7.5669959e-10 | AM39: 1.2805685e-09
A40: T3.FREV_A.S1311 | B40: A.N.@@._Z.S1311._Z.C._Z.ORFCD._Z.T._Z.XDC._T.S.V.N._T.EDP3 | C40: Devizában fennálló adósság(5) felértékelődése (+)/leértékelődése(-)(3) | D40: 85002.241 | E40: 26517.747 | F40: 303615.78 | G40: 275701.2 | H40: 99359.531 | I40: 138962.39 | J40: -171748.08 | K40: -112795.99 | L40: 237879.22 | M40: -207380.4 | N40: 125429.66 | O40: -21019.594 | P40: -13969.323 | Q40: 157982.36 | R40: 33591.538 | S40: 390340.43 | T40: 1278357.5 | U40: -659381.6 | V40: 228493.2 | W40: 546831.39 | X40: 114810.36 | Y40: -69560.355 | Z40: -51060.482 | AA40: 274749.36 | AB40: 279663.77 | AC40: 834290.59 | AL40: 231399.49 | AM40: 845457.57 | BM40: =CountryCode & ".T3.FREV_A.S1311.MNAC." & RefVintage -> #VALUE!
A41: T3.K61.S1311 | B41: A.N.@@._Z.S1311._Z.C._Z.K61._Z.T._Z.XDC._T.S.V.N._T.EDP3 | C41: Változások a szektorbesorolásban (K.61)(5) (+/-) | D41: 0 | E41: 0 | F41: -35797 | G41: 0 | H41: 0 | I41: 0 | J41: 0 | K41: 3802 | L41: 0 | M41: 0 | N41: 0 | O41: 0 | P41: -1804 | Q41: 0 | R41: 12215 | S41: 10793 | T41: 0 | U41: 0 | V41: 0 | W41: 61749 | X41: 698 | Y41: 0 | Z41: 5425 | AA41: 1500 | AB41: 74547 | AC41: 654 | AL41: 0 | AM41: 0 | BM41: =CountryCode & ".T3.K61.S1311.MNAC." & RefVintage -> #VALUE!
A42: T3.OCVO_A.S1311 | B42: A.N.@@._Z.S1311._Z.C._Z.KX._Z.T._Z.XDC._T.S.V.N._T.EDP3 | C42: Adósság instrumentumok egyéb volumenváltozása (K.3, K.4, K.5)(5)(-) | D42: 0 | E42: 0 | F42: 0 | G42: 0 | H42: 0 | I42: 0 | J42: 0 | K42: 0 | L42: 0 | M42: 0 | N42: 0 | O42: 0 | P42: 0 | Q42: 0 | R42: 0 | S42: 0 | T42: 0 | U42: 0 | V42: 0 | W42: 0 | X42: 0 | Y42: 0 | Z42: 0 | AA42: 0 | AB42: 0 | AC42: 0 | AL42: 0 | AM42: 0 | BM42: =CountryCode & ".T3.OCVO_A.S1311.MNAC." & RefVintage -> #VALUE!
A44: T3.SD.S1311 | B44: A.N.@@._Z.S1311._Z.C._Z.YA3._Z.T._Z.XDC._T.S.V.N._T.EDP3 | C44: Statisztikai eltérések | D44: 8918.659 | E44: 85939 | F44: 7566.16 | G44: 52279.391 | H44: -59398 | I44: 22555 | J44: -4024 | K44: 89632 | L44: 2116 | M44: 43693 | N44: -20632 | O44: -20205 | P44: -45875 | Q44: -41799 | R44: -31641 | S44: 7985 | T44: -28486 | U44: 62264.762 | V44: -17168.5 | W44: -25279.213 | X44: -69612.648 | Y44: -26596.904 | Z44: -2986.2644 | AA44: 33290.417 | AB44: 30792.336 | AC44: -332.35551 | BM44: =CountryCode & ".T3.SD.S1311.MNAC." & RefVintage -> #VALUE!
A45: T3.B9_SD.S1311 | B45: A.N.@@._Z.S1311._Z.C._Z.B9FX9._Z._Z._Z.XDC._T.S.V.N._T.EDP3 | C45: Pénzügyi és tőkeszámla közti eltérés (B.9-B.9f)* | D45: 8918.659 | E45: 85939 | F45: 7566.16 | G45: 52279.391 | H45: -59398 | I45: 22555 | J45: -4024 | K45: 89632 | L45: 2116 | M45: 43693 | N45: -20632 | O45: -20205 | P45: -45875 | Q45: -41799 | R45: -31641 | S45: 7985 | T45: -28486 | U45: 62264.762 | V45: -17168.5 | W45: -25279.213 | X45: -69612.648 | Y45: -26596.904 | Z45: -2986.2644 | AA45: 33290.417 | AB45: 30792.336 | AC45: -332.35551 | BM45: =CountryCode & ".T3.B9_SD.S1311.MNAC." & RefVintage -> #VALUE!
A46: T3.OSD.S1311 | B46: A.N.@@._Z.S1311._Z.C._Z.YA3O._Z.T._Z.XDC._T.S.V.N._T.EDP3 | C46: Egyéb statisztikai eltérések (+/-) | D46: 0 | E46: 0 | F46: 0 | G46: 0 | H46: 0 | I46: 0 | J46: 0 | K46: 0 | L46: 0 | M46: 0 | N46: 0 | O46: 0 | P46: 0 | Q46: 0 | R46: 0 | S46: 0 | T46: 0 | U46: 0 | V46: 0 | W46: 0 | X46: 0 | Y46: 0 | Z46: 0 | AA46: 0 | AB46: 0 | AC46: 0 | BM46: =CountryCode & ".T3.OSD.S1311.MNAC." & RefVintage -> #VALUE!
A48: T3.CHDEBT.S1311 | B48: A.N.@@._Z.S1311._Z.C._Z.LX.GD.T._Z.XDC._T.F.V.N._T.EDP3 | C48: Központi kormányzat (S.1311) konszolidált bruttó adóságának változása(2) | D48: 1014810 | E48: 221120 | F48: 466076 | G48: 773697 | H48: 722934 | I48: 371104 | J48: 605460 | K48: 1542868 | L48: 1378681 | M48: 1263085 | N48: 1154096 | O48: 1852385 | P48: 1025957 | Q48: 2488315 | R48: 988185 | S48: 1040115 | T48: 996658 | U48: -135143 | V48: 1366948 | W48: 2094316 | X48: 1373451 | Y48: 830169 | Z48: 1469225 | AA48: 2028337 | AB48: 1042254 | AC48: 7092805 | BM48: =CountryCode & ".T3.CHDEBT.S1311.MNAC." & RefVintage -> #VALUE!
A51: T3.CTDEBT.S1311 | B51: A.N.@@._Z.S1311.S13.C.NE.LE.GD.T._Z.XDC._T.F.V.N._T.EDP3 | C51: Központi kormányzat hozzájárulása a Kormányzati szektor adósságához (a=b-c) | D51: 4767760 | E51: 5024350 | F51: 5446701 | G51: 6179123 | H51: 6941083 | I51: 7275876 | J51: 7930683 | K51: 9371466 | L51: 10512298 | M51: 11716475 | N51: 12832607 | O51: 15024300 | P51: 16178509 | Q51: 18599226 | R51: 19528800 | S51: 20662313 | T51: 21667476 | U51: 21504879 | V51: 22983595 | W51: 25073040 | X51: 26420599 | Y51: 27174115 | Z51: 28585850 | AA51: 30669910 | AB51: 31577644 | AC51: 38226982 | BM51: =CountryCode & ".T3.CTDEBT.S1311.MNAC." & RefVintage -> #VALUE!
A52: T3.DEBT.S1311 | B52: A.N.@@._Z.S1311._Z.C.L.LE.GD.T._Z.XDC._T.F.V.N._T.EDP3 | C52: Központi kormányzat bruttó adóssága (állományi érték) (b)(2, 5) | D52: 4874360 | E52: 5095480 | F52: 5561556 | G52: 6335253 | H52: 7058187 | I52: 7429291 | J52: 8034751 | K52: 9577619 | L52: 10956300 | M52: 12219385 | N52: 13373481 | O52: 15225866 | P52: 16251823 | Q52: 18740138 | R52: 19728323 | S52: 20768438 | T52: 21765096 | U52: 21629953 | V52: 22996901 | W52: 25091217 | X52: 26464668 | Y52: 27294837 | Z52: 28764062 | AA52: 30792399 | AB52: 31834653 | AC52: 38927458 | BM52: =CountryCode & ".T3.DEBT.S1311.MNAC." & RefVintage -> #VALUE!
A53: T3.HOLD.S1311 | B53: A.N.@@._Z.S1311.S13O._Z.A.LE.GD.T._Z.XDC._T.F.V.N._T.EDP3 | C53: A többi alszektor adóssága a Központi kormányzat alszektorral szemben (állományi érték) (c)(5) | D53: 106600 | E53: 71130 | F53: 114855 | G53: 156130 | H53: 117104 | I53: 153415 | J53: 104068 | K53: 206153 | L53: 444002 | M53: 502910 | N53: 540874 | O53: 201566 | P53: 73314 | Q53: 140912 | R53: 199523 | S53: 106125 | T53: 97620 | U53: 125074 | V53: 13306 | W53: 18177 | X53: 44069 | Y53: 120722 | Z53: 178212 | AA53: 122489 | AB53: 257009 | AC53: 700476 | BM53: =CountryCode & ".T3.HOLD.S1311.MNAC." & RefVintage -> #VALUE!
C55: ='3A Tábla'!$C$50 -> *Kérjük, hogy figyeljen a nettó hitelfelvételnél / nettó hitelnyújtás előjelére, amely konvenció szerint az 1. és 2. táblákban eltérő.
C58: (1) A pozitív érték ebben a sorban azt jelenti, hogy az adósság névértéken nő; a negatív érték pedig, hogy az adósság csökken.
C59: (2) Alszektoron belül konszolidált.
C60: (3) Az árfolyamváltozások miatt.
C64: COVERAGE | D64: =IF(COUNTA(D10:Z10,D12:Z29,D31:Z34,D36:Z38,D40:Z42,D44:Z46,D48:Z48,D51:Z53)/612*100=100,"OK - Table 3B is fully completed","WARNING - Table 3B is not fully completed, please fill in figure, L, M or 0") -> WARNING - Table 3B is not fully completed, please fill in figure, L, M or 0 | AC64: OK | AD64: OK | AE64: OK | AF64: OK | AG64: OK | AH64: OK | AI64: OK
C65: VERTICAL CHECKS | AC65: 2020 | AD65: 2021 | AE65: 2022 | AF65: 2023 | AG65: 2024 | AH65: 2025 | AI65: 2026
C66: T3.B9.S1311+ T3.FA.S1311+T3.ADJ.S1311+T3.SD.S1311=T3.CHDEBT.S1311 | D66: =IF(D48="M",0,D48)-IF(D10="M",0,D10)-IF(D12="M",0,D12)-IF(D31="M",0,D31)-IF(D44="M",0,D44) -> 0 | E66: =IF(E48="M",0,E48)-IF(E10="M",0,E10)-IF(E12="M",0,E12)-IF(E31="M",0,E31)-IF(E44="M",0,E44) -> 0 | F66: =IF(F48="M",0,F48)-IF(F10="M",0,F10)-IF(F12="M",0,F12)-IF(F31="M",0,F31)-IF(F44="M",0,F44) -> 0 | G66: =IF(G48="M",0,G48)-IF(G10="M",0,G10)-IF(G12="M",0,G12)-IF(G31="M",0,G31)-IF(G44="M",0,G44) -> 0 | H66: =IF(H48="M",0,H48)-IF(H10="M",0,H10)-IF(H12="M",0,H12)-IF(H31="M",0,H31)-IF(H44="M",0,H44) -> 0 | I66: =IF(I48="M",0,I48)-IF(I10="M",0,I10)-IF(I12="M",0,I12)-IF(I31="M",0,I31)-IF(I44="M",0,I44) -> 0 | J66: =IF(J48="M",0,J48)-IF(J10="M",0,J10)-IF(J12="M",0,J12)-IF(J31="M",0,J31)-IF(J44="M",0,J44) -> 0 | K66: =IF(K48="M",0,K48)-IF(K10="M",0,K10)-IF(K12="M",0,K12)-IF(K31="M",0,K31)-IF(K44="M",0,K44) -> 0 | ... Z66: =IF(Z48="M",0,Z48)-IF(Z10="M",0,Z10)-IF(Z12="M",0,Z12)-IF(Z31="M",0,Z31)-IF(Z44="M",0,Z44) -> 0 | AB66: =IF(AB48="M",0,AB48)-IF(AB10="M",0,AB10)-IF(AB12="M",0,AB12)-IF(AB31="M",0,AB31)-IF(AB44="M",0,AB44) -> 5.8207661e-11 | AC66: 0 | AD66: 0 | AE66: 0 | AF66: 0 | AG66: 0 | AH66: 0 | AI66: 0
C67: T3.FA.S1311=T3.F2.S1311+T3.F3.S1311+T3.F4.S1311+ T3.F5.S1311+T3.F71.S1311+T3.F8.S1311+T3.OFA.S1311 | D67: =IF(D12="M",0,D12)-IF(D13="M",0,D13)-IF(D14="M",0,D14)-IF(D15="M",0,D15)-IF(D22="M",0,D22)-IF(D27="M",0,D27)-IF(D28="M",0,D28)-IF(D29="M",0,D29) -> 0 | E67: =IF(E12="M",0,E12)-IF(E13="M",0,E13)-IF(E14="M",0,E14)-IF(E15="M",0,E15)-IF(E22="M",0,E22)-IF(E27="M",0,E27)-IF(E28="M",0,E28)-IF(E29="M",0,E29) -> 0 | F67: =IF(F12="M",0,F12)-IF(F13="M",0,F13)-IF(F14="M",0,F14)-IF(F15="M",0,F15)-IF(F22="M",0,F22)-IF(F27="M",0,F27)-IF(F28="M",0,F28)-IF(F29="M",0,F29) -> 0 | G67: =IF(G12="M",0,G12)-IF(G13="M",0,G13)-IF(G14="M",0,G14)-IF(G15="M",0,G15)-IF(G22="M",0,G22)-IF(G27="M",0,G27)-IF(G28="M",0,G28)-IF(G29="M",0,G29) -> 0 | H67: =IF(H12="M",0,H12)-IF(H13="M",0,H13)-IF(H14="M",0,H14)-IF(H15="M",0,H15)-IF(H22="M",0,H22)-IF(H27="M",0,H27)-IF(H28="M",0,H28)-IF(H29="M",0,H29) -> 0 | I67: =IF(I12="M",0,I12)-IF(I13="M",0,I13)-IF(I14="M",0,I14)-IF(I15="M",0,I15)-IF(I22="M",0,I22)-IF(I27="M",0,I27)-IF(I28="M",0,I28)-IF(I29="M",0,I29) -> -9.094947e-13 | J67: =IF(J12="M",0,J12)-IF(J13="M",0,J13)-IF(J14="M",0,J14)-IF(J15="M",0,J15)-IF(J22="M",0,J22)-IF(J27="M",0,J27)-IF(J28="M",0,J28)-IF(J29="M",0,J29) -> 0 | K67: =IF(K12="M",0,K12)-IF(K13="M",0,K13)-IF(K14="M",0,K14)-IF(K15="M",0,K15)-IF(K22="M",0,K22)-IF(K27="M",0,K27)-IF(K28="M",0,K28)-IF(K29="M",0,K29) -> 0 | ... Z67: =IF(Z12="M",0,Z12)-IF(Z13="M",0,Z13)-IF(Z14="M",0,Z14)-IF(Z15="M",0,Z15)-IF(Z22="M",0,Z22)-IF(Z27="M",0,Z27)-IF(Z28="M",0,Z28)-IF(Z29="M",0,Z29) -> 0 | AB67: =IF(AB12="M",0,AB12)-IF(AB13="M",0,AB13)-IF(AB14="M",0,AB14)-IF(AB15="M",0,AB15)-IF(AB22="M",0,AB22)-IF(AB27="M",0,AB27)-IF(AB28="M",0,AB28)-IF(AB29="M",0,AB29) -> 0 | AC67: 0 | AD67: 0 | AE67: 0 | AF67: 0 | AG67: 0 | AH67: 0 | AI67: 0
C68: T3.F4.S1311=T3.F41.S1311+T3.F42.S1311 | D68: =IF(D15="M",0,D15)-IF(D18="M",0,D18)-IF(D19="M",0,D19) -> 0 | E68: =IF(E15="M",0,E15)-IF(E18="M",0,E18)-IF(E19="M",0,E19) -> 0 | F68: =IF(F15="M",0,F15)-IF(F18="M",0,F18)-IF(F19="M",0,F19) -> 0 | G68: =IF(G15="M",0,G15)-IF(G18="M",0,G18)-IF(G19="M",0,G19) -> 0 | H68: =IF(H15="M",0,H15)-IF(H18="M",0,H18)-IF(H19="M",0,H19) -> 0 | I68: =IF(I15="M",0,I15)-IF(I18="M",0,I18)-IF(I19="M",0,I19) -> 0 | J68: =IF(J15="M",0,J15)-IF(J18="M",0,J18)-IF(J19="M",0,J19) -> 0 | K68: =IF(K15="M",0,K15)-IF(K18="M",0,K18)-IF(K19="M",0,K19) -> 0 | ... Z68: =IF(Z15="M",0,Z15)-IF(Z18="M",0,Z18)-IF(Z19="M",0,Z19) -> 0 | AB68: =IF(AB15="M",0,AB15)-IF(AB18="M",0,AB18)-IF(AB19="M",0,AB19) -> 0 | AC68: 0 | AD68: 0 | AE68: 0 | AF68: 0 | AG68: 0 | AH68: 0 | AI68: 0
C69: T3.F4.S1311=T3.F4ACQ.S1311+T3.F4DIS.S1311 | D69: =IF(D15="M",0,D15)-IF(D16="M",0,D16)-IF(D17="M",0,D17) -> 0 | E69: =IF(E15="M",0,E15)-IF(E16="M",0,E16)-IF(E17="M",0,E17) -> 0 | F69: =IF(F15="M",0,F15)-IF(F16="M",0,F16)-IF(F17="M",0,F17) -> 0 | G69: =IF(G15="M",0,G15)-IF(G16="M",0,G16)-IF(G17="M",0,G17) -> 0 | H69: =IF(H15="M",0,H15)-IF(H16="M",0,H16)-IF(H17="M",0,H17) -> 0 | I69: =IF(I15="M",0,I15)-IF(I16="M",0,I16)-IF(I17="M",0,I17) -> 0 | J69: =IF(J15="M",0,J15)-IF(J16="M",0,J16)-IF(J17="M",0,J17) -> 0 | K69: =IF(K15="M",0,K15)-IF(K16="M",0,K16)-IF(K17="M",0,K17) -> 0 | ... Z69: =IF(Z15="M",0,Z15)-IF(Z16="M",0,Z16)-IF(Z17="M",0,Z17) -> 0 | AB69: =IF(AB15="M",0,AB15)-IF(AB16="M",0,AB16)-IF(AB17="M",0,AB17) -> 0 | AC69: 0 | AD69: 0 | AE69: 0 | AF69: 0 | AG69: 0 | AH69: 0 | AI69: 0
C70: T3.F42.S1311=T3.F42ACQ.S1311+T3.F42DIS.S1311 | D70: =IF(D19="M",0,D19)-IF(D20="M",0,D20)-IF(D21="M",0,D21) -> 0 | E70: =IF(E19="M",0,E19)-IF(E20="M",0,E20)-IF(E21="M",0,E21) -> 0 | F70: =IF(F19="M",0,F19)-IF(F20="M",0,F20)-IF(F21="M",0,F21) -> 0 | G70: =IF(G19="M",0,G19)-IF(G20="M",0,G20)-IF(G21="M",0,G21) -> 0 | H70: =IF(H19="M",0,H19)-IF(H20="M",0,H20)-IF(H21="M",0,H21) -> 0 | I70: =IF(I19="M",0,I19)-IF(I20="M",0,I20)-IF(I21="M",0,I21) -> 0 | J70: =IF(J19="M",0,J19)-IF(J20="M",0,J20)-IF(J21="M",0,J21) -> 0 | K70: =IF(K19="M",0,K19)-IF(K20="M",0,K20)-IF(K21="M",0,K21) -> 0 | ... Z70: =IF(Z19="M",0,Z19)-IF(Z20="M",0,Z20)-IF(Z21="M",0,Z21) -> 0 | AB70: =IF(AB19="M",0,AB19)-IF(AB20="M",0,AB20)-IF(AB21="M",0,AB21) -> 0 | AC70: 0 | AD70: 0 | AE70: 0 | AF70: 0 | AG70: 0 | AH70: 0 | AI70: 0
C71: T3.F5.S1311=T3.F5PN.S1311+T3.F5OP.S1311 | D71: =IF(D22="M",0,D22)-IF(D23="M",0,D23)-IF(D24="M",0,D24) -> 0 | E71: =IF(E22="M",0,E22)-IF(E23="M",0,E23)-IF(E24="M",0,E24) -> 0 | F71: =IF(F22="M",0,F22)-IF(F23="M",0,F23)-IF(F24="M",0,F24) -> 0 | G71: =IF(G22="M",0,G22)-IF(G23="M",0,G23)-IF(G24="M",0,G24) -> 0 | H71: =IF(H22="M",0,H22)-IF(H23="M",0,H23)-IF(H24="M",0,H24) -> 0 | I71: =IF(I22="M",0,I22)-IF(I23="M",0,I23)-IF(I24="M",0,I24) -> 0 | J71: =IF(J22="M",0,J22)-IF(J23="M",0,J23)-IF(J24="M",0,J24) -> 0 | K71: =IF(K22="M",0,K22)-IF(K23="M",0,K23)-IF(K24="M",0,K24) -> 0 | ... Z71: =IF(Z22="M",0,Z22)-IF(Z23="M",0,Z23)-IF(Z24="M",0,Z24) -> 0 | AB71: =IF(AB22="M",0,AB22)-IF(AB23="M",0,AB23)-IF(AB24="M",0,AB24) -> 0 | AC71: 0 | AD71: 0 | AE71: 0 | AF71: 0 | AG71: 0 | AH71: 0 | AI71: 0
C72: T3.F5OP.S1311=T3.F5OPACQ.S1311+T3.F5OPDIS.S1311 | D72: =IF(D24="M",0,D24)-IF(D25="M",0,D25)-IF(D26="M",0,D26) -> 0 | E72: =IF(E24="M",0,E24)-IF(E25="M",0,E25)-IF(E26="M",0,E26) -> 0 | F72: =IF(F24="M",0,F24)-IF(F25="M",0,F25)-IF(F26="M",0,F26) -> 0 | G72: =IF(G24="M",0,G24)-IF(G25="M",0,G25)-IF(G26="M",0,G26) -> 0 | H72: =IF(H24="M",0,H24)-IF(H25="M",0,H25)-IF(H26="M",0,H26) -> 0 | I72: =IF(I24="M",0,I24)-IF(I25="M",0,I25)-IF(I26="M",0,I26) -> 0 | J72: =IF(J24="M",0,J24)-IF(J25="M",0,J25)-IF(J26="M",0,J26) -> 0 | K72: =IF(K24="M",0,K24)-IF(K25="M",0,K25)-IF(K26="M",0,K26) -> 0 | ... Z72: =IF(Z24="M",0,Z24)-IF(Z25="M",0,Z25)-IF(Z26="M",0,Z26) -> 0 | AB72: =IF(AB24="M",0,AB24)-IF(AB25="M",0,AB25)-IF(AB26="M",0,AB26) -> 0 | AC72: 0 | AD72: 0 | AE72: 0 | AF72: 0 | AG72: 0 | AH72: 0 | AI72: 0
C73: T3.ADJ.S1311=T3.LIA.S1311+T3.OAP.S1311+T3.OLIA.S1311+T3.ISS_A.S1311+T3.D41_A.S1311+T3.RED_A.S1311+ +T3.FREV_A.S1311+T3.K61.S1311+T3.OCVO_A.S1311 | D73: =IF(D31="M",0,D31)-IF(D32="M",0,D32)-IF(D33="M",0,D33)-IF(D34="M",0,D34)-IF(D36="M",0,D36)-IF(D37="M",0,D37)-IF(D38="M",0,D38)-IF(D40="M",0,D40)-IF(D41="M",0,D41)-IF(D42="M",0,D42) -> 0 | E73: =IF(E31="M",0,E31)-IF(E32="M",0,E32)-IF(E33="M",0,E33)-IF(E34="M",0,E34)-IF(E36="M",0,E36)-IF(E37="M",0,E37)-IF(E38="M",0,E38)-IF(E40="M",0,E40)-IF(E41="M",0,E41)-IF(E42="M",0,E42) -> 0 | F73: =IF(F31="M",0,F31)-IF(F32="M",0,F32)-IF(F33="M",0,F33)-IF(F34="M",0,F34)-IF(F36="M",0,F36)-IF(F37="M",0,F37)-IF(F38="M",0,F38)-IF(F40="M",0,F40)-IF(F41="M",0,F41)-IF(F42="M",0,F42) -> 0 | G73: =IF(G31="M",0,G31)-IF(G32="M",0,G32)-IF(G33="M",0,G33)-IF(G34="M",0,G34)-IF(G36="M",0,G36)-IF(G37="M",0,G37)-IF(G38="M",0,G38)-IF(G40="M",0,G40)-IF(G41="M",0,G41)-IF(G42="M",0,G42) -> 0 | H73: =IF(H31="M",0,H31)-IF(H32="M",0,H32)-IF(H33="M",0,H33)-IF(H34="M",0,H34)-IF(H36="M",0,H36)-IF(H37="M",0,H37)-IF(H38="M",0,H38)-IF(H40="M",0,H40)-IF(H41="M",0,H41)-IF(H42="M",0,H42) -> 1.4551915e-11 | I73: =IF(I31="M",0,I31)-IF(I32="M",0,I32)-IF(I33="M",0,I33)-IF(I34="M",0,I34)-IF(I36="M",0,I36)-IF(I37="M",0,I37)-IF(I38="M",0,I38)-IF(I40="M",0,I40)-IF(I41="M",0,I41)-IF(I42="M",0,I42) -> 0 | J73: =IF(J31="M",0,J31)-IF(J32="M",0,J32)-IF(J33="M",0,J33)-IF(J34="M",0,J34)-IF(J36="M",0,J36)-IF(J37="M",0,J37)-IF(J38="M",0,J38)-IF(J40="M",0,J40)-IF(J41="M",0,J41)-IF(J42="M",0,J42) -> 0 | K73: =IF(K31="M",0,K31)-IF(K32="M",0,K32)-IF(K33="M",0,K33)-IF(K34="M",0,K34)-IF(K36="M",0,K36)-IF(K37="M",0,K37)-IF(K38="M",0,K38)-IF(K40="M",0,K40)-IF(K41="M",0,K41)-IF(K42="M",0,K42) -> -1.4097168e-11 | ... Z73: =IF(Z31="M",0,Z31)-IF(Z32="M",0,Z32)-IF(Z33="M",0,Z33)-IF(Z34="M",0,Z34)-IF(Z36="M",0,Z36)-IF(Z37="M",0,Z37)-IF(Z38="M",0,Z38)-IF(Z40="M",0,Z40)-IF(Z41="M",0,Z41)-IF(Z42="M",0,Z42) -> -1.546141e-11 | AB73: =IF(AB31="M",0,AB31)-IF(AB32="M",0,AB32)-IF(AB33="M",0,AB33)-IF(AB34="M",0,AB34)-IF(AB36="M",0,AB36)-IF(AB37="M",0,AB37)-IF(AB38="M",0,AB38)-IF(AB40="M",0,AB40)-IF(AB41="M",0,AB41)-IF(AB42="M",0,AB42) -> -5.8207661e-11 | AC73: 0 | AD73: 0 | AE73: 0 | AF73: 0 | AG73: 0 | AH73: 0 | AI73: 0
C74: T3.SD.S1311=T3.B9_SD.S1311+T3.OSD.S1311 | D74: =IF(D44="M",0,D44)-IF(D45="M",0,D45)-IF(D46="M",0,D46) -> 0 | E74: =IF(E44="M",0,E44)-IF(E45="M",0,E45)-IF(E46="M",0,E46) -> 0 | F74: =IF(F44="M",0,F44)-IF(F45="M",0,F45)-IF(F46="M",0,F46) -> 0 | G74: =IF(G44="M",0,G44)-IF(G45="M",0,G45)-IF(G46="M",0,G46) -> 0 | H74: =IF(H44="M",0,H44)-IF(H45="M",0,H45)-IF(H46="M",0,H46) -> 0 | I74: =IF(I44="M",0,I44)-IF(I45="M",0,I45)-IF(I46="M",0,I46) -> 0 | J74: =IF(J44="M",0,J44)-IF(J45="M",0,J45)-IF(J46="M",0,J46) -> 0 | K74: =IF(K44="M",0,K44)-IF(K45="M",0,K45)-IF(K46="M",0,K46) -> 0 | ... Z74: =IF(Z44="M",0,Z44)-IF(Z45="M",0,Z45)-IF(Z46="M",0,Z46) -> 0 | AB74: =IF(AB44="M",0,AB44)-IF(AB45="M",0,AB45)-IF(AB46="M",0,AB46) -> 0 | AC74: 0 | AD74: 0 | AE74: 0 | AF74: 0 | AG74: 0 | AH74: 0 | AI74: 0
C75: T3.CTDEBT.S1311=T3.DEBT.S1311-T3.HOLD.S1311 | D75: =IF(D51="M",0,D51)-IF(D52="M",0,D52)+IF(D53="M",0,D53) -> 0 | E75: =IF(E51="M",0,E51)-IF(E52="M",0,E52)+IF(E53="M",0,E53) -> 0 | F75: =IF(F51="M",0,F51)-IF(F52="M",0,F52)+IF(F53="M",0,F53) -> 0 | G75: =IF(G51="M",0,G51)-IF(G52="M",0,G52)+IF(G53="M",0,G53) -> 0 | H75: =IF(H51="M",0,H51)-IF(H52="M",0,H52)+IF(H53="M",0,H53) -> 0 | I75: =IF(I51="M",0,I51)-IF(I52="M",0,I52)+IF(I53="M",0,I53) -> 0 | J75: =IF(J51="M",0,J51)-IF(J52="M",0,J52)+IF(J53="M",0,J53) -> 0 | K75: =IF(K51="M",0,K51)-IF(K52="M",0,K52)+IF(K53="M",0,K53) -> 0 | ... Z75: =IF(Z51="M",0,Z51)-IF(Z52="M",0,Z52)+IF(Z53="M",0,Z53) -> 0 | AB75: =IF(AB51="M",0,AB51)-IF(AB52="M",0,AB52)+IF(AB53="M",0,AB53) -> 0 | AC75: 0 | AD75: 0 | AE75: 0 | AF75: 0 | AG75: 0 | AH75: 0 | AI75: 0
C76: HORIZONTAL CHECKS
C77: T1.B9.S1311+T3.B9.S1311=0 | D77: =IF('1. Tábla'!E11="M",0,'1. Tábla'!E11)+IF(D10="M",0,D10) -> 0 | E77: =IF('1. Tábla'!F11="M",0,'1. Tábla'!F11)+IF(E10="M",0,E10) -> 0 | F77: =IF('1. Tábla'!G11="M",0,'1. Tábla'!G11)+IF(F10="M",0,F10) -> 0 | G77: =IF('1. Tábla'!H11="M",0,'1. Tábla'!H11)+IF(G10="M",0,G10) -> 0 | H77: =IF('1. Tábla'!I11="M",0,'1. Tábla'!I11)+IF(H10="M",0,H10) -> 0 | I77: =IF('1. Tábla'!J11="M",0,'1. Tábla'!J11)+IF(I10="M",0,I10) -> 0 | J77: =IF('1. Tábla'!K11="M",0,'1. Tábla'!K11)+IF(J10="M",0,J10) -> 0 | K77: =IF('1. Tábla'!L11="M",0,'1. Tábla'!L11)+IF(K10="M",0,K10) -> 0 | ... Z77: =IF('1. Tábla'!AA11="M",0,'1. Tábla'!AA11)+IF(Z10="M",0,Z10) -> 0 | AB77: =IF('1. Tábla'!AC11="M",0,'1. Tábla'!AC11)+IF(AB10="M",0,AB10) -> 0 | AC77: 0 | AD77: 0 | AE77: 0 | AF77: 0 | AG77: 0 | AH77: 0 | AI77: 0

Sheet 3C Tábla
AN1: =Fedőlap!$N$1 -> Oct.2016 | AO1: 3 | AP1: 4 | AQ1: 5 | AR1: 6 | AS1: =AR1+1 -> 7 | AT1: =AS1+1 -> 8 | AU1: =AT1+1 -> 9 | AV1: =AU1+1 -> 10 | AW1: =AV1+1 -> 11 | AX1: =AW1+1 -> 12 | AY1: =AX1+1 -> 13 | AZ1: =AY1+1 -> 14 | ... BE1: =BD1+1 -> 19
C2: 3C Tábla: Adatszolgáltatás a kormányzati hiány/többlet és egyéb tényezők adósság-változásra gyakorolt hatásáról
C3: és az alszektorok adósságának konszolidációjáról (Tartományi kormányzat)
C6: Tagország: Magyarország | D6: Year
B7: SDMX series | C7: Adatok millió forintban | D7: ='1. Tábla'!E5 -> 1995 | E7: =D7+1 -> 1996 | F7: =E7+1 -> 1997 | G7: =F7+1 -> 1998 | H7: =G7+1 -> 1999 | I7: =H7+1 -> 2000 | J7: =I7+1 -> 2001 | K7: =J7+1 -> 2002 | L7: =K7+1 -> 2003 | ... U7: =T7+1 -> 2012 | V7: 2013 | W7: 2014 | X7: 2015 | Y7: 2016 | Z7: 2017 | AA7: 2018 | AB7: 2019 | AC7: 2020
C8: =Fedőlap!E15 -> Dátum: 2025.10.10.
A10: T3.B9.S1312 | B10: A.N.@@._Z.S1312._Z._Z.B.B9._Z._Z._Z.XDC._T.S.V.N._T.EDP3 | C10: Tartományi kormányzat (EDP B.9) nettó hitelfelvétele(+)/hitelnyújtása(-) (S.1311)* | D10: M | E10: M | F10: M | G10: M | H10: M | I10: M | J10: M | K10: M | L10: M | M10: M | N10: M | O10: M | P10: M | Q10: M | R10: M | S10: M | T10: M | U10: M | V10: M | W10: M | X10: M | Y10: M | Z10: M | AA10: M | AB10: M | AC10: M | BM10: =CountryCode & ".T3.B9.S1312.MNAC." & RefVintage -> #VALUE!
A12: T3.FA.S1312 | B12: A.N.@@._Z.S1312._Z.C.A.F.F.T._Z.XDC._T.S.V.N._T.EDP3 | C12: Pénzügyi eszközök nettó növekedése (+) (2) | D12: M | E12: M | F12: M | G12: M | H12: M | I12: M | J12: M | K12: M | L12: M | M12: M | N12: M | O12: M | P12: M | Q12: M | R12: M | S12: M | T12: M | U12: M | V12: M | W12: M | X12: M | Y12: M | Z12: M | AA12: M | AB12: M | AC12: M | BM12: =CountryCode & ".T3.FA.S1312.MNAC." & RefVintage -> #VALUE!
A13: T3.F2.S1312 | B13: A.N.@@._Z.S1312._Z.C.A.F.F2.T._Z.XDC._T.S.V.N._T.EDP3 | C13: Készpénz és betétek (F.2) | D13: M | E13: M | F13: M | G13: M | H13: M | I13: M | J13: M | K13: M | L13: M | M13: M | N13: M | O13: M | P13: M | Q13: M | R13: M | S13: M | T13: M | U13: M | V13: M | W13: M | X13: M | Y13: M | Z13: M | AA13: M | AB13: M | AC13: M | BM13: =CountryCode & ".T3.F2.S1312.MNAC." & RefVintage -> #VALUE!
A14: T3.F3.S1312 | B14: A.N.@@._Z.S1312._Z.C.A.F.F3.T._Z.XDC._T.S.V.N._T.EDP3 | C14: Nem részvény típusú értékpapírok (F.3) | D14: M | E14: M | F14: M | G14: M | H14: M | I14: M | J14: M | K14: M | L14: M | M14: M | N14: M | O14: M | P14: M | Q14: M | R14: M | S14: M | T14: M | U14: M | V14: M | W14: M | X14: M | Y14: M | Z14: M | AA14: M | AB14: M | AC14: M | BM14: =CountryCode & ".T3.F3.S1312.MNAC." & RefVintage -> #VALUE!
A15: T3.F4.S1312 | B15: A.N.@@._Z.S1312._Z.C.A.F.F4.T._Z.XDC._T.S.V.N._T.EDP3 | C15: Hitelek (F.4) | D15: M | E15: M | F15: M | G15: M | H15: M | I15: M | J15: M | K15: M | L15: M | M15: M | N15: M | O15: M | P15: M | Q15: M | R15: M | S15: M | T15: M | U15: M | V15: M | W15: M | X15: M | Y15: M | Z15: M | AA15: M | AB15: M | AC15: M | BM15: =CountryCode & ".T3.F4.S1312.MNAC." & RefVintage -> #VALUE!
A16: T3.F4ACQ.S1312 | B16: A.N.@@._Z.S1312._Z.C.AI.F.F4.T._Z.XDC._T.S.V.N._T.EDP3 | C16: Hitelnyújtás (+) | D16: M | E16: M | F16: M | G16: M | H16: M | I16: M | J16: M | K16: M | L16: M | M16: M | N16: M | O16: M | P16: M | Q16: M | R16: M | S16: M | T16: M | U16: M | V16: M | W16: M | X16: M | Y16: M | Z16: M | AA16: M | AB16: M | AC16: M | BM16: =CountryCode & ".T3.F4ACQ.S1312.MNAC." & RefVintage -> #VALUE!
A17: T3.F4DIS.S1312 | B17: A.N.@@._Z.S1312._Z.C.AD.F.F4.T._Z.XDC._T.S.V.N._T.EDP3 | C17: Törlesztés (-) | D17: M | E17: M | F17: M | G17: M | H17: M | I17: M | J17: M | K17: M | L17: M | M17: M | N17: M | O17: M | P17: M | Q17: M | R17: M | S17: M | T17: M | U17: M | V17: M | W17: M | X17: M | Y17: M | Z17: M | AA17: M | AB17: M | AC17: M | BM17: =CountryCode & ".T3.F4DIS.S1312.MNAC." & RefVintage -> #VALUE!
A18: T3.F41.S1312 | B18: A.N.@@._Z.S1312._Z.C.A.F.F4.S._Z.XDC._T.S.V.N._T.EDP3 | C18: Rövid lejáratú hitelek (F.41), nettó | D18: M | E18: M | F18: M | G18: M | H18: M | I18: M | J18: M | K18: M | L18: M | M18: M | N18: M | O18: M | P18: M | Q18: M | R18: M | S18: M | T18: M | U18: M | V18: M | W18: M | X18: M | Y18: M | Z18: M | AA18: M | AB18: M | AC18: M | BM18: =CountryCode & ".T3.F41.S1312.MNAC." & RefVintage -> #VALUE!
A19: T3.F42.S1312 | B19: A.N.@@._Z.S1312._Z.C.A.F.F4.L._Z.XDC._T.S.V.N._T.EDP3 | C19: Hosszú lejáratú hitelek (F.42) | D19: M | E19: M | F19: M | G19: M | H19: M | I19: M | J19: M | K19: M | L19: M | M19: M | N19: M | O19: M | P19: M | Q19: M | R19: M | S19: M | T19: M | U19: M | V19: M | W19: M | X19: M | Y19: M | Z19: M | AA19: M | AB19: M | AC19: M | BM19: =CountryCode & ".T3.F42.S1312.MNAC." & RefVintage -> #VALUE!
A20: T3.F42ACQ.S1312 | B20: A.N.@@._Z.S1312._Z.C.AI.F.F4.L._Z.XDC._T.S.V.N._T.EDP3 | C20: Hitelnyújtás (+) | D20: M | E20: M | F20: M | G20: M | H20: M | I20: M | J20: M | K20: M | L20: M | M20: M | N20: M | O20: M | P20: M | Q20: M | R20: M | S20: M | T20: M | U20: M | V20: M | W20: M | X20: M | Y20: M | Z20: M | AA20: M | AB20: M | AC20: M | BM20: =CountryCode & ".T3.F42ACQ.S1312.MNAC." & RefVintage -> #VALUE!
A21: T3.F42DIS.S1312 | B21: A.N.@@._Z.S1312._Z.C.AD.F.F4.L._Z.XDC._T.S.V.N._T.EDP3 | C21: Törlesztés (-) | D21: M | E21: M | F21: M | G21: M | H21: M | I21: M | J21: M | K21: M | L21: M | M21: M | N21: M | O21: M | P21: M | Q21: M | R21: M | S21: M | T21: M | U21: M | V21: M | W21: M | X21: M | Y21: M | Z21: M | AA21: M | AB21: M | AC21: M | BM21: =CountryCode & ".T3.F42DIS.S1312.MNAC." & RefVintage -> #VALUE!
A22: T3.F5.S1312 | B22: A.N.@@._Z.S1312._Z.C.A.F.F5.T._Z.XDC._T.S.V.N._T.EDP3 | C22: Részvények és egyéb tulajdonosi követelések (F.5) | D22: M | E22: M | F22: M | G22: M | H22: M | I22: M | J22: M | K22: M | L22: M | M22: M | N22: M | O22: M | P22: M | Q22: M | R22: M | S22: M | T22: M | U22: M | V22: M | W22: M | X22: M | Y22: M | Z22: M | AA22: M | AB22: M | AC22: M | BM22: =CountryCode & ".T3.F5.S1312.MNAC." & RefVintage -> #VALUE!
A23: T3.F5PN.S1312 | B23: A.N.@@._Z.S1312._Z.C.A.F.F5PN.T._Z.XDC._T.S.V.N._T.EDP3 | C23: Portfolió befektetések, nettó(2) | D23: M | E23: M | F23: M | G23: M | H23: M | I23: M | J23: M | K23: M | L23: M | M23: M | N23: M | O23: M | P23: M | Q23: M | R23: M | S23: M | T23: M | U23: M | V23: M | W23: M | X23: M | Y23: M | Z23: M | AA23: M | AB23: M | AC23: M | BM23: =CountryCode & ".T3.F5PN.S1312.MNAC." & RefVintage -> #VALUE!
